Workbook
Name chart_balance: OFFSET([1]MortgageCalculator!$I$28,2,0,payments,1)
Name chart_balance: OFFSET([1]MortgageCalculator!$I$28,2,0,payments,1)
Name chart_balance: OFFSET([1]MortgageCalculator!$I$28,2,0,payments,1)
Name chart_balance_noextra: OFFSET([1]NoExtra!$G$2,2,0,CFM!nper,1)
Name chart_balance_noextra: OFFSET([1]NoExtra!$G$2,2,0,MONTHLYANALYSISWORKSHEET!nper,1)
Name chart_balance_noextra: OFFSET([1]NoExtra!$G$2,2,0,nper,1)
Name chart_date: OFFSET([1]MortgageCalculator!$B$28,2,0,CFM!nper,1)
Name chart_date: OFFSET([1]MortgageCalculator!$B$28,2,0,MONTHLYANALYSISWORKSHEET!nper,1)
Name chart_date: OFFSET([1]MortgageCalculator!$B$28,2,0,nper,1)
Name chart_date_noextra: OFFSET([1]NoExtra!$B$2,2,0,CFM!nper,1)
Name chart_date_noextra: OFFSET([1]NoExtra!$B$2,2,0,MONTHLYANALYSISWORKSHEET!nper,1)
Name chart_date_noextra: OFFSET([1]NoExtra!$B$2,2,0,nper,1)
Name chart_nper: ROW(OFFSET([1]MortgageCalculator!#REF!,0,0,CFM!nper,1))
Name chart_nper: ROW(OFFSET([1]MortgageCalculator!#REF!,0,0,MONTHLYANALYSISWORKSHEET!nper,1))
Name chart_nper: ROW(OFFSET([1]MortgageCalculator!#REF!,0,0,nper,1))
Name chart_ratehist: OFFSET([1]MortgageCalculator!$C$28,2,0,payments,1)
Name chart_ratehist: OFFSET([1]MortgageCalculator!$C$28,2,0,payments,1)
Name chart_ratehist: OFFSET([1]MortgageCalculator!$C$28,2,0,payments,1)
Name chart_taxreturned: OFFSET([1]MortgageCalculator!#REF!,2,0,payments,1)
Name chart_taxreturned: OFFSET([1]MortgageCalculator!#REF!,2,0,payments,1)
Name chart_taxreturned: OFFSET([1]MortgageCalculator!#REF!,2,0,payments,1)
Name compound_period: INDEX({2,12},MATCH([1]MortgageCalculator!$D$9,CFM!compound_periods,0))
Name compound_period: INDEX({2,12},MATCH([1]MortgageCalculator!$D$9,MONTHLYANALYSISWORKSHEET!compound_periods,0))
Name compound_period: INDEX({2,12},MATCH([1]MortgageCalculator!$D$9,compound_periods,0))
Name compound_periods: {"Semi-Annually";"Monthly"}
Name compound_periods: {"Semi-Annually";"Monthly"}
Name compound_periods: {"Semi-Annually";"Monthly"}
Name CP: INDEX({2,12},MATCH([1]MortgageCalculator!$D$9,CFM!compound_periods,0))
Name CP: INDEX({2,12},MATCH([1]MortgageCalculator!$D$9,MONTHLYANALYSISWORKSHEET!compound_periods,0))
Name CP: INDEX({2,12},MATCH([1]MortgageCalculator!$D$9,compound_periods,0))
Name fpdate: [2]MortgageCalculator!$D$6
Name Money_Merge_Database: #REF!
Name nper: term*12
Name nper: term*12
Name nper: term*12
Name payments: MAX([1]MortgageCalculator!$A$30:$A$509)
Name Payroll_Period: #REF!
Name rate: [1]MortgageCalculator!#REF!
Name term: [1]MortgageCalculator!$D$7
Name variable: IF([1]MortgageCalculator!$L$5="Variable Rate",TRUE,FALSE)
Name Wage: #REF!

Sheet CFM
C2: Cash Flow Maximizer Calculator | CE2: Wealth Builder Worksheet
B5: Loan Information | G5: Loan Information Calculator | CD5: Mortgage Information | CH5: Mortgage Information Calculator
C6: Loan Amount | E6: 500000 | G6: Current Principal Balance | I6: 1 | CE6: Loan Amount | CG6: =CFM!E6 -> 500000 | CH6: Current Principal Balance | CJ6: 192250
B7: Annual Interest Rate | E7: 0.045 | G7: Annual Interest Rate | I7: 0.01 | CD7: Annual Interest Rate | CG7: =CFM!E7 -> 0.045 | CH7: Annual Interest Rate | CJ7: 0.07
B8: Number of Monthly Payments | E8: 360 | G8: Monthly Payment Amount | I8: 1 | CD8: Number of Monthly Payments | CG8: =CFM!E8 -> 360 | CH8: Monthly Payment Amount | CJ8: 1663.26
B9: Monthly Payment Amount | E9: =(-PMT(E7/12,E8,E6,0)) -> 2533.4265 | G9: Number of Payments Remaining | I9: =NPER(I7/12,I8,-I6,0) -> 1.0008337 | CD9: Monthly Payment Amount | CG9: =(-PMT(CG7/12,CG8,CG6,0)) -> 2533.4265 | CH9: Number of Payments Remaining | CJ9: =NPER(CJ7/12,CJ8,-CJ6,0) -> 192.84053
B11: Extra Cash Flow | G11: Investment Summary | CD11: Extra Payments | CH11: Investment Summary
B12: Extra Monthly Cash Flow | E12: 0 | G12: Current Age | I12: 40 | CD12: Extra Monthly Payments | CG12: 0 | CH12: Current Age
B13: Extra Annual Cash Flow Contribution | E13: 0 | G13: Retirement Age | I13: 65 | CD13: Extra Annual Payments | CG13: 0 | CH13: Retirement Age
B14: Month of Annual Cash Flow Contribution | E14: 1 | G14: Investment per Year | I14: 0 | CD14: Month of Annual Payment | CG14: 1 | CH14: Investment per Year
B15: Total Extra Cash Flow | E15: =SUM(E37:E411)+SUM(G37:G411) -> 0 | G15: Rate of Return | I15: 0.05 | CD15: Total Extra Payments | CH15: Rate of Return
G16: Years Until Paid in Full | I16: =E20 -> 30 | CH16: Years Until Paid in Full
B17: Loan Summary | G17: Value of Investment @ Paid in Full | I17: =IF(I18=0,0,-FV(I15,I16,I14,0)) -> 0 | CD17: Mortgage Summary | CH17: Value of Investment @ Paid in Full
B18: Total of All Payments | E18: =SUM(C37:C411)+SUM(H37:H411) -> 912033.56 | G18: Number of Years Until Retirement | I18: =IF(I16>I13-I12,0,I13-(I12+I16)) -> 0 | CD18: Total of All Payments | CG18: =SUM(CF29:CF405) -> 912033.56 | CH18: Number of Years Until Retirement
B19: Total Interest Paid | E19: =SUM(C37:C411) -> 412033.56 | G19: Extra Payment per Year | I19: =(E12*12)+E13+I14 -> 0 | CD19: Total Interest Paid | CG19: =SUM(CE29:CE405) -> 412033.56 | CH19: Extra Payment per Year
B20: Years Until Paid Off | E20: =ROUND(MAX(A37:A411)/12,2) -> 30 | G20: Monthly Loan Payment | I20: =IF(I18=0,0,E9) -> 0 | CD20: Years Until Paid Off | CH20: Monthly Mortgage Payment
B21: Interest Savings | E21: =IF((CFM!CG19-E19)<0,0,(CFM!CG19-E19)) -> 0 | G21: Balance at Retirement | I21: =-FV(I15,I18,0,I17)+-FV(I15,I18,I19-(E12*12),0)+-FV(I15/12,I18*12,I20,0)+-FV(I15/12,I18*12,E12,0) -> 0 | J21: =SUM(J22:J25) -> 0 | CD21: Interest Savings | CH21: Balance at Retirement
J22: =-FV(I15/12,I18*12,E12,0) -> 0
J23: =-FV(I15,I18,0,I17) -> 0
J24: =-FV(I15,I18,I19-E12*12,0) -> 0 | CC24: Payment Schedule
J25: =-FV(I15/12,I18*12,I20,0) -> 0 | CC25: No. | CD25: Interest | CE25: Interest | CF25: Payment | CG25: Extra | CH25: Additional | CI25: Amount Applied
CD26: Rate | CE26: Paid | CF26: Amount | CG26: Payments | CH26: Payments | CI26: To Principal | CJ26: Balance
CJ28: =CG6 -> 500000
CC29: 1 | CD29: =IF(CJ28<1,"",$CG$7) -> 0.045 | CE29: =IF(CJ28<1,"",(CJ28*(CD29*30)/360)) -> 1875 | CF29: =IF(CJ28<1,"",$CG$9) -> 2533.4265 | CG29: =IF(CJ28<1,"",$CG$12) -> 0 | CH29: =IF(CJ28<1,0,IF($CG$14=1,$CG$13,0)) -> 0 | CI29: =SUM(CF29+CG29+CH29)-CE29 -> 658.42655 | CJ29: =IF(CJ28-CI29<1,0,CJ28-CI29) -> 499341.57
CC30: =SUM(CC29+1) -> 2 | CD30: =IF(CJ29<1,"",$CG$7) -> 0.045 | CE30: =IF(CJ29<1,"",(CJ29*(CD30*30)/360)) -> 1872.5309 | CF30: =IF(CJ29<1,"",$CG$9) -> 2533.4265 | CG30: =IF(CJ29<1,"",$CG$12) -> 0 | CH30: =IF(CJ29<1,0,IF($CG$14=2,$CG$13,0)) -> 0 | CI30: =IF(CJ29<1,0,(CF30+CG30+CH30)-CE30) -> 660.89565 | CJ30: =IF(CJ29-CI30<1,0,CJ29-CI30) -> 498680.68
A31: Payment Schedule | CC31: =SUM(CC30+1) -> 3 | CD31: =IF(CJ30<1,"",$CG$7) -> 0.045 | CE31: =IF(CJ30<1,"",(CJ30*(CD31*30)/360)) -> 1870.0525 | CF31: =IF(CJ30<1,"",$CG$9) -> 2533.4265 | CG31: =IF(CJ30<1,"",$CG$12) -> 0 | CH31: =IF(CJ30<1,0,IF($CG$14=3,$CG$13,0)) -> 0 | CI31: =IF(CJ30<1,0,(CF31+CG31+CH31)-CE31) -> 663.37401 | CJ31: =IF(CJ30-CI31<1,0,CJ30-CI31) -> 498017.3
S32: Cash Flow | U32: Conventional
I33: Cash Flow | O33: Bi-Weekly | Q33: Conventional | S33: Maximizer | U33: Mortgage | W33: LOC
E34: Extra | G34: Extra | I34: Maximizer | O34: Mortgage | Q34: Mortgage | S34: Cumulative | U34: Cumulative | W34: COST | CC34: =SUM(CC31+1) -> 4 | CD34: =IF(CJ31<1,"",$CG$7) -> 0.045 | CE34: =IF(CJ31<1,"",(CJ31*(CD34*30)/360)) -> 1867.5649 | CF34: =IF(CJ31<1,"",$CG$9) -> 2533.4265 | CG34: =IF(CJ31<1,"",$CG$12) -> 0 | CH34: =IF(CJ31<1,0,IF($CG$14=4,$CG$13,0)) -> 0 | CI34: =IF(CJ31<1,0,(CF34+CG34+CH34)-CE34) -> 665.86166 | CJ34: =IF(CJ31-CI34<1,0,CJ31-CI34) -> 497351.44
A35: No. | B35: Interest | C35: Interest | D35: Payment | E35: Monthly | G35: Annual | H35: Amount Applied | I35: Balance | O35: Balance | Q35: Balance | S35: Interest Paid | U35: Interest Paid | W35: @ | CC35: =SUM(CC34+1) -> 5 | CD35: =IF(CJ34<1,"",$CG$7) -> 0.045 | CE35: =IF(CJ34<1,"",(CJ34*(CD35*30)/360)) -> 1865.0679 | CF35: =IF(CJ34<1,"",$CG$9) -> 2533.4265 | CG35: =IF(CJ34<1,"",$CG$12) -> 0 | CH35: =IF(CJ34<1,0,IF($CG$14=5,$CG$13,0)) -> 0 | CI35: =IF(CJ34<1,0,(CF35+CG35+CH35)-CE35) -> 668.35864 | CJ35: =IF(CJ34-CI35<1,0,CJ34-CI35) -> 496683.08 | CL35: =$E$7 -> 0.045
B36: Rate | C36: Paid | D36: Amount | E36: Payments | G36: Payments | H36: To Principal | I36: =E6 -> 500000 | O36: =E6 -> 500000 | Q36: =E6 -> 500000 | S36: =E6 -> 500000 | U36: =E6 -> 500000 | W36: =MONTHLYANALYSISWORKSHEET!P8 -> 6.5 | CC36: =SUM(CC35+1) -> 6 | CD36: =IF(CJ35<1,"",$CG$7) -> 0.045 | CE36: =IF(CJ35<1,"",(CJ35*(CD36*30)/360)) -> 1862.5616 | CF36: =IF(CJ35<1,"",$CG$9) -> 2533.4265 | CG36: =IF(CJ35<1,"",$CG$12) -> 0 | CH36: =IF(CJ35<1,0,IF($CG$14=6,$CG$13,0)) -> 0 | CI36: =IF(CJ35<1,0,(CF36+CG36+CH36)-CE36) -> 670.86499 | CJ36: =IF(CJ35-CI36<1,0,CJ35-CI36) -> 496012.22 | CO36: =E6 -> 500000
A37: =IF(E6<1,"",1) -> 1 | B37: =IF(E6<1,"",$E$7) -> 0.045 | C37: =IF(E6<1,"",(E6*(B37*30)/360)) -> 1875 | D37: =IF(E6<1,"",$E$9) -> 2533.4265 | E37: =IF(E6<1,"",$E$12) -> 0 | G37: =IF(E6>1, IF($E$14=1,$E$13,0), "") -> 0 | H37: =IF(E6<1,0,IF((D37+E37+G37)-C37>=(E6),(E6),(D37+E37+G37)-C37)) -> 658.42655 | I37: =IF(E6-H37<1,0,E6-H37) -> 499341.57 | O37: =O36-(O36-O48)/12 -> 499111.91 | Q37: =CJ29 -> 499341.57 | S37: =C37 -> 1875 | U37: =CE29 -> 1875 | W37: =MONTHLYANALYSISWORKSHEET!P9 -> 59.583333 | CC37: =SUM(CC36+1) -> 7 | CD37: =IF(CJ36<1,"",$CG$7) -> 0.045 | CE37: =IF(CJ36<1,"",(CJ36*(CD37*30)/360)) -> 1860.0458 | CF37: =IF(CJ36<1,"",$CG$9) -> 2533.4265 | CG37: =IF(CJ36<1,"",$CG$12) -> 0 | CH37: =IF(CJ36<1,0,IF($CG$14=7,$CG$13,0)) -> 0 | CI37: =IF(CJ36<1,0,(CF37+CG37+CH37)-CE37) -> 673.38073 | CJ37: =IF(CJ36-CI37<1,0,CJ36-CI37) -> 495338.84 | CL37: =IF(E6<1,"",($E$6*(B37*13.85)/360)) -> 865.625 | CM37: =$D$37/2 -> 1266.7133 | CN37: =CM37-CL37 -> 401.08827 | CO37: =IF(CO36-CN37<0,0,CO36-CN37) -> 499598.91 | CP37: 1
A38: =IF(I37<1,"",A37+1) -> 2 | B38: =IF(I37<1,"",$E$7) -> 0.045 | C38: =IF(I37<1,0,(I37*(B38*30)/360)) -> 1872.5309 | D38: =IF(I37 > 1, IF(I37-D37<1,(I37+C38),$E$9), 0) -> 2533.4265 | E38: =IF(I37<1,"",$E$12) -> 0 | G38: =IF(I37<1,0,IF($E$14=2,$E$13,0)) -> 0 | H38: =IF(I37<1,0,IF((D38+E38+G38)-C38>=(I37),(I37),(D38+E38+G38)-C38)) -> 660.89565 | I38: =IF(I37-H38<1,0,I37-H38) -> 498680.68 | O38: =O37-($O$36-$O$48)/12 -> 498223.81 | Q38: =CJ30 -> 498680.68 | S38: =$C$37+C38 -> 3747.5309 | U38: =SUM($CE29:CE30) -> 3747.5309 | W38: =MONTHLYANALYSISWORKSHEET!P10 -> 113.75 | CC38: =SUM(CC37+1) -> 8 | CD38: =IF(CJ37<1,"",$CG$7) -> 0.045 | CE38: =IF(CJ37<1,"",(CJ37*(CD38*30)/360)) -> 1857.5206 | CF38: =IF(CJ37<1,"",$CG$9) -> 2533.4265 | CG38: =IF(CJ37<1,"",$CG$12) -> 0 | CH38: =IF(CJ37<1,0,IF($CG$14=8,$CG$13,0)) -> 0 | CI38: =IF(CJ37<1,0,(CF38+CG38+CH38)-CE38) -> 675.90591 | CJ38: =IF(CJ37-CI38<1,0,CJ37-CI38) -> 494662.93 | CL38: =(CO37*($CL$35*13.85))/360 -> 864.93062 | CM38: =$D$37/2 -> 1266.7133 | CN38: =CM38-CL38 -> 401.78266 | CO38: =IF(CO37-CN38<0,0,CO37-CN38) -> 499197.13 | CP38: 2
A39: =IF(I38<1,"",A38+1) -> 3 | B39: =IF(I38<1,"",$E$7) -> 0.045 | C39: =IF(I38<1,0,(I38*(B39*30)/360)) -> 1870.0525 | D39: =IF(I38 > 1, IF(I38-D38<1,(I38+C39),$E$9), 0) -> 2533.4265 | E39: =IF(I38<1,"",$E$12) -> 0 | G39: =IF(I38<1,0,IF($E$14=3,$E$13,0)) -> 0 | H39: =IF(I38<1,0,IF((D39+E39+G39)-C39>=(I38),(I38),(D39+E39+G39)-C39)) -> 663.37401 | I39: =IF(I38-H39<1,0,I38-H39) -> 498017.3 | O39: =O38-($O$36-$O$48)/12 -> 497335.72 | Q39: =CJ31 -> 498017.3 | S39: =$C$37+C38+C39 -> 5617.5834 | U39: =SUM($CE$29:CE31) -> 5617.5834 | W39: =MONTHLYANALYSISWORKSHEET!P11 -> 162.5 | CC39: =SUM(CC38+1) -> 9 | CD39: =IF(CJ38<1,"",$CG$7) -> 0.045 | CE39: =IF(CJ38<1,"",(CJ38*(CD39*30)/360)) -> 1854.986 | CF39: =IF(CJ38<1,"",$CG$9) -> 2533.4265 | CG39: =IF(CJ38<1,"",$CG$12) -> 0 | CH39: =IF(CJ38<1,0,IF($CG$14=9,$CG$13,0)) -> 0 | CI39: =IF(CJ38<1,0,(CF39+CG39+CH39)-CE39) -> 678.44055 | CJ39: =IF(CJ38-CI39<1,0,CJ38-CI39) -> 493984.49 | CL39: =(CO38*($CL$35*13.85))/360 -> 864.23503 | CM39: =$D$37/2 -> 1266.7133 | CN39: =CM39-CL39 -> 402.47824 | CO39: =IF(CO38-CN39<0,0,CO38-CN39) -> 498794.65 | CP39: 3
A40: =IF(I39<1,"",A39+1) -> 4 | B40: =IF(I39<1,"",$E$7) -> 0.045 | C40: =IF(I39<1,0,(I39*(B40*30)/360)) -> 1867.5649 | D40: =IF(I39 > 1, IF(I39-D39<1,(I39+C40),$E$9), 0) -> 2533.4265 | E40: =IF(I39<1,"",$E$12) -> 0 | G40: =IF(I39<1,0,IF($E$14=4,$E$13,0)) -> 0 | H40: =IF(I39<1,0,IF((D40+E40+G40)-C40>=(I39),(I39),(D40+E40+G40)-C40)) -> 665.86166 | I40: =IF(I39-H40<1,0,I39-H40) -> 497351.44 | O40: =O39-($O$36-$O$48)/12 -> 496447.62 | Q40: =CJ34 -> 497351.44 | S40: =SUM($C$37:C40) -> 7485.1483 | U40: =SUM(CE29:CE34) -> 7485.1483 | W40: =MONTHLYANALYSISWORKSHEET!P12 -> 205.83333 | CC40: =SUM(CC39+1) -> 10 | CD40: =IF(CJ39<1,"",$CG$7) -> 0.045 | CE40: =IF(CJ39<1,"",(CJ39*(CD40*30)/360)) -> 1852.4418 | CF40: =IF(CJ39<1,"",$CG$9) -> 2533.4265 | CG40: =IF(CJ39<1,"",$CG$12) -> 0 | CH40: =IF(CJ39<1,0,IF($CG$14=10,$CG$13,0)) -> 0 | CI40: =IF(CJ39<1,0,(CF40+CG40+CH40)-CE40) -> 680.98471 | CJ40: =IF(CJ39-CI40<1,0,CJ39-CI40) -> 493303.51 | CL40: =(CO39*($CL$35*13.85))/360 -> 863.53824 | CM40: =$D$37/2 -> 1266.7133 | CN40: =CM40-CL40 -> 403.17504 | CO40: =IF(CO39-CN40<0,0,CO39-CN40) -> 498391.48 | CP40: 4
A41: =IF(I40<1,"",A40+1) -> 5 | B41: =IF(I40<1,"",$E$7) -> 0.045 | C41: =IF(I40<1,0,(I40*(B41*30)/360)) -> 1865.0679 | D41: =IF(I40 > 1, IF(I40-D40<1,(I40+C41),$E$9), 0) -> 2533.4265 | E41: =IF(I40<1,"",$E$12) -> 0 | G41: =IF(I40<1,0,IF($E$14=5,$E$13,0)) -> 0 | H41: =IF(I40<1,0,IF((D41+E41+G41)-C41>=(I40),(I40),(D41+E41+G41)-C41)) -> 668.35864 | I41: =IF(I40-H41<1,0,I40-H41) -> 496683.08 | O41: =O40-($O$36-$O$48)/12 -> 495559.53 | Q41: =CJ35 -> 496683.08 | S41: =SUM($C$37:C41) -> 9350.2162 | U41: =SUM(CE29:CE35) -> 9350.2162 | W41: =MONTHLYANALYSISWORKSHEET!P13 -> 243.75 | CC41: =SUM(CC40+1) -> 11 | CD41: =IF(CJ40<1,"",$CG$7) -> 0.045 | CE41: =IF(CJ40<1,"",(CJ40*(CD41*30)/360)) -> 1849.8881 | CF41: =IF(CJ40<1,"",$CG$9) -> 2533.4265 | CG41: =IF(CJ40<1,"",$CG$12) -> 0 | CH41: =IF(CJ40<1,0,IF($CG$14=11,$CG$13,0)) -> 0 | CI41: =IF(CJ40<1,0,(CF41+CG41+CH41)-CE41) -> 683.5384 | CJ41: =IF(CJ40-CI41<1,0,CJ40-CI41) -> 492619.97 | CL41: =(CO40*($CL$35*13.85))/360 -> 862.84024 | CM41: =$D$37/2 -> 1266.7133 | CN41: =CM41-CL41 -> 403.87303 | CO41: =IF(CO40-CN41<0,0,CO40-CN41) -> 497987.6 | CP41: 5
A42: =IF(I41<1,"",A41+1) -> 6 | B42: =IF(I41<1,"",$E$7) -> 0.045 | C42: =IF(I41<1,0,(I41*(B42*30)/360)) -> 1862.5616 | D42: =IF(I41 > 1, IF(I41-D41<1,(I41+C42),$E$9), 0) -> 2533.4265 | E42: =IF(I41<1,"",$E$12) -> 0 | G42: =IF(I41<1,0,IF($E$14=6,$E$13,0)) -> 0 | H42: =IF(I41<1,0,IF((D42+E42+G42)-C42>=(I41),(I41),(D42+E42+G42)-C42)) -> 670.86499 | I42: =IF(I41-H42<1,0,I41-H42) -> 496012.22 | O42: =O41-($O$36-$O$48)/12 -> 494671.44 | Q42: =CJ36 -> 496012.22 | S42: =SUM($C$37:C42) -> 11212.778 | U42: =SUM($CE$29:CE36) -> 11212.778 | W42: =MONTHLYANALYSISWORKSHEET!P14 -> 276.25 | CC42: =SUM(CC41+1) -> 12 | CD42: =IF(CJ41<1,"",$CG$7) -> 0.045 | CE42: =IF(CJ41<1,"",(CJ41*(CD42*30)/360)) -> 1847.3249 | CF42: =IF(CJ41<1,"",$CG$9) -> 2533.4265 | CG42: =IF(CJ41<1,"",$CG$12) -> 0 | CH42: =IF(CJ41<1,0,IF($CG$14=12,$CG$13,0)) -> 0 | CI42: =IF(CJ41<1,0,(CF42+CG42+CH42)-CE42) -> 686.10167 | CJ42: =IF(CJ41-CI42<1,0,CJ41-CI42) -> 491933.87 | CL42: =(CO41*($CL$35*13.85))/360 -> 862.14104 | CM42: =$D$37/2 -> 1266.7133 | CN42: =CM42-CL42 -> 404.57224 | CO42: =IF(CO41-CN42<0,0,CO41-CN42) -> 497583.03 | CP42: 6
A43: =IF(I42<1,"",A42+1) -> 7 | B43: =IF(I42<1,"",$E$7) -> 0.045 | C43: =IF(I42<1,0,(I42*(B43*30)/360)) -> 1860.0458 | D43: =IF(I42 > 1, IF(I42-D42<1,(I42+C43),$E$9), 0) -> 2533.4265 | E43: =IF(I42<1,"",$E$12) -> 0 | G43: =IF(I42<1,0,IF($E$14=7,$E$13,0)) -> 0 | H43: =IF(I42<1,0,IF((D43+E43+G43)-C43>=(I42),(I42),(D43+E43+G43)-C43)) -> 673.38073 | I43: =IF(I42-H43<1,0,I42-H43) -> 495338.84 | O43: =O42-($O$36-$O$48)/12 -> 493783.34 | Q43: =CJ37 -> 495338.84 | S43: =SUM($C$37:C43) -> 13072.824 | U43: =SUM($CE$29:CE37) -> 13072.824 | W43: =MONTHLYANALYSISWORKSHEET!P15 -> 303.33333 | CC43: =SUM(CC42+1) -> 13 | CD43: =IF(CJ42<1,"",$CG$7) -> 0.045 | CE43: =IF(CJ42<1,"",(CJ42*(CD43*30)/360)) -> 1844.752 | CF43: =IF(CJ42<1,"",$CG$9) -> 2533.4265 | CG43: =IF(CJ42<1,"",$CG$12) -> 0 | CH43: =IF(CJ42<1,0,CH29) -> 0 | CI43: =IF(CJ42<1,0,(CF43+CG43+CH43)-CE43) -> 688.67455 | CJ43: =IF(CJ42-CI43<1,0,CJ42-CI43) -> 491245.19 | CL43: =(CO42*($CL$35*13.85))/360 -> 861.44062 | CM43: =$D$37/2 -> 1266.7133 | CN43: =CM43-CL43 -> 405.27265 | CO43: =IF(CO42-CN43<0,0,CO42-CN43) -> 497177.76 | CP43: 7
A44: =IF(I43<1,"",A43+1) -> 8 | B44: =IF(I43<1,"",$E$7) -> 0.045 | C44: =IF(I43<1,0,(I43*(B44*30)/360)) -> 1857.5206 | D44: =IF(I43 > 1, IF(I43-D43<1,(I43+C44),$E$9), 0) -> 2533.4265 | E44: =IF(I43<1,"",$E$12) -> 0 | G44: =IF(I43<1,0,IF($E$14=8,$E$13,0)) -> 0 | H44: =IF(I43<1,0,IF((D44+E44+G44)-C44>=(I43),(I43),(D44+E44+G44)-C44)) -> 675.90591 | I44: =IF(I43-H44<1,0,I43-H44) -> 494662.93 | O44: =O43-($O$36-$O$48)/12 -> 492895.25 | Q44: =CJ38 -> 494662.93 | S44: =SUM($C$37:C44) -> 14930.344 | U44: =SUM($CE$29:CE38) -> 14930.344 | W44: =MONTHLYANALYSISWORKSHEET!P16 -> 325 | CC44: =SUM(CC43+1) -> 14 | CD44: =IF(CJ43<1,"",$CG$7) -> 0.045 | CE44: =IF(CJ43<1,"",(CJ43*(CD44*30)/360)) -> 1842.1695 | CF44: =IF(CJ43<1,"",$CG$9) -> 2533.4265 | CG44: =IF(CJ43<1,"",$CG$12) -> 0 | CH44: =IF(CJ43<1,0,CH30) -> 0 | CI44: =IF(CJ43<1,0,(CF44+CG44+CH44)-CE44) -> 691.25708 | CJ44: =IF(CJ43-CI44<1,0,CJ43-CI44) -> 490553.93 | CL44: =(CO43*($CL$35*13.85))/360 -> 860.73899 | CM44: =$D$37/2 -> 1266.7133 | CN44: =CM44-CL44 -> 405.97428 | CO44: =IF(CO43-CN44<0,0,CO43-CN44) -> 496771.78 | CP44: 8
A45: =IF(I44<1,"",A44+1) -> 9 | B45: =IF(I44<1,"",$E$7) -> 0.045 | C45: =IF(I44<1,0,(I44*(B45*30)/360)) -> 1854.986 | D45: =IF(I44 > 1, IF(I44-D44<1,(I44+C45),$E$9), 0) -> 2533.4265 | E45: =IF(I44<1,"",$E$12) -> 0 | G45: =IF(I44<1,0,IF($E$14=9,$E$13,0)) -> 0 | H45: =IF(I44<1,0,IF((D45+E45+G45)-C45>=(I44),(I44),(D45+E45+G45)-C45)) -> 678.44055 | I45: =IF(I44-H45<1,0,I44-H45) -> 493984.49 | O45: =O44-($O$36-$O$48)/12 -> 492007.15 | Q45: =CJ39 -> 493984.49 | S45: =SUM($C$37:C45) -> 16785.33 | U45: =SUM($CE$29:CE39) -> 16785.33 | W45: =MONTHLYANALYSISWORKSHEET!P17 -> 341.25 | CC45: =SUM(CC44+1) -> 15 | CD45: =IF(CJ44<1,"",$CG$7) -> 0.045 | CE45: =IF(CJ44<1,"",(CJ44*(CD45*30)/360)) -> 1839.5773 | CF45: =IF(CJ44<1,"",$CG$9) -> 2533.4265 | CG45: =IF(CJ44<1,"",$CG$12) -> 0 | CH45: =IF(CJ44<1,0,CH31) -> 0 | CI45: =IF(CJ44<1,0,(CF45+CG45+CH45)-CE45) -> 693.84929 | CJ45: =IF(CJ44-CI45<1,0,CJ44-CI45) -> 489860.09 | CL45: =(CO44*($CL$35*13.85))/360 -> 860.03615 | CM45: =$D$37/2 -> 1266.7133 | CN45: =CM45-CL45 -> 406.67712 | CO45: =IF(CO44-CN45<0,0,CO44-CN45) -> 496365.11 | CP45: 9
A46: =IF(I45<1,"",A45+1) -> 10 | B46: =IF(I45<1,"",$E$7) -> 0.045 | C46: =IF(I45<1,0,(I45*(B46*30)/360)) -> 1852.4418 | D46: =IF(I45 > 1, IF(I45-D45<1,(I45+C46),$E$9), 0) -> 2533.4265 | E46: =IF(I45<1,"",$E$12) -> 0 | G46: =IF(I45<1,0,IF($E$14=10,$E$13,0)) -> 0 | H46: =IF(I45<1,0,IF((D46+E46+G46)-C46>=(I45),(I45),(D46+E46+G46)-C46)) -> 680.98471 | I46: =IF(I45-H46<1,0,I45-H46) -> 493303.51 | O46: =O45-($O$36-$O$48)/12 -> 491119.06 | Q46: =CJ40 -> 493303.51 | S46: =SUM($C$37:C46) -> 18637.772 | U46: =SUM($CE$29:CE40) -> 18637.772 | W46: =MONTHLYANALYSISWORKSHEET!P18 -> 352.08333 | CC46: =SUM(CC45+1) -> 16 | CD46: =IF(CJ45<1,"",$CG$7) -> 0.045 | CE46: =IF(CJ45<1,"",(CJ45*(CD46*30)/360)) -> 1836.9753 | CF46: =IF(CJ45<1,"",$CG$9) -> 2533.4265 | CG46: =IF(CJ45<1,"",$CG$12) -> 0 | CH46: =IF(CJ45<1,0,CH34) -> 0 | CI46: =IF(CJ45<1,0,(CF46+CG46+CH46)-CE46) -> 696.45123 | CJ46: =IF(CJ45-CI46<1,0,CJ45-CI46) -> 489163.63 | CL46: =(CO45*($CL$35*13.85))/360 -> 859.33209 | CM46: =$D$37/2 -> 1266.7133 | CN46: =CM46-CL46 -> 407.38118 | CO46: =IF(CO45-CN46<0,0,CO45-CN46) -> 495957.73 | CP46: 10
A47: =IF(I46<1,"",A46+1) -> 11 | B47: =IF(I46<1,"",$E$7) -> 0.045 | C47: =IF(I46<1,0,(I46*(B47*30)/360)) -> 1849.8881 | D47: =IF(I46 > 1, IF(I46-D46<1,(I46+C47),$E$9), 0) -> 2533.4265 | E47: =IF(I46<1,"",$E$12) -> 0 | G47: =IF(I46<1,0,IF($E$14=11,$E$13,0)) -> 0 | H47: =IF(I46<1,0,IF((D47+E47+G47)-C47>=(I46),(I46),(D47+E47+G47)-C47)) -> 683.5384 | I47: =IF(I46-H47<1,0,I46-H47) -> 492619.97 | O47: =O46-($O$36-$O$48)/12 -> 490230.97 | Q47: =CJ41 -> 492619.97 | S47: =SUM($C$37:C47) -> 20487.66 | U47: =SUM($CE$29:CE41) -> 20487.66 | W47: =MONTHLYANALYSISWORKSHEET!P19 -> 357.5 | CC47: =SUM(CC46+1) -> 17 | CD47: =IF(CJ46<1,"",$CG$7) -> 0.045 | CE47: =IF(CJ46<1,"",(CJ46*(CD47*30)/360)) -> 1834.3636 | CF47: =IF(CJ46<1,"",$CG$9) -> 2533.4265 | CG47: =IF(CJ46<1,"",$CG$12) -> 0 | CH47: =IF(CJ46<1,0,CH35) -> 0 | CI47: =IF(CJ46<1,0,(CF47+CG47+CH47)-CE47) -> 699.06292 | CJ47: =IF(CJ46-CI47<1,0,CJ46-CI47) -> 488464.57 | CL47: =(CO46*($CL$35*13.85))/360 -> 858.62681 | CM47: =$D$37/2 -> 1266.7133 | CN47: =CM47-CL47 -> 408.08646 | CO47: =IF(CO46-CN47<0,0,CO46-CN47) -> 495549.64 | CP47: 11
A48: =IF(I47<1,"",A47+1) -> 12 | B48: =IF(I47<1,"",$E$7) -> 0.045 | C48: =IF(I47<1,0,(I47*(B48*30)/360)) -> 1847.3249 | D48: =IF(I47 > 1, IF(I47-D47<1,(I47+C48),$E$9), 0) -> 2533.4265 | E48: =IF(I47<1,"",$E$12) -> 0 | G48: =IF(I47<1,0,IF($E$14=12,$E$13,0)) -> 0 | H48: =IF(I47<1,0,IF((D48+E48+G48)-C48>=(I47),(I47),(D48+E48+G48)-C48)) -> 686.10167 | I48: =IF(I47-H48<1,0,I47-H48) -> 491933.87 | N48: 1 | O48: =CO62 -> 489342.87 | Q48: =CJ42 -> 491933.87 | S48: =SUM($C$37:C48) -> 22334.985 | T48: 1 | U48: =SUM($CE$29:CE42) -> 22334.985 | W48: =MONTHLYANALYSISWORKSHEET!P20 -> 357.5 | CC48: =SUM(CC47+1) -> 18 | CD48: =IF(CJ47<1,"",$CG$7) -> 0.045 | CE48: =IF(CJ47<1,"",(CJ47*(CD48*30)/360)) -> 1831.7421 | CF48: =IF(CJ47<1,"",$CG$9) -> 2533.4265 | CG48: =IF(CJ47<1,"",$CG$12) -> 0 | CH48: =IF(CJ47<1,0,CH36) -> 0 | CI48: =IF(CJ47<1,0,(CF48+CG48+CH48)-CE48) -> 701.68441 | CJ48: =IF(CJ47-CI48<1,0,CJ47-CI48) -> 487762.89 | CL48: =(CO47*($CL$35*13.85))/360 -> 857.92031 | CM48: =$D$37/2 -> 1266.7133 | CN48: =CM48-CL48 -> 408.79296 | CO48: =IF(CO47-CN48<0,0,CO47-CN48) -> 495140.85 | CP48: 12
A49: =IF(I48<1,"",A48+1) -> 13 | B49: =IF(I48<1,"",$E$7) -> 0.045 | C49: =IF(I48<1,0,(I48*(B49*30)/360)) -> 1844.752 | D49: =IF(I48 > 1, IF(I48-D48<1,(I48+C49),$E$9), 0) -> 2533.4265 | E49: =IF(I48<1,"",$E$12) -> 0 | G49: =IF(I48>1,IF(G37>1,IF(I48<$E$13,(I48-D49+C49),G37),0),0) -> 0 | H49: =IF(I48<1,0,IF((D49+E49+G49)-C49>=(I48),(I48),(D49+E49+G49)-C49)) -> 688.67455 | I49: =IF(I48-H49<1,0,I48-H49) -> 491245.19 | O49: =O48-($O$48-$O$60)/12 -> 488413.93 | Q49: =CJ43 -> 491245.19 | S49: =SUM($C$37:C49) -> 24179.737 | U49: =SUM($CE$29:CE43) -> 24179.737 | W49: =MONTHLYANALYSISWORKSHEET!P21 -> 417.08333 | CC49: =SUM(CC48+1) -> 19 | CD49: =IF(CJ48<1,"",$CG$7) -> 0.045 | CE49: =IF(CJ48<1,"",(CJ48*(CD49*30)/360)) -> 1829.1108 | CF49: =IF(CJ48<1,"",$CG$9) -> 2533.4265 | CG49: =IF(CJ48<1,"",$CG$12) -> 0 | CH49: =IF(CJ48<1,0,CH37) -> 0 | CI49: =IF(CJ48<1,0,(CF49+CG49+CH49)-CE49) -> 704.31572 | CJ49: =IF(CJ48-CI49<1,0,CJ48-CI49) -> 487058.57 | CL49: =(CO48*($CL$35*13.85))/360 -> 857.21259 | CM49: =$D$37/2 -> 1266.7133 | CN49: =CM49-CL49 -> 409.50069 | CO49: =IF(CO48-CN49<0,0,CO48-CN49) -> 494731.35 | CP49: 13
A50: =IF(I49<1,"",A49+1) -> 14 | B50: =IF(I49<1,"",$E$7) -> 0.045 | C50: =IF(I49<1,0,(I49*(B50*30)/360)) -> 1842.1695 | D50: =IF(I49 > 1, IF(I49-D49<1,(I49+C50),$E$9), 0) -> 2533.4265 | E50: =IF(I49<1,"",$E$12) -> 0 | G50: =IF(I49>1,IF(G38>1,IF(I49<$E$13,(I49-D50+C50),G38),0),0) -> 0 | H50: =IF(I49<1,0,IF((D50+E50+G50)-C50>=(I49),(I49),(D50+E50+G50)-C50)) -> 691.25708 | I50: =IF(I49-H50<1,0,I49-H50) -> 490553.93 | O50: =O49-($O$48-$O$60)/12 -> 487484.98 | Q50: =CJ44 -> 490553.93 | S50: =SUM($C$37:C50) -> 26021.907 | U50: =SUM($CE$29:CE44) -> 26021.907 | W50: =MONTHLYANALYSISWORKSHEET!P22 -> 471.25 | CC50: =SUM(CC49+1) -> 20 | CD50: =IF(CJ49<1,"",$CG$7) -> 0.045 | CE50: =IF(CJ49<1,"",(CJ49*(CD50*30)/360)) -> 1826.4696 | CF50: =IF(CJ49<1,"",$CG$9) -> 2533.4265 | CG50: =IF(CJ49<1,"",$CG$12) -> 0 | CH50: =IF(CJ49<1,0,CH38) -> 0 | CI50: =IF(CJ49<1,0,(CF50+CG50+CH50)-CE50) -> 706.95691 | CJ50: =IF(CJ49-CI50<1,0,CJ49-CI50) -> 486351.61 | CL50: =(CO49*($CL$35*13.85))/360 -> 856.50364 | CM50: =$D$37/2 -> 1266.7133 | CN50: =CM50-CL50 -> 410.20963 | CO50: =IF(CO49-CN50<0,0,CO49-CN50) -> 494321.14 | CP50: 14
A51: =IF(I50<1,"",A50+1) -> 15 | B51: =IF(I50<1,"",$E$7) -> 0.045 | C51: =IF(I50<1,0,(I50*(B51*30)/360)) -> 1839.5773 | D51: =IF(I50 > 1, IF(I50-D50<1,(I50+C51),$E$9), 0) -> 2533.4265 | E51: =IF(I50<1,"",$E$12) -> 0 | G51: =IF(I50>1,IF(G39>1,IF(I50<$E$13,(I50-D51+C51),G39),0),0) -> 0 | H51: =IF(I50<1,0,IF((D51+E51+G51)-C51>=(I50),(I50),(D51+E51+G51)-C51)) -> 693.84929 | I51: =IF(I50-H51<1,0,I50-H51) -> 489860.09 | O51: =O50-($O$48-$O$60)/12 -> 486556.03 | Q51: =CJ45 -> 489860.09 | S51: =SUM($C$37:C51) -> 27861.484 | U51: =SUM($CE$29:CE45) -> 27861.484 | W51: =MONTHLYANALYSISWORKSHEET!P23 -> 520 | CC51: =SUM(CC50+1) -> 21 | CD51: =IF(CJ50<1,"",$CG$7) -> 0.045 | CE51: =IF(CJ50<1,"",(CJ50*(CD51*30)/360)) -> 1823.8186 | CF51: =IF(CJ50<1,"",$CG$9) -> 2533.4265 | CG51: =IF(CJ50<1,"",$CG$12) -> 0 | CH51: =IF(CJ50<1,0,CH39) -> 0 | CI51: =IF(CJ50<1,0,(CF51+CG51+CH51)-CE51) -> 709.60799 | CJ51: =IF(CJ50-CI51<1,0,CJ50-CI51) -> 485642.01 | CL51: =(CO50*($CL$35*13.85))/360 -> 855.79347 | CM51: =$D$37/2 -> 1266.7133 | CN51: =CM51-CL51 -> 410.91981 | CO51: =IF(CO50-CN51<0,0,CO50-CN51) -> 493910.22 | CP51: 15
A52: =IF(I51<1,"",A51+1) -> 16 | B52: =IF(I51<1,"",$E$7) -> 0.045 | C52: =IF(I51<1,0,(I51*(B52*30)/360)) -> 1836.9753 | D52: =IF(I51 > 1, IF(I51-D51<1,(I51+C52),$E$9), 0) -> 2533.4265 | E52: =IF(I51<1,"",$E$12) -> 0 | G52: =IF(I51>1,IF(G40>1,IF(I51<$E$13,(I51-D52+C52),G40),0),0) -> 0 | H52: =IF(I51<1,0,IF((D52+E52+G52)-C52>=(I51),(I51),(D52+E52+G52)-C52)) -> 696.45123 | I52: =IF(I51-H52<1,0,I51-H52) -> 489163.63 | O52: =O51-($O$48-$O$60)/12 -> 485627.09 | Q52: =CJ46 -> 489163.63 | S52: =SUM($C$37:C52) -> 29698.459 | U52: =SUM($CE$29:CE46) -> 29698.459 | W52: =MONTHLYANALYSISWORKSHEET!P24 -> 563.33333 | CC52: =SUM(CC51+1) -> 22 | CD52: =IF(CJ51<1,"",$CG$7) -> 0.045 | CE52: =IF(CJ51<1,"",(CJ51*(CD52*30)/360)) -> 1821.1575 | CF52: =IF(CJ51<1,"",$CG$9) -> 2533.4265 | CG52: =IF(CJ51<1,"",$CG$12) -> 0 | CH52: =IF(CJ51<1,0,CH40) -> 0 | CI52: =IF(CJ51<1,0,(CF52+CG52+CH52)-CE52) -> 712.26902 | CJ52: =IF(CJ51-CI52<1,0,CJ51-CI52) -> 484929.74 | CL52: =(CO51*($CL$35*13.85))/360 -> 855.08206 | CM52: =$D$37/2 -> 1266.7133 | CN52: =CM52-CL52 -> 411.63121 | CO52: =IF(CO51-CN52<0,0,CO51-CN52) -> 493498.58 | CP52: 16
A53: =IF(I52<1,"",A52+1) -> 17 | B53: =IF(I52<1,"",$E$7) -> 0.045 | C53: =IF(I52<1,0,(I52*(B53*30)/360)) -> 1834.3636 | D53: =IF(I52 > 1, IF(I52-D52<1,(I52+C53),$E$9), 0) -> 2533.4265 | E53: =IF(I52<1,"",$E$12) -> 0 | G53: =IF(I52>1,IF(G41>1,IF(I52<$E$13,(I52-D53+C53),G41),0),0) -> 0 | H53: =IF(I52<1,0,IF((D53+E53+G53)-C53>=(I52),(I52),(D53+E53+G53)-C53)) -> 699.06292 | I53: =IF(I52-H53<1,0,I52-H53) -> 488464.57 | O53: =O52-($O$48-$O$60)/12 -> 484698.14 | Q53: =CJ47 -> 488464.57 | S53: =SUM($C$37:C53) -> 31532.823 | U53: =SUM($CE$29:CE47) -> 31532.823 | W53: =MONTHLYANALYSISWORKSHEET!P25 -> 601.25 | CC53: =SUM(CC52+1) -> 23 | CD53: =IF(CJ52<1,"",$CG$7) -> 0.045 | CE53: =IF(CJ52<1,"",(CJ52*(CD53*30)/360)) -> 1818.4865 | CF53: =IF(CJ52<1,"",$CG$9) -> 2533.4265 | CG53: =IF(CJ52<1,"",$CG$12) -> 0 | CH53: =IF(CJ52<1,0,CH41) -> 0 | CI53: =IF(CJ52<1,0,(CF53+CG53+CH53)-CE53) -> 714.94003 | CJ53: =IF(CJ52-CI53<1,0,CJ52-CI53) -> 484214.8 | CL53: =(CO52*($CL$35*13.85))/360 -> 854.36942 | CM53: =$D$37/2 -> 1266.7133 | CN53: =CM53-CL53 -> 412.34385 | CO53: =IF(CO52-CN53<0,0,CO52-CN53) -> 493086.24 | CP53: 17
A54: =IF(I53<1,"",A53+1) -> 18 | B54: =IF(I53<1,"",$E$7) -> 0.045 | C54: =IF(I53<1,0,(I53*(B54*30)/360)) -> 1831.7421 | D54: =IF(I53 > 1, IF(I53-D53<1,(I53+C54),$E$9), 0) -> 2533.4265 | E54: =IF(I53<1,"",$E$12) -> 0 | G54: =IF(I53>1,IF(G42>1,IF(I53<$E$13,(I53-D54+C54),G42),0),0) -> 0 | H54: =IF(I53<1,0,IF((D54+E54+G54)-C54>=(I53),(I53),(D54+E54+G54)-C54)) -> 701.68441 | I54: =IF(I53-H54<1,0,I53-H54) -> 487762.89 | O54: =O53-($O$48-$O$60)/12 -> 483769.19 | Q54: =CJ48 -> 487762.89 | S54: =SUM($C$37:C54) -> 33364.565 | U54: =SUM($CE$29:CE48) -> 33364.565 | W54: =MONTHLYANALYSISWORKSHEET!P26 -> 633.75 | CC54: =SUM(CC53+1) -> 24 | CD54: =IF(CJ53<1,"",$CG$7) -> 0.045 | CE54: =IF(CJ53<1,"",(CJ53*(CD54*30)/360)) -> 1815.8055 | CF54: =IF(CJ53<1,"",$CG$9) -> 2533.4265 | CG54: =IF(CJ53<1,"",$CG$12) -> 0 | CH54: =IF(CJ53<1,0,CH42) -> 0 | CI54: =IF(CJ53<1,0,(CF54+CG54+CH54)-CE54) -> 717.62106 | CJ54: =IF(CJ53-CI54<1,0,CJ53-CI54) -> 483497.18 | CL54: =(CO53*($CL$35*13.85))/360 -> 853.65555 | CM54: =$D$37/2 -> 1266.7133 | CN54: =CM54-CL54 -> 413.05772 | CO54: =IF(CO53-CN54<0,0,CO53-CN54) -> 492673.18 | CP54: 18
A55: =IF(I54<1,"",A54+1) -> 19 | B55: =IF(I54<1,"",$E$7) -> 0.045 | C55: =IF(I54<1,0,(I54*(B55*30)/360)) -> 1829.1108 | D55: =IF(I54 > 1, IF(I54-D54<1,(I54+C55),$E$9), 0) -> 2533.4265 | E55: =IF(I54<1,"",$E$12) -> 0 | G55: =IF(I54>1,IF(G43>1,IF(I54<$E$13,(I54-D55+C55),G43),0),0) -> 0 | H55: =IF(I54<1,0,IF((D55+E55+G55)-C55>=(I54),(I54),(D55+E55+G55)-C55)) -> 704.31572 | I55: =IF(I54-H55<1,0,I54-H55) -> 487058.57 | O55: =O54-($O$48-$O$60)/12 -> 482840.25 | Q55: =CJ49 -> 487058.57 | S55: =SUM($C$37:C55) -> 35193.676 | U55: =SUM($CE$29:CE49) -> 35193.676 | W55: =MONTHLYANALYSISWORKSHEET!P27 -> 660.83333 | CC55: =SUM(CC54+1) -> 25 | CD55: =IF(CJ54<1,"",$CG$7) -> 0.045 | CE55: =IF(CJ54<1,"",(CJ54*(CD55*30)/360)) -> 1813.1144 | CF55: =IF(CJ54<1,"",$CG$9) -> 2533.4265 | CG55: =IF(CJ54<1,"",$CG$12) -> 0 | CH55: =IF(CJ54<1,0,CH43) -> 0 | CI55: =IF(CJ54<1,0,(CF55+CG55+CH55)-CE55) -> 720.31214 | CJ55: =IF(CJ54-CI55<1,0,CJ54-CI55) -> 482776.86 | CL55: =(CO54*($CL$35*13.85))/360 -> 852.94045 | CM55: =$D$37/2 -> 1266.7133 | CN55: =CM55-CL55 -> 413.77283 | CO55: =IF(CO54-CN55<0,0,CO54-CN55) -> 492259.41 | CP55: 19
A56: =IF(I55<1,"",A55+1) -> 20 | B56: =IF(I55<1,"",$E$7) -> 0.045 | C56: =IF(I55<1,0,(I55*(B56*30)/360)) -> 1826.4696 | D56: =IF(I55 > 1, IF(I55-D55<1,(I55+C56),$E$9), 0) -> 2533.4265 | E56: =IF(I55<1,"",$E$12) -> 0 | G56: =IF(I55>1,IF(G44>1,IF(I55<$E$13,(I55-D56+C56),G44),0),0) -> 0 | H56: =IF(I55<1,0,IF((D56+E56+G56)-C56>=(I55),(I55),(D56+E56+G56)-C56)) -> 706.95691 | I56: =IF(I55-H56<1,0,I55-H56) -> 486351.61 | O56: =O55-($O$48-$O$60)/12 -> 481911.3 | Q56: =CJ50 -> 486351.61 | S56: =SUM($C$37:C56) -> 37020.145 | U56: =SUM($CE$29:CE50) -> 37020.145 | W56: =MONTHLYANALYSISWORKSHEET!P28 -> 682.5 | CC56: =SUM(CC55+1) -> 26 | CD56: =IF(CJ55<1,"",$CG$7) -> 0.045 | CE56: =IF(CJ55<1,"",(CJ55*(CD56*30)/360)) -> 1810.4132 | CF56: =IF(CJ55<1,"",$CG$9) -> 2533.4265 | CG56: =IF(CJ55<1,"",$CG$12) -> 0 | CH56: =IF(CJ55<1,0,CH44) -> 0 | CI56: =IF(CJ55<1,0,(CF56+CG56+CH56)-CE56) -> 723.01331 | CJ56: =IF(CJ55-CI56<1,0,CJ55-CI56) -> 482053.85 | CL56: =(CO55*($CL$35*13.85))/360 -> 852.2241 | CM56: =$D$37/2 -> 1266.7133 | CN56: =CM56-CL56 -> 414.48917 | CO56: =IF(CO55-CN56<0,0,CO55-CN56) -> 491844.92 | CP56: 20
A57: =IF(I56<1,"",A56+1) -> 21 | B57: =IF(I56<1,"",$E$7) -> 0.045 | C57: =IF(I56<1,0,(I56*(B57*30)/360)) -> 1823.8186 | D57: =IF(I56 > 1, IF(I56-D56<1,(I56+C57),$E$9), 0) -> 2533.4265 | E57: =IF(I56<1,"",$E$12) -> 0 | G57: =IF(I56>1,IF(G45>1,IF(I56<$E$13,(I56-D57+C57),G45),0),0) -> 0 | H57: =IF(I56<1,0,IF((D57+E57+G57)-C57>=(I56),(I56),(D57+E57+G57)-C57)) -> 709.60799 | I57: =IF(I56-H57<1,0,I56-H57) -> 485642.01 | O57: =O56-($O$48-$O$60)/12 -> 480982.36 | Q57: =CJ51 -> 485642.01 | S57: =SUM($C$37:C57) -> 38843.964 | U57: =SUM($CE$29:CE51) -> 38843.964 | W57: =MONTHLYANALYSISWORKSHEET!P29 -> 698.75 | CC57: =SUM(CC56+1) -> 27 | CD57: =IF(CJ56<1,"",$CG$7) -> 0.045 | CE57: =IF(CJ56<1,"",(CJ56*(CD57*30)/360)) -> 1807.7019 | CF57: =IF(CJ56<1,"",$CG$9) -> 2533.4265 | CG57: =IF(CJ56<1,"",$CG$12) -> 0 | CH57: =IF(CJ56<1,0,CH45) -> 0 | CI57: =IF(CJ56<1,0,(CF57+CG57+CH57)-CE57) -> 725.72461 | CJ57: =IF(CJ56-CI57<1,0,CJ56-CI57) -> 481328.13 | CL57: =(CO56*($CL$35*13.85))/360 -> 851.50652 | CM57: =$D$37/2 -> 1266.7133 | CN57: =CM57-CL57 -> 415.20676 | CO57: =IF(CO56-CN57<0,0,CO56-CN57) -> 491429.71 | CP57: 21
A58: =IF(I57<1,"",A57+1) -> 22 | B58: =IF(I57<1,"",$E$7) -> 0.045 | C58: =IF(I57<1,0,(I57*(B58*30)/360)) -> 1821.1575 | D58: =IF(I57 > 1, IF(I57-D57<1,(I57+C58),$E$9), 0) -> 2533.4265 | E58: =IF(I57<1,"",$E$12) -> 0 | G58: =IF(I57>1,IF(G46>1,IF(I57<$E$13,(I57-D58+C58),G46),0),0) -> 0 | H58: =IF(I57<1,0,IF((D58+E58+G58)-C58>=(I57),(I57),(D58+E58+G58)-C58)) -> 712.26902 | I58: =IF(I57-H58<1,0,I57-H58) -> 484929.74 | O58: =O57-($O$48-$O$60)/12 -> 480053.41 | Q58: =CJ52 -> 484929.74 | S58: =SUM($C$37:C58) -> 40665.121 | U58: =SUM($CE$29:CE52) -> 40665.121 | W58: =MONTHLYANALYSISWORKSHEET!P30 -> 709.58333 | CC58: =SUM(CC57+1) -> 28 | CD58: =IF(CJ57<1,"",$CG$7) -> 0.045 | CE58: =IF(CJ57<1,"",(CJ57*(CD58*30)/360)) -> 1804.9805 | CF58: =IF(CJ57<1,"",$CG$9) -> 2533.4265 | CG58: =IF(CJ57<1,"",$CG$12) -> 0 | CH58: =IF(CJ57<1,0,CH46) -> 0 | CI58: =IF(CJ57<1,0,(CF58+CG58+CH58)-CE58) -> 728.44608 | CJ58: =IF(CJ57-CI58<1,0,CJ57-CI58) -> 480599.68 | CL58: =(CO57*($CL$35*13.85))/360 -> 850.78769 | CM58: =$D$37/2 -> 1266.7133 | CN58: =CM58-CL58 -> 415.92558 | CO58: =IF(CO57-CN58<0,0,CO57-CN58) -> 491013.79 | CP58: 22
A59: =IF(I58<1,"",A58+1) -> 23 | B59: =IF(I58<1,"",$E$7) -> 0.045 | C59: =IF(I58<1,0,(I58*(B59*30)/360)) -> 1818.4865 | D59: =IF(I58 > 1, IF(I58-D58<1,(I58+C59),$E$9), 0) -> 2533.4265 | E59: =IF(I58<1,"",$E$12) -> 0 | G59: =IF(I58>1,IF(G47>1,IF(I58<$E$13,(I58-D59+C59),G47),0),0) -> 0 | H59: =IF(I58<1,0,IF((D59+E59+G59)-C59>=(I58),(I58),(D59+E59+G59)-C59)) -> 714.94003 | I59: =IF(I58-H59<1,0,I58-H59) -> 484214.8 | O59: =O58-($O$48-$O$60)/12 -> 479124.46 | Q59: =CJ53 -> 484214.8 | S59: =SUM($C$37:C59) -> 42483.608 | U59: =SUM($CE$29:CE53) -> 42483.608 | W59: =MONTHLYANALYSISWORKSHEET!P31 -> 715 | CC59: =SUM(CC58+1) -> 29 | CD59: =IF(CJ58<1,"",$CG$7) -> 0.045 | CE59: =IF(CJ58<1,"",(CJ58*(CD59*30)/360)) -> 1802.2488 | CF59: =IF(CJ58<1,"",$CG$9) -> 2533.4265 | CG59: =IF(CJ58<1,"",$CG$12) -> 0 | CH59: =IF(CJ58<1,0,CH47) -> 0 | CI59: =IF(CJ58<1,0,(CF59+CG59+CH59)-CE59) -> 731.17775 | CJ59: =IF(CJ58-CI59<1,0,CJ58-CI59) -> 479868.5 | CL59: =(CO58*($CL$35*13.85))/360 -> 850.06762 | CM59: =$D$37/2 -> 1266.7133 | CN59: =CM59-CL59 -> 416.64565 | CO59: =IF(CO58-CN59<0,0,CO58-CN59) -> 490597.14 | CP59: 23
A60: =IF(I59<1,"",A59+1) -> 24 | B60: =IF(I59<1,"",$E$7) -> 0.045 | C60: =IF(I59<1,0,(I59*(B60*30)/360)) -> 1815.8055 | D60: =IF(I59 > 1, IF(I59-D59<1,(I59+C60),$E$9), 0) -> 2533.4265 | E60: =IF(I59<1,"",$E$12) -> 0 | G60: =IF(I59>1,IF(G48>1,IF(I59<$E$13,(I59-D60+C60),G48),0),0) -> 0 | H60: =IF(I59<1,0,IF((D60+E60+G60)-C60>=(I59),(I59),(D60+E60+G60)-C60)) -> 717.62106 | I60: =IF(I59-H60<1,0,I59-H60) -> 483497.18 | O60: =CO88 -> 478195.52 | Q60: =CJ54 -> 483497.18 | S60: =SUM($C$37:C60) -> 44299.414 | T60: 2 | U60: =SUM($CE$29:CE54) -> 44299.414 | W60: =MONTHLYANALYSISWORKSHEET!P32 -> 715 | CC60: =SUM(CC59+1) -> 30 | CD60: =IF(CJ59<1,"",$CG$7) -> 0.045 | CE60: =IF(CJ59<1,"",(CJ59*(CD60*30)/360)) -> 1799.5069 | CF60: =IF(CJ59<1,"",$CG$9) -> 2533.4265 | CG60: =IF(CJ59<1,"",$CG$12) -> 0 | CH60: =IF(CJ59<1,0,CH48) -> 0 | CI60: =IF(CJ59<1,0,(CF60+CG60+CH60)-CE60) -> 733.91966 | CJ60: =IF(CJ59-CI60<1,0,CJ59-CI60) -> 479134.58 | CL60: =(CO59*($CL$35*13.85))/360 -> 849.3463 | CM60: =$D$37/2 -> 1266.7133 | CN60: =CM60-CL60 -> 417.36697 | CO60: =IF(CO59-CN60<0,0,CO59-CN60) -> 490179.78 | CP60: 24
A61: =IF(I60<1,"",A60+1) -> 25 | B61: =IF(I60<1,"",$E$7) -> 0.045 | C61: =IF(I60<1,0,(I60*(B61*30)/360)) -> 1813.1144 | D61: =IF(I60 > 1, IF(I60-D60<1,(I60+C61),$E$9), 0) -> 2533.4265 | E61: =IF(I60<1,"",$E$12) -> 0 | G61: =IF(I60>1,IF(G49>1,IF(I60<$E$13,(I60-D61+C61),G49),0),0) -> 0 | H61: =IF(I60<1,0,IF((D61+E61+G61)-C61>=(I60),(I60),(D61+E61+G61)-C61)) -> 720.31214 | I61: =IF(I60-H61<1,0,I60-H61) -> 482776.86 | O61: =O60-($O$60-$O$72)/12 -> 477223.84 | Q61: =CJ55 -> 482776.86 | S61: =SUM($C$37:C61) -> 46112.528 | U61: =SUM($CE$29:CE55) -> 46112.528 | W61: =MONTHLYANALYSISWORKSHEET!P33 -> 774.58333 | CC61: =SUM(CC60+1) -> 31 | CD61: =IF(CJ60<1,"",$CG$7) -> 0.045 | CE61: =IF(CJ60<1,"",(CJ60*(CD61*30)/360)) -> 1796.7547 | CF61: =IF(CJ60<1,"",$CG$9) -> 2533.4265 | CG61: =IF(CJ60<1,"",$CG$12) -> 0 | CH61: =IF(CJ60<1,0,CH49) -> 0 | CI61: =IF(CJ60<1,0,(CF61+CG61+CH61)-CE61) -> 736.67186 | CJ61: =IF(CJ60-CI61<1,0,CJ60-CI61) -> 478397.91 | CL61: =(CO60*($CL$35*13.85))/360 -> 848.62374 | CM61: =$D$37/2 -> 1266.7133 | CN61: =CM61-CL61 -> 418.08954 | CO61: =IF(CO60-CN61<0,0,CO60-CN61) -> 489761.69 | CP61: 25
A62: =IF(I61<1,"",A61+1) -> 26 | B62: =IF(I61<1,"",$E$7) -> 0.045 | C62: =IF(I61<1,0,(I61*(B62*30)/360)) -> 1810.4132 | D62: =IF(I61 > 1, IF(I61-D61<1,(I61+C62),$E$9), 0) -> 2533.4265 | E62: =IF(I61<1,"",$E$12) -> 0 | G62: =IF(I61>1,IF(G50>1,IF(I61<$E$13,(I61-D62+C62),G50),0),0) -> 0 | H62: =IF(I61<1,0,IF((D62+E62+G62)-C62>=(I61),(I61),(D62+E62+G62)-C62)) -> 723.01331 | I62: =IF(I61-H62<1,0,I61-H62) -> 482053.85 | O62: =O61-($O$60-$O$72)/12 -> 476252.16 | Q62: =CJ56 -> 482053.85 | S62: =SUM($C$37:C62) -> 47922.941 | U62: =SUM($CE$29:CE56) -> 47922.941 | W62: =MONTHLYANALYSISWORKSHEET!P34 -> 828.75 | CC62: =SUM(CC61+1) -> 32 | CD62: =IF(CJ61<1,"",$CG$7) -> 0.045 | CE62: =IF(CJ61<1,"",(CJ61*(CD62*30)/360)) -> 1793.9922 | CF62: =IF(CJ61<1,"",$CG$9) -> 2533.4265 | CG62: =IF(CJ61<1,"",$CG$12) -> 0 | CH62: =IF(CJ61<1,0,CH50) -> 0 | CI62: =IF(CJ61<1,0,(CF62+CG62+CH62)-CE62) -> 739.43438 | CJ62: =IF(CJ61-CI62<1,0,CJ61-CI62) -> 477658.48 | CL62: =(CO61*($CL$35*13.85))/360 -> 847.89992 | CM62: =$D$37/2 -> 1266.7133 | CN62: =CM62-CL62 -> 418.81335 | CO62: =IF(CO61-CN62<0,0,CO61-CN62) -> 489342.87 | CP62: 26
A63: =IF(I62<1,"",A62+1) -> 27 | B63: =IF(I62<1,"",$E$7) -> 0.045 | C63: =IF(I62<1,0,(I62*(B63*30)/360)) -> 1807.7019 | D63: =IF(I62 > 1, IF(I62-D62<1,(I62+C63),$E$9), 0) -> 2533.4265 | E63: =IF(I62<1,"",$E$12) -> 0 | G63: =IF(I62>1,IF(G51>1,IF(I62<$E$13,(I62-D63+C63),G51),0),0) -> 0 | H63: =IF(I62<1,0,IF((D63+E63+G63)-C63>=(I62),(I62),(D63+E63+G63)-C63)) -> 725.72461 | I63: =IF(I62-H63<1,0,I62-H63) -> 481328.13 | O63: =O62-($O$60-$O$72)/12 -> 475280.48 | Q63: =CJ57 -> 481328.13 | S63: =SUM($C$37:C63) -> 49730.643 | U63: =SUM($CE$29:CE57) -> 49730.643 | W63: =MONTHLYANALYSISWORKSHEET!P35 -> 877.5 | CC63: =SUM(CC62+1) -> 33 | CD63: =IF(CJ62<1,"",$CG$7) -> 0.045 | CE63: =IF(CJ62<1,"",(CJ62*(CD63*30)/360)) -> 1791.2193 | CF63: =IF(CJ62<1,"",$CG$9) -> 2533.4265 | CG63: =IF(CJ62<1,"",$CG$12) -> 0 | CH63: =IF(CJ62<1,0,CH51) -> 0 | CI63: =IF(CJ62<1,0,(CF63+CG63+CH63)-CE63) -> 742.20726 | CJ63: =IF(CJ62-CI63<1,0,CJ62-CI63) -> 476916.27 | CL63: =(CO62*($CL$35*13.85))/360 -> 847.17485 | CM63: =$D$37/2 -> 1266.7133 | CN63: =CM63-CL63 -> 419.53843 | CO63: =IF(CO62-CN63<0,0,CO62-CN63) -> 488923.33 | CP63: 27
A64: =IF(I63<1,"",A63+1) -> 28 | B64: =IF(I63<1,"",$E$7) -> 0.045 | C64: =IF(I63<1,0,(I63*(B64*30)/360)) -> 1804.9805 | D64: =IF(I63 > 1, IF(I63-D63<1,(I63+C64),$E$9), 0) -> 2533.4265 | E64: =IF(I63<1,"",$E$12) -> 0 | G64: =IF(I63>1,IF(G52>1,IF(I63<$E$13,(I63-D64+C64),G52),0),0) -> 0 | H64: =IF(I63<1,0,IF((D64+E64+G64)-C64>=(I63),(I63),(D64+E64+G64)-C64)) -> 728.44608 | I64: =IF(I63-H64<1,0,I63-H64) -> 480599.68 | O64: =O63-($O$60-$O$72)/12 -> 474308.8 | Q64: =CJ58 -> 480599.68 | S64: =SUM($C$37:C64) -> 51535.624 | U64: =SUM($CE$29:CE58) -> 51535.624 | W64: =MONTHLYANALYSISWORKSHEET!P36 -> 920.83333 | CC64: =SUM(CC63+1) -> 34 | CD64: =IF(CJ63<1,"",$CG$7) -> 0.045 | CE64: =IF(CJ63<1,"",(CJ63*(CD64*30)/360)) -> 1788.436 | CF64: =IF(CJ63<1,"",$CG$9) -> 2533.4265 | CG64: =IF(CJ63<1,"",$CG$12) -> 0 | CH64: =IF(CJ63<1,0,CH52) -> 0 | CI64: =IF(CJ63<1,0,(CF64+CG64+CH64)-CE64) -> 744.99054 | CJ64: =IF(CJ63-CI64<1,0,CJ63-CI64) -> 476171.28 | CL64: =(CO63*($CL$35*13.85))/360 -> 846.44852 | CM64: =$D$37/2 -> 1266.7133 | CN64: =CM64-CL64 -> 420.26475 | CO64: =IF(CO63-CN64<0,0,CO63-CN64) -> 488503.07 | CP64: 28
A65: =IF(I64<1,"",A64+1) -> 29 | B65: =IF(I64<1,"",$E$7) -> 0.045 | C65: =IF(I64<1,0,(I64*(B65*30)/360)) -> 1802.2488 | D65: =IF(I64 > 1, IF(I64-D64<1,(I64+C65),$E$9), 0) -> 2533.4265 | E65: =IF(I64<1,"",$E$12) -> 0 | G65: =IF(I64>1,IF(G53>1,IF(I64<$E$13,(I64-D65+C65),G53),0),0) -> 0 | H65: =IF(I64<1,0,IF((D65+E65+G65)-C65>=(I64),(I64),(D65+E65+G65)-C65)) -> 731.17775 | I65: =IF(I64-H65<1,0,I64-H65) -> 479868.5 | O65: =O64-($O$60-$O$72)/12 -> 473337.13 | Q65: =CJ59 -> 479868.5 | S65: =SUM($C$37:C65) -> 53337.872 | U65: =SUM($CE$29:CE59) -> 53337.872 | W65: =MONTHLYANALYSISWORKSHEET!P37 -> 958.75 | CC65: =SUM(CC64+1) -> 35 | CD65: =IF(CJ64<1,"",$CG$7) -> 0.045 | CE65: =IF(CJ64<1,"",(CJ64*(CD65*30)/360)) -> 1785.6423 | CF65: =IF(CJ64<1,"",$CG$9) -> 2533.4265 | CG65: =IF(CJ64<1,"",$CG$12) -> 0 | CH65: =IF(CJ64<1,0,CH53) -> 0 | CI65: =IF(CJ64<1,0,(CF65+CG65+CH65)-CE65) -> 747.78425 | CJ65: =IF(CJ64-CI65<1,0,CJ64-CI65) -> 475423.49 | CL65: =(CO64*($CL$35*13.85))/360 -> 845.72094 | CM65: =$D$37/2 -> 1266.7133 | CN65: =CM65-CL65 -> 420.99233 | CO65: =IF(CO64-CN65<0,0,CO64-CN65) -> 488082.08 | CP65: 29
A66: =IF(I65<1,"",A65+1) -> 30 | B66: =IF(I65<1,"",$E$7) -> 0.045 | C66: =IF(I65<1,0,(I65*(B66*30)/360)) -> 1799.5069 | D66: =IF(I65 > 1, IF(I65-D65<1,(I65+C66),$E$9), 0) -> 2533.4265 | E66: =IF(I65<1,"",$E$12) -> 0 | G66: =IF(I65>1,IF(G54>1,IF(I65<$E$13,(I65-D66+C66),G54),0),0) -> 0 | H66: =IF(I65<1,0,IF((D66+E66+G66)-C66>=(I65),(I65),(D66+E66+G66)-C66)) -> 733.91966 | I66: =IF(I65-H66<1,0,I65-H66) -> 479134.58 | O66: =O65-($O$60-$O$72)/12 -> 472365.45 | Q66: =CJ60 -> 479134.58 | S66: =SUM($C$37:C66) -> 55137.379 | U66: =SUM($CE$29:CE60) -> 55137.379 | W66: =MONTHLYANALYSISWORKSHEET!P38 -> 991.25 | CC66: =SUM(CC65+1) -> 36 | CD66: =IF(CJ65<1,"",$CG$7) -> 0.045 | CE66: =IF(CJ65<1,"",(CJ65*(CD66*30)/360)) -> 1782.8381 | CF66: =IF(CJ65<1,"",$CG$9) -> 2533.4265 | CG66: =IF(CJ65<1,"",$CG$12) -> 0 | CH66: =IF(CJ65<1,0,CH54) -> 0 | CI66: =IF(CJ65<1,0,(CF66+CG66+CH66)-CE66) -> 750.58844 | CJ66: =IF(CJ65-CI66<1,0,CJ65-CI66) -> 474672.91 | CL66: =(CO65*($CL$35*13.85))/360 -> 844.9921 | CM66: =$D$37/2 -> 1266.7133 | CN66: =CM66-CL66 -> 421.72118 | CO66: =IF(CO65-CN66<0,0,CO65-CN66) -> 487660.36 | CP66: 30
A67: =IF(I66<1,"",A66+1) -> 31 | B67: =IF(I66<1,"",$E$7) -> 0.045 | C67: =IF(I66<1,0,(I66*(B67*30)/360)) -> 1796.7547 | D67: =IF(I66 > 1, IF(I66-D66<1,(I66+C67),$E$9), 0) -> 2533.4265 | E67: =IF(I66<1,"",$E$12) -> 0 | G67: =IF(I66>1,IF(G55>1,IF(I66<$E$13,(I66-D67+C67),G55),0),0) -> 0 | H67: =IF(I66<1,0,IF((D67+E67+G67)-C67>=(I66),(I66),(D67+E67+G67)-C67)) -> 736.67186 | I67: =IF(I66-H67<1,0,I66-H67) -> 478397.91 | O67: =O66-($O$60-$O$72)/12 -> 471393.77 | Q67: =CJ61 -> 478397.91 | S67: =SUM($C$37:C67) -> 56934.134 | U67: =SUM($CE$29:CE61) -> 56934.134 | W67: =MONTHLYANALYSISWORKSHEET!P39 -> 1018.3333 | CC67: =SUM(CC66+1) -> 37 | CD67: =IF(CJ66<1,"",$CG$7) -> 0.045 | CE67: =IF(CJ66<1,"",(CJ66*(CD67*30)/360)) -> 1780.0234 | CF67: =IF(CJ66<1,"",$CG$9) -> 2533.4265 | CG67: =IF(CJ66<1,"",$CG$12) -> 0 | CH67: =IF(CJ66<1,0,CH55) -> 0 | CI67: =IF(CJ66<1,0,(CF67+CG67+CH67)-CE67) -> 753.40315 | CJ67: =IF(CJ66-CI67<1,0,CJ66-CI67) -> 473919.5 | CL67: =(CO66*($CL$35*13.85))/360 -> 844.26199 | CM67: =$D$37/2 -> 1266.7133 | CN67: =CM67-CL67 -> 422.45128 | CO67: =IF(CO66-CN67<0,0,CO66-CN67) -> 487237.91 | CP67: 31
A68: =IF(I67<1,"",A67+1) -> 32 | B68: =IF(I67<1,"",$E$7) -> 0.045 | C68: =IF(I67<1,0,(I67*(B68*30)/360)) -> 1793.9922 | D68: =IF(I67 > 1, IF(I67-D67<1,(I67+C68),$E$9), 0) -> 2533.4265 | E68: =IF(I67<1,"",$E$12) -> 0 | G68: =IF(I67>1,IF(G56>1,IF(I67<$E$13,(I67-D68+C68),G56),0),0) -> 0 | H68: =IF(I67<1,0,IF((D68+E68+G68)-C68>=(I67),(I67),(D68+E68+G68)-C68)) -> 739.43438 | I68: =IF(I67-H68<1,0,I67-H68) -> 477658.48 | O68: =O67-($O$60-$O$72)/12 -> 470422.09 | Q68: =CJ62 -> 477658.48 | S68: =SUM($C$37:C68) -> 58728.126 | U68: =SUM($CE$29:CE62) -> 58728.126 | W68: =MONTHLYANALYSISWORKSHEET!P40 -> 1040 | CC68: =SUM(CC67+1) -> 38 | CD68: =IF(CJ67<1,"",$CG$7) -> 0.045 | CE68: =IF(CJ67<1,"",(CJ67*(CD68*30)/360)) -> 1777.1981 | CF68: =IF(CJ67<1,"",$CG$9) -> 2533.4265 | CG68: =IF(CJ67<1,"",$CG$12) -> 0 | CH68: =IF(CJ67<1,0,CH56) -> 0 | CI68: =IF(CJ67<1,0,(CF68+CG68+CH68)-CE68) -> 756.22841 | CJ68: =IF(CJ67-CI68<1,0,CJ67-CI68) -> 473163.27 | CL68: =(CO67*($CL$35*13.85))/360 -> 843.53062 | CM68: =$D$37/2 -> 1266.7133 | CN68: =CM68-CL68 -> 423.18265 | CO68: =IF(CO67-CN68<0,0,CO67-CN68) -> 486814.72 | CP68: 32
A69: =IF(I68<1,"",A68+1) -> 33 | B69: =IF(I68<1,"",$E$7) -> 0.045 | C69: =IF(I68<1,0,(I68*(B69*30)/360)) -> 1791.2193 | D69: =IF(I68 > 1, IF(I68-D68<1,(I68+C69),$E$9), 0) -> 2533.4265 | E69: =IF(I68<1,"",$E$12) -> 0 | G69: =IF(I68>1,IF(G57>1,IF(I68<$E$13,(I68-D69+C69),G57),0),0) -> 0 | H69: =IF(I68<1,0,IF((D69+E69+G69)-C69>=(I68),(I68),(D69+E69+G69)-C69)) -> 742.20726 | I69: =IF(I68-H69<1,0,I68-H69) -> 476916.27 | O69: =O68-($O$60-$O$72)/12 -> 469450.41 | Q69: =CJ63 -> 476916.27 | S69: =SUM($C$37:C69) -> 60519.345 | U69: =SUM($CE$29:CE63) -> 60519.345 | W69: =MONTHLYANALYSISWORKSHEET!P41 -> 1056.25 | CC69: =SUM(CC68+1) -> 39 | CD69: =IF(CJ68<1,"",$CG$7) -> 0.045 | CE69: =IF(CJ68<1,"",(CJ68*(CD69*30)/360)) -> 1774.3623 | CF69: =IF(CJ68<1,"",$CG$9) -> 2533.4265 | CG69: =IF(CJ68<1,"",$CG$12) -> 0 | CH69: =IF(CJ68<1,0,CH57) -> 0 | CI69: =IF(CJ68<1,0,(CF69+CG69+CH69)-CE69) -> 759.06427 | CJ69: =IF(CJ68-CI69<1,0,CJ68-CI69) -> 472404.21 | CL69: =(CO68*($CL$35*13.85))/360 -> 842.79799 | CM69: =$D$37/2 -> 1266.7133 | CN69: =CM69-CL69 -> 423.91529 | CO69: =IF(CO68-CN69<0,0,CO68-CN69) -> 486390.81 | CP69: 33
A70: =IF(I69<1,"",A69+1) -> 34 | B70: =IF(I69<1,"",$E$7) -> 0.045 | C70: =IF(I69<1,0,(I69*(B70*30)/360)) -> 1788.436 | D70: =IF(I69 > 1, IF(I69-D69<1,(I69+C70),$E$9), 0) -> 2533.4265 | E70: =IF(I69<1,"",$E$12) -> 0 | G70: =IF(I69>1,IF(G58>1,IF(I69<$E$13,(I69-D70+C70),G58),0),0) -> 0 | H70: =IF(I69<1,0,IF((D70+E70+G70)-C70>=(I69),(I69),(D70+E70+G70)-C70)) -> 744.99054 | I70: =IF(I69-H70<1,0,I69-H70) -> 476171.28 | O70: =O69-($O$60-$O$72)/12 -> 468478.73 | Q70: =CJ64 -> 476171.28 | S70: =SUM($C$37:C70) -> 62307.781 | U70: =SUM($CE$29:CE64) -> 62307.781 | W70: =MONTHLYANALYSISWORKSHEET!P42 -> 1067.0833 | CC70: =SUM(CC69+1) -> 40 | CD70: =IF(CJ69<1,"",$CG$7) -> 0.045 | CE70: =IF(CJ69<1,"",(CJ69*(CD70*30)/360)) -> 1771.5158 | CF70: =IF(CJ69<1,"",$CG$9) -> 2533.4265 | CG70: =IF(CJ69<1,"",$CG$12) -> 0 | CH70: =IF(CJ69<1,0,CH58) -> 0 | CI70: =IF(CJ69<1,0,(CF70+CG70+CH70)-CE70) -> 761.91076 | CJ70: =IF(CJ69-CI70<1,0,CJ69-CI70) -> 471642.3 | CL70: =(CO69*($CL$35*13.85))/360 -> 842.06408 | CM70: =$D$37/2 -> 1266.7133 | CN70: =CM70-CL70 -> 424.64919 | CO70: =IF(CO69-CN70<0,0,CO69-CN70) -> 485966.16 | CP70: 34
A71: =IF(I70<1,"",A70+1) -> 35 | B71: =IF(I70<1,"",$E$7) -> 0.045 | C71: =IF(I70<1,0,(I70*(B71*30)/360)) -> 1785.6423 | D71: =IF(I70 > 1, IF(I70-D70<1,(I70+C71),$E$9), 0) -> 2533.4265 | E71: =IF(I70<1,"",$E$12) -> 0 | G71: =IF(I70>1,IF(G59>1,IF(I70<$E$13,(I70-D71+C71),G59),0),0) -> 0 | H71: =IF(I70<1,0,IF((D71+E71+G71)-C71>=(I70),(I70),(D71+E71+G71)-C71)) -> 747.78425 | I71: =IF(I70-H71<1,0,I70-H71) -> 475423.49 | O71: =O70-($O$60-$O$72)/12 -> 467507.06 | Q71: =CJ65 -> 475423.49 | S71: =SUM($C$37:C71) -> 64093.424 | U71: =SUM($CE$29:CE65) -> 64093.424 | W71: =MONTHLYANALYSISWORKSHEET!P43 -> 1072.5 | CC71: =SUM(CC70+1) -> 41 | CD71: =IF(CJ70<1,"",$CG$7) -> 0.045 | CE71: =IF(CJ70<1,"",(CJ70*(CD71*30)/360)) -> 1768.6586 | CF71: =IF(CJ70<1,"",$CG$9) -> 2533.4265 | CG71: =IF(CJ70<1,"",$CG$12) -> 0 | CH71: =IF(CJ70<1,0,CH59) -> 0 | CI71: =IF(CJ70<1,0,(CF71+CG71+CH71)-CE71) -> 764.76793 | CJ71: =IF(CJ70-CI71<1,0,CJ70-CI71) -> 470877.53 | CL71: =(CO70*($CL$35*13.85))/360 -> 841.32891 | CM71: =$D$37/2 -> 1266.7133 | CN71: =CM71-CL71 -> 425.38436 | CO71: =IF(CO70-CN71<0,0,CO70-CN71) -> 485540.77 | CP71: 35
A72: =IF(I71<1,"",A71+1) -> 36 | B72: =IF(I71<1,"",$E$7) -> 0.045 | C72: =IF(I71<1,0,(I71*(B72*30)/360)) -> 1782.8381 | D72: =IF(I71 > 1, IF(I71-D71<1,(I71+C72),$E$9), 0) -> 2533.4265 | E72: =IF(I71<1,"",$E$12) -> 0 | G72: =IF(I71>1,IF(G60>1,IF(I71<$E$13,(I71-D72+C72),G60),0),0) -> 0 | H72: =IF(I71<1,0,IF((D72+E72+G72)-C72>=(I71),(I71),(D72+E72+G72)-C72)) -> 750.58844 | I72: =IF(I71-H72<1,0,I71-H72) -> 474672.91 | O72: =CO114 -> 466535.38 | Q72: =CJ66 -> 474672.91 | S72: =SUM($C$37:C72) -> 65876.262 | T72: 3 | U72: =SUM($CE$29:CE66) -> 65876.262 | W72: =MONTHLYANALYSISWORKSHEET!P44 -> 1072.5 | CC72: =SUM(CC71+1) -> 42 | CD72: =IF(CJ71<1,"",$CG$7) -> 0.045 | CE72: =IF(CJ71<1,"",(CJ71*(CD72*30)/360)) -> 1765.7907 | CF72: =IF(CJ71<1,"",$CG$9) -> 2533.4265 | CG72: =IF(CJ71<1,"",$CG$12) -> 0 | CH72: =IF(CJ71<1,0,CH60) -> 0 | CI72: =IF(CJ71<1,0,(CF72+CG72+CH72)-CE72) -> 767.63581 | CJ72: =IF(CJ71-CI72<1,0,CJ71-CI72) -> 470109.9 | CL72: =(CO71*($CL$35*13.85))/360 -> 840.59246 | CM72: =$D$37/2 -> 1266.7133 | CN72: =CM72-CL72 -> 426.12081 | CO72: =IF(CO71-CN72<0,0,CO71-CN72) -> 485114.65 | CP72: 36
A73: =IF(I72<1,"",A72+1) -> 37 | B73: =IF(I72<1,"",$E$7) -> 0.045 | C73: =IF(I72<1,0,(I72*(B73*30)/360)) -> 1780.0234 | D73: =IF(I72 > 1, IF(I72-D72<1,(I72+C73),$E$9), 0) -> 2533.4265 | E73: =IF(I72<1,"",$E$12) -> 0 | G73: =IF(I72>1,IF(G61>1,IF(I72<$E$13,(I72-D73+C73),G61),0),0) -> 0 | H73: =IF(I72<1,0,IF((D73+E73+G73)-C73>=(I72),(I72),(D73+E73+G73)-C73)) -> 753.40315 | I73: =IF(I72-H73<1,0,I72-H73) -> 473919.5 | O73: =O72-($O$72-$O$84)/12 -> 465519 | Q73: =CJ67 -> 473919.5 | S73: =SUM($C$37:C73) -> 67656.285 | U73: =SUM($CE$29:CE67) -> 67656.285 | W73: =MONTHLYANALYSISWORKSHEET!P45 -> 1132.0833 | CC73: =SUM(CC72+1) -> 43 | CD73: =IF(CJ72<1,"",$CG$7) -> 0.045 | CE73: =IF(CJ72<1,"",(CJ72*(CD73*30)/360)) -> 1762.9121 | CF73: =IF(CJ72<1,"",$CG$9) -> 2533.4265 | CG73: =IF(CJ72<1,"",$CG$12) -> 0 | CH73: =IF(CJ72<1,0,CH61) -> 0 | CI73: =IF(CJ72<1,0,(CF73+CG73+CH73)-CE73) -> 770.51444 | CJ73: =IF(CJ72-CI73<1,0,CJ72-CI73) -> 469339.38 | CL73: =(CO72*($CL$35*13.85))/360 -> 839.85474 | CM73: =$D$37/2 -> 1266.7133 | CN73: =CM73-CL73 -> 426.85853 | CO73: =IF(CO72-CN73<0,0,CO72-CN73) -> 484687.79 | CP73: 37
A74: =IF(I73<1,"",A73+1) -> 38 | B74: =IF(I73<1,"",$E$7) -> 0.045 | C74: =IF(I73<1,0,(I73*(B74*30)/360)) -> 1777.1981 | D74: =IF(I73 > 1, IF(I73-D73<1,(I73+C74),$E$9), 0) -> 2533.4265 | E74: =IF(I73<1,"",$E$12) -> 0 | G74: =IF(I73>1,IF(G62>1,IF(I73<$E$13,(I73-D74+C74),G62),0),0) -> 0 | H74: =IF(I73<1,0,IF((D74+E74+G74)-C74>=(I73),(I73),(D74+E74+G74)-C74)) -> 756.22841 | I74: =IF(I73-H74<1,0,I73-H74) -> 473163.27 | O74: =O73-($O$72-$O$84)/12 -> 464502.63 | Q74: =CJ68 -> 473163.27 | S74: =SUM($C$37:C74) -> 69433.483 | U74: =SUM($CE$29:CE68) -> 69433.483 | W74: =MONTHLYANALYSISWORKSHEET!P46 -> 1186.25 | CC74: =SUM(CC73+1) -> 44 | CD74: =IF(CJ73<1,"",$CG$7) -> 0.045 | CE74: =IF(CJ73<1,"",(CJ73*(CD74*30)/360)) -> 1760.0227 | CF74: =IF(CJ73<1,"",$CG$9) -> 2533.4265 | CG74: =IF(CJ73<1,"",$CG$12) -> 0 | CH74: =IF(CJ73<1,0,CH62) -> 0 | CI74: =IF(CJ73<1,0,(CF74+CG74+CH74)-CE74) -> 773.40387 | CJ74: =IF(CJ73-CI74<1,0,CJ73-CI74) -> 468565.98 | CL74: =(CO73*($CL$35*13.85))/360 -> 839.11574 | CM74: =$D$37/2 -> 1266.7133 | CN74: =CM74-CL74 -> 427.59753 | CO74: =IF(CO73-CN74<0,0,CO73-CN74) -> 484260.2 | CP74: 38
A75: =IF(I74<1,"",A74+1) -> 39 | B75: =IF(I74<1,"",$E$7) -> 0.045 | C75: =IF(I74<1,0,(I74*(B75*30)/360)) -> 1774.3623 | D75: =IF(I74 > 1, IF(I74-D74<1,(I74+C75),$E$9), 0) -> 2533.4265 | E75: =IF(I74<1,"",$E$12) -> 0 | G75: =IF(I74>1,IF(G63>1,IF(I74<$E$13,(I74-D75+C75),G63),0),0) -> 0 | H75: =IF(I74<1,0,IF((D75+E75+G75)-C75>=(I74),(I74),(D75+E75+G75)-C75)) -> 759.06427 | I75: =IF(I74-H75<1,0,I74-H75) -> 472404.21 | O75: =O74-($O$72-$O$84)/12 -> 463486.25 | Q75: =CJ69 -> 472404.21 | S75: =SUM($C$37:C75) -> 71207.846 | U75: =SUM($CE$29:CE69) -> 71207.846 | W75: =MONTHLYANALYSISWORKSHEET!P47 -> 1235 | CC75: =SUM(CC74+1) -> 45 | CD75: =IF(CJ74<1,"",$CG$7) -> 0.045 | CE75: =IF(CJ74<1,"",(CJ74*(CD75*30)/360)) -> 1757.1224 | CF75: =IF(CJ74<1,"",$CG$9) -> 2533.4265 | CG75: =IF(CJ74<1,"",$CG$12) -> 0 | CH75: =IF(CJ74<1,0,CH63) -> 0 | CI75: =IF(CJ74<1,0,(CF75+CG75+CH75)-CE75) -> 776.30413 | CJ75: =IF(CJ74-CI75<1,0,CJ74-CI75) -> 467789.67 | CL75: =(CO74*($CL$35*13.85))/360 -> 838.37547 | CM75: =$D$37/2 -> 1266.7133 | CN75: =CM75-CL75 -> 428.33781 | CO75: =IF(CO74-CN75<0,0,CO74-CN75) -> 483831.86 | CP75: 39
A76: =IF(I75<1,"",A75+1) -> 40 | B76: =IF(I75<1,"",$E$7) -> 0.045 | C76: =IF(I75<1,0,(I75*(B76*30)/360)) -> 1771.5158 | D76: =IF(I75 > 1, IF(I75-D75<1,(I75+C76),$E$9), 0) -> 2533.4265 | E76: =IF(I75<1,"",$E$12) -> 0 | G76: =IF(I75>1,IF(G64>1,IF(I75<$E$13,(I75-D76+C76),G64),0),0) -> 0 | H76: =IF(I75<1,0,IF((D76+E76+G76)-C76>=(I75),(I75),(D76+E76+G76)-C76)) -> 761.91076 | I76: =IF(I75-H76<1,0,I75-H76) -> 471642.3 | O76: =O75-($O$72-$O$84)/12 -> 462469.88 | Q76: =CJ70 -> 471642.3 | S76: =SUM($C$37:C76) -> 72979.361 | U76: =SUM($CE$29:CE70) -> 72979.361 | W76: =MONTHLYANALYSISWORKSHEET!P48 -> 1278.3333 | CC76: =SUM(CC75+1) -> 46 | CD76: =IF(CJ75<1,"",$CG$7) -> 0.045 | CE76: =IF(CJ75<1,"",(CJ75*(CD76*30)/360)) -> 1754.2113 | CF76: =IF(CJ75<1,"",$CG$9) -> 2533.4265 | CG76: =IF(CJ75<1,"",$CG$12) -> 0 | CH76: =IF(CJ75<1,0,CH64) -> 0 | CI76: =IF(CJ75<1,0,(CF76+CG76+CH76)-CE76) -> 779.21527 | CJ76: =IF(CJ75-CI76<1,0,CJ75-CI76) -> 467010.46 | CL76: =(CO75*($CL$35*13.85))/360 -> 837.63391 | CM76: =$D$37/2 -> 1266.7133 | CN76: =CM76-CL76 -> 429.07937 | CO76: =IF(CO75-CN76<0,0,CO75-CN76) -> 483402.78 | CP76: 40
A77: =IF(I76<1,"",A76+1) -> 41 | B77: =IF(I76<1,"",$E$7) -> 0.045 | C77: =IF(I76<1,0,(I76*(B77*30)/360)) -> 1768.6586 | D77: =IF(I76 > 1, IF(I76-D76<1,(I76+C77),$E$9), 0) -> 2533.4265 | E77: =IF(I76<1,"",$E$12) -> 0 | G77: =IF(I76>1,IF(G65>1,IF(I76<$E$13,(I76-D77+C77),G65),0),0) -> 0 | H77: =IF(I76<1,0,IF((D77+E77+G77)-C77>=(I76),(I76),(D77+E77+G77)-C77)) -> 764.76793 | I77: =IF(I76-H77<1,0,I76-H77) -> 470877.53 | O77: =O76-($O$72-$O$84)/12 -> 461453.5 | Q77: =CJ71 -> 470877.53 | S77: =SUM($C$37:C77) -> 74748.02 | U77: =SUM($CE$29:CE71) -> 74748.02 | W77: =MONTHLYANALYSISWORKSHEET!P49 -> 1316.25 | CC77: =SUM(CC76+1) -> 47 | CD77: =IF(CJ76<1,"",$CG$7) -> 0.045 | CE77: =IF(CJ76<1,"",(CJ76*(CD77*30)/360)) -> 1751.2892 | CF77: =IF(CJ76<1,"",$CG$9) -> 2533.4265 | CG77: =IF(CJ76<1,"",$CG$12) -> 0 | CH77: =IF(CJ76<1,0,CH65) -> 0 | CI77: =IF(CJ76<1,0,(CF77+CG77+CH77)-CE77) -> 782.13733 | CJ77: =IF(CJ76-CI77<1,0,CJ76-CI77) -> 466228.32 | CL77: =(CO76*($CL$35*13.85))/360 -> 836.89106 | CM77: =$D$37/2 -> 1266.7133 | CN77: =CM77-CL77 -> 429.82221 | CO77: =IF(CO76-CN77<0,0,CO76-CN77) -> 482972.96 | CP77: 41
A78: =IF(I77<1,"",A77+1) -> 42 | B78: =IF(I77<1,"",$E$7) -> 0.045 | C78: =IF(I77<1,0,(I77*(B78*30)/360)) -> 1765.7907 | D78: =IF(I77 > 1, IF(I77-D77<1,(I77+C78),$E$9), 0) -> 2533.4265 | E78: =IF(I77<1,"",$E$12) -> 0 | G78: =IF(I77>1,IF(G66>1,IF(I77<$E$13,(I77-D78+C78),G66),0),0) -> 0 | H78: =IF(I77<1,0,IF((D78+E78+G78)-C78>=(I77),(I77),(D78+E78+G78)-C78)) -> 767.63581 | I78: =IF(I77-H78<1,0,I77-H78) -> 470109.9 | O78: =O77-($O$72-$O$84)/12 -> 460437.12 | Q78: =CJ72 -> 470109.9 | S78: =SUM($C$37:C78) -> 76513.811 | U78: =SUM($CE$29:CE72) -> 76513.811 | W78: =MONTHLYANALYSISWORKSHEET!P50 -> 1348.75 | CC78: =SUM(CC77+1) -> 48 | CD78: =IF(CJ77<1,"",$CG$7) -> 0.045 | CE78: =IF(CJ77<1,"",(CJ77*(CD78*30)/360)) -> 1748.3562 | CF78: =IF(CJ77<1,"",$CG$9) -> 2533.4265 | CG78: =IF(CJ77<1,"",$CG$12) -> 0 | CH78: =IF(CJ77<1,0,CH66) -> 0 | CI78: =IF(CJ77<1,0,(CF78+CG78+CH78)-CE78) -> 785.07035 | CJ78: =IF(CJ77-CI78<1,0,CJ77-CI78) -> 465443.25 | CL78: =(CO77*($CL$35*13.85))/360 -> 836.14693 | CM78: =$D$37/2 -> 1266.7133 | CN78: =CM78-CL78 -> 430.56634 | CO78: =IF(CO77-CN78<0,0,CO77-CN78) -> 482542.39 | CP78: 42
A79: =IF(I78<1,"",A78+1) -> 43 | B79: =IF(I78<1,"",$E$7) -> 0.045 | C79: =IF(I78<1,0,(I78*(B79*30)/360)) -> 1762.9121 | D79: =IF(I78 > 1, IF(I78-D78<1,(I78+C79),$E$9), 0) -> 2533.4265 | E79: =IF(I78<1,"",$E$12) -> 0 | G79: =IF(I78>1,IF(G67>1,IF(I78<$E$13,(I78-D79+C79),G67),0),0) -> 0 | H79: =IF(I78<1,0,IF((D79+E79+G79)-C79>=(I78),(I78),(D79+E79+G79)-C79)) -> 770.51444 | I79: =IF(I78-H79<1,0,I78-H79) -> 469339.38 | O79: =O78-($O$72-$O$84)/12 -> 459420.75 | Q79: =CJ73 -> 469339.38 | S79: =SUM($C$37:C79) -> 78276.723 | U79: =SUM($CE$29:CE73) -> 78276.723 | W79: =MONTHLYANALYSISWORKSHEET!P51 -> 1375.8333 | CC79: =SUM(CC78+1) -> 49 | CD79: =IF(CJ78<1,"",$CG$7) -> 0.045 | CE79: =IF(CJ78<1,"",(CJ78*(CD79*30)/360)) -> 1745.4122 | CF79: =IF(CJ78<1,"",$CG$9) -> 2533.4265 | CG79: =IF(CJ78<1,"",$CG$12) -> 0 | CH79: =IF(CJ78<1,0,CH67) -> 0 | CI79: =IF(CJ78<1,0,(CF79+CG79+CH79)-CE79) -> 788.01436 | CJ79: =IF(CJ78-CI79<1,0,CJ78-CI79) -> 464655.24 | CL79: =(CO78*($CL$35*13.85))/360 -> 835.40151 | CM79: =$D$37/2 -> 1266.7133 | CN79: =CM79-CL79 -> 431.31176 | CO79: =IF(CO78-CN79<0,0,CO78-CN79) -> 482111.08 | CP79: 43
A80: =IF(I79<1,"",A79+1) -> 44 | B80: =IF(I79<1,"",$E$7) -> 0.045 | C80: =IF(I79<1,0,(I79*(B80*30)/360)) -> 1760.0227 | D80: =IF(I79 > 1, IF(I79-D79<1,(I79+C80),$E$9), 0) -> 2533.4265 | E80: =IF(I79<1,"",$E$12) -> 0 | G80: =IF(I79>1,IF(G68>1,IF(I79<$E$13,(I79-D80+C80),G68),0),0) -> 0 | H80: =IF(I79<1,0,IF((D80+E80+G80)-C80>=(I79),(I79),(D80+E80+G80)-C80)) -> 773.40387 | I80: =IF(I79-H80<1,0,I79-H80) -> 468565.98 | O80: =O79-($O$72-$O$84)/12 -> 458404.37 | Q80: =CJ74 -> 468565.98 | S80: =SUM($C$37:C80) -> 80036.746 | U80: =SUM($CE$29:CE74) -> 80036.746 | W80: =MONTHLYANALYSISWORKSHEET!P52 -> 1397.5 | CC80: =SUM(CC79+1) -> 50 | CD80: =IF(CJ79<1,"",$CG$7) -> 0.045 | CE80: =IF(CJ79<1,"",(CJ79*(CD80*30)/360)) -> 1742.4571 | CF80: =IF(CJ79<1,"",$CG$9) -> 2533.4265 | CG80: =IF(CJ79<1,"",$CG$12) -> 0 | CH80: =IF(CJ79<1,0,CH68) -> 0 | CI80: =IF(CJ79<1,0,(CF80+CG80+CH80)-CE80) -> 790.96941 | CJ80: =IF(CJ79-CI80<1,0,CJ79-CI80) -> 463864.27 | CL80: =(CO79*($CL$35*13.85))/360 -> 834.65481 | CM80: =$D$37/2 -> 1266.7133 | CN80: =CM80-CL80 -> 432.05847 | CO80: =IF(CO79-CN80<0,0,CO79-CN80) -> 481679.02 | CP80: 44
A81: =IF(I80<1,"",A80+1) -> 45 | B81: =IF(I80<1,"",$E$7) -> 0.045 | C81: =IF(I80<1,0,(I80*(B81*30)/360)) -> 1757.1224 | D81: =IF(I80 > 1, IF(I80-D80<1,(I80+C81),$E$9), 0) -> 2533.4265 | E81: =IF(I80<1,"",$E$12) -> 0 | G81: =IF(I80>1,IF(G69>1,IF(I80<$E$13,(I80-D81+C81),G69),0),0) -> 0 | H81: =IF(I80<1,0,IF((D81+E81+G81)-C81>=(I80),(I80),(D81+E81+G81)-C81)) -> 776.30413 | I81: =IF(I80-H81<1,0,I80-H81) -> 467789.67 | O81: =O80-($O$72-$O$84)/12 -> 457388 | Q81: =CJ75 -> 467789.67 | S81: =SUM($C$37:C81) -> 81793.868 | U81: =SUM($CE$29:CE75) -> 81793.868 | W81: =MONTHLYANALYSISWORKSHEET!P53 -> 1413.75 | CC81: =SUM(CC80+1) -> 51 | CD81: =IF(CJ80<1,"",$CG$7) -> 0.045 | CE81: =IF(CJ80<1,"",(CJ80*(CD81*30)/360)) -> 1739.491 | CF81: =IF(CJ80<1,"",$CG$9) -> 2533.4265 | CG81: =IF(CJ80<1,"",$CG$12) -> 0 | CH81: =IF(CJ80<1,0,CH69) -> 0 | CI81: =IF(CJ80<1,0,(CF81+CG81+CH81)-CE81) -> 793.93555 | CJ81: =IF(CJ80-CI81<1,0,CJ80-CI81) -> 463070.33 | CL81: =(CO80*($CL$35*13.85))/360 -> 833.9068 | CM81: =$D$37/2 -> 1266.7133 | CN81: =CM81-CL81 -> 432.80647 | CO81: =IF(CO80-CN81<0,0,CO80-CN81) -> 481246.21 | CP81: 45
A82: =IF(I81<1,"",A81+1) -> 46 | B82: =IF(I81<1,"",$E$7) -> 0.045 | C82: =IF(I81<1,0,(I81*(B82*30)/360)) -> 1754.2113 | D82: =IF(I81 > 1, IF(I81-D81<1,(I81+C82),$E$9), 0) -> 2533.4265 | E82: =IF(I81<1,"",$E$12) -> 0 | G82: =IF(I81>1,IF(G70>1,IF(I81<$E$13,(I81-D82+C82),G70),0),0) -> 0 | H82: =IF(I81<1,0,IF((D82+E82+G82)-C82>=(I81),(I81),(D82+E82+G82)-C82)) -> 779.21527 | I82: =IF(I81-H82<1,0,I81-H82) -> 467010.46 | O82: =O81-($O$72-$O$84)/12 -> 456371.62 | Q82: =CJ76 -> 467010.46 | S82: =SUM($C$37:C82) -> 83548.079 | U82: =SUM($CE$29:CE76) -> 83548.079 | W82: =MONTHLYANALYSISWORKSHEET!P54 -> 1424.5833 | CC82: =SUM(CC81+1) -> 52 | CD82: =IF(CJ81<1,"",$CG$7) -> 0.045 | CE82: =IF(CJ81<1,"",(CJ81*(CD82*30)/360)) -> 1736.5137 | CF82: =IF(CJ81<1,"",$CG$9) -> 2533.4265 | CG82: =IF(CJ81<1,"",$CG$12) -> 0 | CH82: =IF(CJ81<1,0,CH70) -> 0 | CI82: =IF(CJ81<1,0,(CF82+CG82+CH82)-CE82) -> 796.91281 | CJ82: =IF(CJ81-CI82<1,0,CJ81-CI82) -> 462273.42 | CL82: =(CO81*($CL$35*13.85))/360 -> 833.15751 | CM82: =$D$37/2 -> 1266.7133 | CN82: =CM82-CL82 -> 433.55577 | CO82: =IF(CO81-CN82<0,0,CO81-CN82) -> 480812.66 | CP82: 46
A83: =IF(I82<1,"",A82+1) -> 47 | B83: =IF(I82<1,"",$E$7) -> 0.045 | C83: =IF(I82<1,0,(I82*(B83*30)/360)) -> 1751.2892 | D83: =IF(I82 > 1, IF(I82-D82<1,(I82+C83),$E$9), 0) -> 2533.4265 | E83: =IF(I82<1,"",$E$12) -> 0 | G83: =IF(I82>1,IF(G71>1,IF(I82<$E$13,(I82-D83+C83),G71),0),0) -> 0 | H83: =IF(I82<1,0,IF((D83+E83+G83)-C83>=(I82),(I82),(D83+E83+G83)-C83)) -> 782.13733 | I83: =IF(I82-H83<1,0,I82-H83) -> 466228.32 | O83: =O82-($O$72-$O$84)/12 -> 455355.25 | Q83: =CJ77 -> 466228.32 | S83: =SUM($C$37:C83) -> 85299.368 | U83: =SUM($CE$29:CE77) -> 85299.368 | W83: =MONTHLYANALYSISWORKSHEET!P55 -> 1430 | CC83: =SUM(CC82+1) -> 53 | CD83: =IF(CJ82<1,"",$CG$7) -> 0.045 | CE83: =IF(CJ82<1,"",(CJ82*(CD83*30)/360)) -> 1733.5253 | CF83: =IF(CJ82<1,"",$CG$9) -> 2533.4265 | CG83: =IF(CJ82<1,"",$CG$12) -> 0 | CH83: =IF(CJ82<1,0,CH71) -> 0 | CI83: =IF(CJ82<1,0,(CF83+CG83+CH83)-CE83) -> 799.90123 | CJ83: =IF(CJ82-CI83<1,0,CJ82-CI83) -> 461473.52 | CL83: =(CO82*($CL$35*13.85))/360 -> 832.40692 | CM83: =$D$37/2 -> 1266.7133 | CN83: =CM83-CL83 -> 434.30636 | CO83: =IF(CO82-CN83<0,0,CO82-CN83) -> 480378.35 | CP83: 47
A84: =IF(I83<1,"",A83+1) -> 48 | B84: =IF(I83<1,"",$E$7) -> 0.045 | C84: =IF(I83<1,0,(I83*(B84*30)/360)) -> 1748.3562 | D84: =IF(I83 > 1, IF(I83-D83<1,(I83+C84),$E$9), 0) -> 2533.4265 | E84: =IF(I83<1,"",$E$12) -> 0 | G84: =IF(I83>1,IF(G72>1,IF(I83<$E$13,(I83-D84+C84),G72),0),0) -> 0 | H84: =IF(I83<1,0,IF((D84+E84+G84)-C84>=(I83),(I83),(D84+E84+G84)-C84)) -> 785.07035 | I84: =IF(I83-H84<1,0,I83-H84) -> 465443.25 | O84: =CO140 -> 454338.87 | Q84: =CJ78 -> 465443.25 | S84: =SUM($C$37:C84) -> 87047.725 | T84: 4 | U84: =SUM($CE$29:CE78) -> 87047.725 | W84: =MONTHLYANALYSISWORKSHEET!P56 -> 1430 | CC84: =SUM(CC83+1) -> 54 | CD84: =IF(CJ83<1,"",$CG$7) -> 0.045 | CE84: =IF(CJ83<1,"",(CJ83*(CD84*30)/360)) -> 1730.5257 | CF84: =IF(CJ83<1,"",$CG$9) -> 2533.4265 | CG84: =IF(CJ83<1,"",$CG$12) -> 0 | CH84: =IF(CJ83<1,0,CH72) -> 0 | CI84: =IF(CJ83<1,0,(CF84+CG84+CH84)-CE84) -> 802.90086 | CJ84: =IF(CJ83-CI84<1,0,CJ83-CI84) -> 460670.62 | CL84: =(CO83*($CL$35*13.85))/360 -> 831.65502 | CM84: =$D$37/2 -> 1266.7133 | CN84: =CM84-CL84 -> 435.05825 | CO84: =IF(CO83-CN84<0,0,CO83-CN84) -> 479943.29 | CP84: 48
A85: =IF(I84<1,"",A84+1) -> 49 | B85: =IF(I84<1,"",$E$7) -> 0.045 | C85: =IF(I84<1,0,(I84*(B85*30)/360)) -> 1745.4122 | D85: =IF(I84 > 1, IF(I84-D84<1,(I84+C85),$E$9), 0) -> 2533.4265 | E85: =IF(I84<1,"",$E$12) -> 0 | G85: =IF(I84>1,IF(G73>1,IF(I84<$E$13,(I84-D85+C85),G73),0),0) -> 0 | H85: =IF(I84<1,0,IF((D85+E85+G85)-C85>=(I84),(I84),(D85+E85+G85)-C85)) -> 788.01436 | I85: =IF(I84-H85<1,0,I84-H85) -> 464655.24 | O85: =O84-($O$84-$O$96)/12 -> 453275.74 | Q85: =CJ79 -> 464655.24 | S85: =SUM($C$37:C85) -> 88793.137 | U85: =SUM($CE$29:CE79) -> 88793.137 | W85: =MONTHLYANALYSISWORKSHEET!P57 -> 1489.5833 | CC85: =SUM(CC84+1) -> 55 | CD85: =IF(CJ84<1,"",$CG$7) -> 0.045 | CE85: =IF(CJ84<1,"",(CJ84*(CD85*30)/360)) -> 1727.5148 | CF85: =IF(CJ84<1,"",$CG$9) -> 2533.4265 | CG85: =IF(CJ84<1,"",$CG$12) -> 0 | CH85: =IF(CJ84<1,0,CH73) -> 0 | CI85: =IF(CJ84<1,0,(CF85+CG85+CH85)-CE85) -> 805.91174 | CJ85: =IF(CJ84-CI85<1,0,CJ84-CI85) -> 459864.7 | CL85: =(CO84*($CL$35*13.85))/360 -> 830.90183 | CM85: =$D$37/2 -> 1266.7133 | CN85: =CM85-CL85 -> 435.81145 | CO85: =IF(CO84-CN85<0,0,CO84-CN85) -> 479507.48 | CP85: 49
A86: =IF(I85<1,"",A85+1) -> 50 | B86: =IF(I85<1,"",$E$7) -> 0.045 | C86: =IF(I85<1,0,(I85*(B86*30)/360)) -> 1742.4571 | D86: =IF(I85 > 1, IF(I85-D85<1,(I85+C86),$E$9), 0) -> 2533.4265 | E86: =IF(I85<1,"",$E$12) -> 0 | G86: =IF(I85>1,IF(G74>1,IF(I85<$E$13,(I85-D86+C86),G74),0),0) -> 0 | H86: =IF(I85<1,0,IF((D86+E86+G86)-C86>=(I85),(I85),(D86+E86+G86)-C86)) -> 790.96941 | I86: =IF(I85-H86<1,0,I85-H86) -> 463864.27 | O86: =O85-($O$84-$O$96)/12 -> 452212.61 | Q86: =CJ80 -> 463864.27 | S86: =SUM($C$37:C86) -> 90535.594 | U86: =SUM($CE$29:CE80) -> 90535.594 | W86: =MONTHLYANALYSISWORKSHEET!P58 -> 1543.75 | CC86: =SUM(CC85+1) -> 56 | CD86: =IF(CJ85<1,"",$CG$7) -> 0.045 | CE86: =IF(CJ85<1,"",(CJ85*(CD86*30)/360)) -> 1724.4926 | CF86: =IF(CJ85<1,"",$CG$9) -> 2533.4265 | CG86: =IF(CJ85<1,"",$CG$12) -> 0 | CH86: =IF(CJ85<1,0,CH74) -> 0 | CI86: =IF(CJ85<1,0,(CF86+CG86+CH86)-CE86) -> 808.93391 | CJ86: =IF(CJ85-CI86<1,0,CJ85-CI86) -> 459055.77 | CL86: =(CO85*($CL$35*13.85))/360 -> 830.14733 | CM86: =$D$37/2 -> 1266.7133 | CN86: =CM86-CL86 -> 436.56595 | CO86: =IF(CO85-CN86<0,0,CO85-CN86) -> 479070.92 | CP86: 50
A87: =IF(I86<1,"",A86+1) -> 51 | B87: =IF(I86<1,"",$E$7) -> 0.045 | C87: =IF(I86<1,0,(I86*(B87*30)/360)) -> 1739.491 | D87: =IF(I86 > 1, IF(I86-D86<1,(I86+C87),$E$9), 0) -> 2533.4265 | E87: =IF(I86<1,"",$E$12) -> 0 | G87: =IF(I86>1,IF(G75>1,IF(I86<$E$13,(I86-D87+C87),G75),0),0) -> 0 | H87: =IF(I86<1,0,IF((D87+E87+G87)-C87>=(I86),(I86),(D87+E87+G87)-C87)) -> 793.93555 | I87: =IF(I86-H87<1,0,I86-H87) -> 463070.33 | O87: =O86-($O$84-$O$96)/12 -> 451149.48 | Q87: =CJ81 -> 463070.33 | S87: =SUM($C$37:C87) -> 92275.085 | U87: =SUM($CE$29:CE81) -> 92275.085 | W87: =MONTHLYANALYSISWORKSHEET!P59 -> 1592.5 | CC87: =SUM(CC86+1) -> 57 | CD87: =IF(CJ86<1,"",$CG$7) -> 0.045 | CE87: =IF(CJ86<1,"",(CJ86*(CD87*30)/360)) -> 1721.4591 | CF87: =IF(CJ86<1,"",$CG$9) -> 2533.4265 | CG87: =IF(CJ86<1,"",$CG$12) -> 0 | CH87: =IF(CJ86<1,0,CH75) -> 0 | CI87: =IF(CJ86<1,0,(CF87+CG87+CH87)-CE87) -> 811.96741 | CJ87: =IF(CJ86-CI87<1,0,CJ86-CI87) -> 458243.8 | CL87: =(CO86*($CL$35*13.85))/360 -> 829.39152 | CM87: =$D$37/2 -> 1266.7133 | CN87: =CM87-CL87 -> 437.32175 | CO87: =IF(CO86-CN87<0,0,CO86-CN87) -> 478633.59 | CP87: =IF(CO86<1,"",CP86+1) -> 51
A88: =IF(I87<1,"",A87+1) -> 52 | B88: =IF(I87<1,"",$E$7) -> 0.045 | C88: =IF(I87<1,0,(I87*(B88*30)/360)) -> 1736.5137 | D88: =IF(I87 > 1, IF(I87-D87<1,(I87+C88),$E$9), 0) -> 2533.4265 | E88: =IF(I87<1,"",$E$12) -> 0 | G88: =IF(I87>1,IF(G76>1,IF(I87<$E$13,(I87-D88+C88),G76),0),0) -> 0 | H88: =IF(I87<1,0,IF((D88+E88+G88)-C88>=(I87),(I87),(D88+E88+G88)-C88)) -> 796.91281 | I88: =IF(I87-H88<1,0,I87-H88) -> 462273.42 | O88: =O87-($O$84-$O$96)/12 -> 450086.35 | Q88: =CJ82 -> 462273.42 | S88: =SUM($C$37:C88) -> 94011.599 | U88: =SUM($CE$29:CE82) -> 94011.599 | W88: =MONTHLYANALYSISWORKSHEET!P60 -> 1635.8333 | CC88: =SUM(CC87+1) -> 58 | CD88: =IF(CJ87<1,"",$CG$7) -> 0.045 | CE88: =IF(CJ87<1,"",(CJ87*(CD88*30)/360)) -> 1718.4143 | CF88: =IF(CJ87<1,"",$CG$9) -> 2533.4265 | CG88: =IF(CJ87<1,"",$CG$12) -> 0 | CH88: =IF(CJ87<1,0,CH76) -> 0 | CI88: =IF(CJ87<1,0,(CF88+CG88+CH88)-CE88) -> 815.01229 | CJ88: =IF(CJ87-CI88<1,0,CJ87-CI88) -> 457428.79 | CL88: =(CO87*($CL$35*13.85))/360 -> 828.63441 | CM88: =$D$37/2 -> 1266.7133 | CN88: =CM88-CL88 -> 438.07886 | CO88: =IF(CO87-CN88<0,0,CO87-CN88) -> 478195.52 | CP88: =IF(CO87<1,"",CP87+1) -> 52
A89: =IF(I88<1,"",A88+1) -> 53 | B89: =IF(I88<1,"",$E$7) -> 0.045 | C89: =IF(I88<1,0,(I88*(B89*30)/360)) -> 1733.5253 | D89: =IF(I88 > 1, IF(I88-D88<1,(I88+C89),$E$9), 0) -> 2533.4265 | E89: =IF(I88<1,"",$E$12) -> 0 | G89: =IF(I88>1,IF(G77>1,IF(I88<$E$13,(I88-D89+C89),G77),0),0) -> 0 | H89: =IF(I88<1,0,IF((D89+E89+G89)-C89>=(I88),(I88),(D89+E89+G89)-C89)) -> 799.90123 | I89: =IF(I88-H89<1,0,I88-H89) -> 461473.52 | O89: =O88-($O$84-$O$96)/12 -> 449023.23 | Q89: =CJ83 -> 461473.52 | S89: =SUM($C$37:C89) -> 95745.124 | U89: =SUM($CE$29:CE83) -> 95745.124 | W89: =MONTHLYANALYSISWORKSHEET!P61 -> 1673.75 | CC89: =SUM(CC88+1) -> 59 | CD89: =IF(CJ88<1,"",$CG$7) -> 0.045 | CE89: =IF(CJ88<1,"",(CJ88*(CD89*30)/360)) -> 1715.358 | CF89: =IF(CJ88<1,"",$CG$9) -> 2533.4265 | CG89: =IF(CJ88<1,"",$CG$12) -> 0 | CH89: =IF(CJ88<1,0,CH77) -> 0 | CI89: =IF(CJ88<1,0,(CF89+CG89+CH89)-CE89) -> 818.06858 | CJ89: =IF(CJ88-CI89<1,0,CJ88-CI89) -> 456610.72 | CL89: =(CO88*($CL$35*13.85))/360 -> 827.87599 | CM89: =$D$37/2 -> 1266.7133 | CN89: =CM89-CL89 -> 438.83729 | CO89: =IF(CO88-CN89<0,0,CO88-CN89) -> 477756.68 | CP89: =IF(CO88<1,"",CP88+1) -> 53
A90: =IF(I89<1,"",A89+1) -> 54 | B90: =IF(I89<1,"",$E$7) -> 0.045 | C90: =IF(I89<1,0,(I89*(B90*30)/360)) -> 1730.5257 | D90: =IF(I89 > 1, IF(I89-D89<1,(I89+C90),$E$9), 0) -> 2533.4265 | E90: =IF(I89<1,"",$E$12) -> 0 | G90: =IF(I89>1,IF(G78>1,IF(I89<$E$13,(I89-D90+C90),G78),0),0) -> 0 | H90: =IF(I89<1,0,IF((D90+E90+G90)-C90>=(I89),(I89),(D90+E90+G90)-C90)) -> 802.90086 | I90: =IF(I89-H90<1,0,I89-H90) -> 460670.62 | O90: =O89-($O$84-$O$96)/12 -> 447960.1 | Q90: =CJ84 -> 460670.62 | S90: =SUM($C$37:C90) -> 97475.65 | U90: =SUM($CE$29:CE84) -> 97475.65 | W90: =MONTHLYANALYSISWORKSHEET!P62 -> 1706.25 | CC90: =SUM(CC89+1) -> 60 | CD90: =IF(CJ89<1,"",$CG$7) -> 0.045 | CE90: =IF(CJ89<1,"",(CJ89*(CD90*30)/360)) -> 1712.2902 | CF90: =IF(CJ89<1,"",$CG$9) -> 2533.4265 | CG90: =IF(CJ89<1,"",$CG$12) -> 0 | CH90: =IF(CJ89<1,0,CH78) -> 0 | CI90: =IF(CJ89<1,0,(CF90+CG90+CH90)-CE90) -> 821.13634 | CJ90: =IF(CJ89-CI90<1,0,CJ89-CI90) -> 455789.59 | CL90: =(CO89*($CL$35*13.85))/360 -> 827.11625 | CM90: =$D$37/2 -> 1266.7133 | CN90: =CM90-CL90 -> 439.59702 | CO90: =IF(CO89-CN90<0,0,CO89-CN90) -> 477317.08 | CP90: =IF(CO89<1,"",CP89+1) -> 54
A91: =IF(I90<1,"",A90+1) -> 55 | B91: =IF(I90<1,"",$E$7) -> 0.045 | C91: =IF(I90<1,0,(I90*(B91*30)/360)) -> 1727.5148 | D91: =IF(I90 > 1, IF(I90-D90<1,(I90+C91),$E$9), 0) -> 2533.4265 | E91: =IF(I90<1,"",$E$12) -> 0 | G91: =IF(I90>1,IF(G79>1,IF(I90<$E$13,(I90-D91+C91),G79),0),0) -> 0 | H91: =IF(I90<1,0,IF((D91+E91+G91)-C91>=(I90),(I90),(D91+E91+G91)-C91)) -> 805.91174 | I91: =IF(I90-H91<1,0,I90-H91) -> 459864.7 | O91: =O90-($O$84-$O$96)/12 -> 446896.97 | Q91: =CJ85 -> 459864.7 | S91: =SUM($C$37:C91) -> 99203.165 | U91: =SUM($CE$29:CE85) -> 99203.165 | W91: =MONTHLYANALYSISWORKSHEET!P63 -> 1733.3333 | CC91: =SUM(CC90+1) -> 61 | CD91: =IF(CJ90<1,"",$CG$7) -> 0.045 | CE91: =IF(CJ90<1,"",(CJ90*(CD91*30)/360)) -> 1709.2109 | CF91: =IF(CJ90<1,"",$CG$9) -> 2533.4265 | CG91: =IF(CJ90<1,"",$CG$12) -> 0 | CH91: =IF(CJ90<1,0,CH79) -> 0 | CI91: =IF(CJ90<1,0,(CF91+CG91+CH91)-CE91) -> 824.2156 | CJ91: =IF(CJ90-CI91<1,0,CJ90-CI91) -> 454965.37 | CL91: =(CO90*($CL$35*13.85))/360 -> 826.3552 | CM91: =$D$37/2 -> 1266.7133 | CN91: =CM91-CL91 -> 440.35808 | CO91: =IF(CO90-CN91<0,0,CO90-CN91) -> 476876.72 | CP91: =IF(CO90<1,"",CP90+1) -> 55
A92: =IF(I91<1,"",A91+1) -> 56 | B92: =IF(I91<1,"",$E$7) -> 0.045 | C92: =IF(I91<1,0,(I91*(B92*30)/360)) -> 1724.4926 | D92: =IF(I91 > 1, IF(I91-D91<1,(I91+C92),$E$9), 0) -> 2533.4265 | E92: =IF(I91<1,"",$E$12) -> 0 | G92: =IF(I91>1,IF(G80>1,IF(I91<$E$13,(I91-D92+C92),G80),0),0) -> 0 | H92: =IF(I91<1,0,IF((D92+E92+G92)-C92>=(I91),(I91),(D92+E92+G92)-C92)) -> 808.93391 | I92: =IF(I91-H92<1,0,I91-H92) -> 459055.77 | O92: =O91-($O$84-$O$96)/12 -> 445833.84 | Q92: =CJ86 -> 459055.77 | S92: =SUM($C$37:C92) -> 100927.66 | U92: =SUM($CE$29:CE86) -> 100927.66 | W92: =MONTHLYANALYSISWORKSHEET!P64 -> 1755 | CC92: =SUM(CC91+1) -> 62 | CD92: =IF(CJ91<1,"",$CG$7) -> 0.045 | CE92: =IF(CJ91<1,"",(CJ91*(CD92*30)/360)) -> 1706.1201 | CF92: =IF(CJ91<1,"",$CG$9) -> 2533.4265 | CG92: =IF(CJ91<1,"",$CG$12) -> 0 | CH92: =IF(CJ91<1,0,CH80) -> 0 | CI92: =IF(CJ91<1,0,(CF92+CG92+CH92)-CE92) -> 827.30641 | CJ92: =IF(CJ91-CI92<1,0,CJ91-CI92) -> 454138.06 | CL92: =(CO91*($CL$35*13.85))/360 -> 825.59283 | CM92: =$D$37/2 -> 1266.7133 | CN92: =CM92-CL92 -> 441.12045 | CO92: =IF(CO91-CN92<0,0,CO91-CN92) -> 476435.6 | CP92: =IF(CO91<1,"",CP91+1) -> 56
A93: =IF(I92<1,"",A92+1) -> 57 | B93: =IF(I92<1,"",$E$7) -> 0.045 | C93: =IF(I92<1,0,(I92*(B93*30)/360)) -> 1721.4591 | D93: =IF(I92 > 1, IF(I92-D92<1,(I92+C93),$E$9), 0) -> 2533.4265 | E93: =IF(I92<1,"",$E$12) -> 0 | G93: =IF(I92>1,IF(G81>1,IF(I92<$E$13,(I92-D93+C93),G81),0),0) -> 0 | H93: =IF(I92<1,0,IF((D93+E93+G93)-C93>=(I92),(I92),(D93+E93+G93)-C93)) -> 811.96741 | I93: =IF(I92-H93<1,0,I92-H93) -> 458243.8 | O93: =O92-($O$84-$O$96)/12 -> 444770.71 | Q93: =CJ87 -> 458243.8 | S93: =SUM($C$37:C93) -> 102649.12 | U93: =SUM($CE$29:CE87) -> 102649.12 | W93: =MONTHLYANALYSISWORKSHEET!P65 -> 1771.25 | CC93: =SUM(CC92+1) -> 63 | CD93: =IF(CJ92<1,"",$CG$7) -> 0.045 | CE93: =IF(CJ92<1,"",(CJ92*(CD93*30)/360)) -> 1703.0177 | CF93: =IF(CJ92<1,"",$CG$9) -> 2533.4265 | CG93: =IF(CJ92<1,"",$CG$12) -> 0 | CH93: =IF(CJ92<1,0,CH81) -> 0 | CI93: =IF(CJ92<1,0,(CF93+CG93+CH93)-CE93) -> 830.40881 | CJ93: =IF(CJ92-CI93<1,0,CJ92-CI93) -> 453307.65 | CL93: =(CO92*($CL$35*13.85))/360 -> 824.82914 | CM93: =$D$37/2 -> 1266.7133 | CN93: =CM93-CL93 -> 441.88414 | CO93: =IF(CO92-CN93<0,0,CO92-CN93) -> 475993.72 | CP93: =IF(CO92<1,"",CP92+1) -> 57
A94: =IF(I93<1,"",A93+1) -> 58 | B94: =IF(I93<1,"",$E$7) -> 0.045 | C94: =IF(I93<1,0,(I93*(B94*30)/360)) -> 1718.4143 | D94: =IF(I93 > 1, IF(I93-D93<1,(I93+C94),$E$9), 0) -> 2533.4265 | E94: =IF(I93<1,"",$E$12) -> 0 | G94: =IF(I93>1,IF(G82>1,IF(I93<$E$13,(I93-D94+C94),G82),0),0) -> 0 | H94: =IF(I93<1,0,IF((D94+E94+G94)-C94>=(I93),(I93),(D94+E94+G94)-C94)) -> 815.01229 | I94: =IF(I93-H94<1,0,I93-H94) -> 457428.79 | O94: =O93-($O$84-$O$96)/12 -> 443707.58 | Q94: =CJ88 -> 457428.79 | S94: =SUM($C$37:C94) -> 104367.53 | U94: =SUM($CE$29:CE88) -> 104367.53 | W94: =MONTHLYANALYSISWORKSHEET!P66 -> 1782.0833 | CC94: =SUM(CC93+1) -> 64 | CD94: =IF(CJ93<1,"",$CG$7) -> 0.045 | CE94: =IF(CJ93<1,"",(CJ93*(CD94*30)/360)) -> 1699.9037 | CF94: =IF(CJ93<1,"",$CG$9) -> 2533.4265 | CG94: =IF(CJ93<1,"",$CG$12) -> 0 | CH94: =IF(CJ93<1,0,CH82) -> 0 | CI94: =IF(CJ93<1,0,(CF94+CG94+CH94)-CE94) -> 833.52284 | CJ94: =IF(CJ93-CI94<1,0,CJ93-CI94) -> 452474.13 | CL94: =(CO93*($CL$35*13.85))/360 -> 824.06413 | CM94: =$D$37/2 -> 1266.7133 | CN94: =CM94-CL94 -> 442.64915 | CO94: =IF(CO93-CN94<0,0,CO93-CN94) -> 475551.07 | CP94: =IF(CO93<1,"",CP93+1) -> 58
A95: =IF(I94<1,"",A94+1) -> 59 | B95: =IF(I94<1,"",$E$7) -> 0.045 | C95: =IF(I94<1,0,(I94*(B95*30)/360)) -> 1715.358 | D95: =IF(I94 > 1, IF(I94-D94<1,(I94+C95),$E$9), 0) -> 2533.4265 | E95: =IF(I94<1,"",$E$12) -> 0 | G95: =IF(I94>1,IF(G83>1,IF(I94<$E$13,(I94-D95+C95),G83),0),0) -> 0 | H95: =IF(I94<1,0,IF((D95+E95+G95)-C95>=(I94),(I94),(D95+E95+G95)-C95)) -> 818.06858 | I95: =IF(I94-H95<1,0,I94-H95) -> 456610.72 | O95: =O94-($O$84-$O$96)/12 -> 442644.45 | Q95: =CJ89 -> 456610.72 | S95: =SUM($C$37:C95) -> 106082.89 | U95: =SUM($CE$29:CE89) -> 106082.89 | W95: =MONTHLYANALYSISWORKSHEET!P67 -> 1787.5 | CC95: =SUM(CC94+1) -> 65 | CD95: =IF(CJ94<1,"",$CG$7) -> 0.045 | CE95: =IF(CJ94<1,"",(CJ94*(CD95*30)/360)) -> 1696.778 | CF95: =IF(CJ94<1,"",$CG$9) -> 2533.4265 | CG95: =IF(CJ94<1,"",$CG$12) -> 0 | CH95: =IF(CJ94<1,0,CH83) -> 0 | CI95: =IF(CJ94<1,0,(CF95+CG95+CH95)-CE95) -> 836.64855 | CJ95: =IF(CJ94-CI95<1,0,CJ94-CI95) -> 451637.48 | CL95: =(CO94*($CL$35*13.85))/360 -> 823.29779 | CM95: =$D$37/2 -> 1266.7133 | CN95: =CM95-CL95 -> 443.41548 | CO95: =IF(CO94-CN95<0,0,CO94-CN95) -> 475107.65 | CP95: =IF(CO94<1,"",CP94+1) -> 59
A96: =IF(I95<1,"",A95+1) -> 60 | B96: =IF(I95<1,"",$E$7) -> 0.045 | C96: =IF(I95<1,0,(I95*(B96*30)/360)) -> 1712.2902 | D96: =IF(I95 > 1, IF(I95-D95<1,(I95+C96),$E$9), 0) -> 2533.4265 | E96: =IF(I95<1,"",$E$12) -> 0 | G96: =IF(I95>1,IF(G84>1,IF(I95<$E$13,(I95-D96+C96),G84),0),0) -> 0 | H96: =IF(I95<1,0,IF((D96+E96+G96)-C96>=(I95),(I95),(D96+E96+G96)-C96)) -> 821.13634 | I96: =IF(I95-H96<1,0,I95-H96) -> 455789.59 | N96: 5 | O96: =CO166 -> 441581.32 | Q96: =CJ90 -> 455789.59 | S96: =SUM($C$37:C96) -> 107795.18 | T96: 5 | U96: =SUM($CE$29:CE90) -> 107795.18 | W96: =MONTHLYANALYSISWORKSHEET!P68 -> 1787.5 | CC96: =SUM(CC95+1) -> 66 | CD96: =IF(CJ95<1,"",$CG$7) -> 0.045 | CE96: =IF(CJ95<1,"",(CJ95*(CD96*30)/360)) -> 1693.6406 | CF96: =IF(CJ95<1,"",$CG$9) -> 2533.4265 | CG96: =IF(CJ95<1,"",$CG$12) -> 0 | CH96: =IF(CJ95<1,0,CH84) -> 0 | CI96: =IF(CJ95<1,0,(CF96+CG96+CH96)-CE96) -> 839.78599 | CJ96: =IF(CJ95-CI96<1,0,CJ95-CI96) -> 450797.7 | CL96: =(CO95*($CL$35*13.85))/360 -> 822.53013 | CM96: =$D$37/2 -> 1266.7133 | CN96: =CM96-CL96 -> 444.18315 | CO96: =IF(CO95-CN96<0,0,CO95-CN96) -> 474663.47 | CP96: =IF(CO95<1,"",CP95+1) -> 60
A97: =IF(I96<1,"",A96+1) -> 61 | B97: =IF(I96<1,"",$E$7) -> 0.045 | C97: =IF(I96<1,0,(I96*(B97*30)/360)) -> 1709.2109 | D97: =IF(I96 > 1, IF(I96-D96<1,(I96+C97),$E$9), 0) -> 2533.4265 | E97: =IF(I96<1,"",$E$12) -> 0 | G97: =IF(I96>1,IF(G85>1,IF(I96<$E$13,(I96-D97+C97),G85),0),0) -> 0 | H97: =IF(I96<1,0,IF((D97+E97+G97)-C97>=(I96),(I96),(D97+E97+G97)-C97)) -> 824.2156 | I97: =IF(I96-H97<1,0,I96-H97) -> 454965.37 | O97: =O96-($O$96-$O$108)/12 -> 440469.29 | Q97: =CJ91 -> 454965.37 | S97: =SUM($C$37:C97) -> 109504.39 | U97: =SUM($CE$29:CE91) -> 109504.39 | W97: =MONTHLYANALYSISWORKSHEET!P69 -> 1847.0833 | CC97: =SUM(CC96+1) -> 67 | CD97: =IF(CJ96<1,"",$CG$7) -> 0.045 | CE97: =IF(CJ96<1,"",(CJ96*(CD97*30)/360)) -> 1690.4914 | CF97: =IF(CJ96<1,"",$CG$9) -> 2533.4265 | CG97: =IF(CJ96<1,"",$CG$12) -> 0 | CH97: =IF(CJ96<1,0,CH85) -> 0 | CI97: =IF(CJ96<1,0,(CF97+CG97+CH97)-CE97) -> 842.93518 | CJ97: =IF(CJ96-CI97<1,0,CJ96-CI97) -> 449954.76 | CL97: =(CO96*($CL$35*13.85))/360 -> 821.76113 | CM97: =$D$37/2 -> 1266.7133 | CN97: =CM97-CL97 -> 444.95214 | CO97: =IF(CO96-CN97<0,0,CO96-CN97) -> 474218.52 | CP97: =IF(CO96<1,"",CP96+1) -> 61
A98: =IF(I97<1,"",A97+1) -> 62 | B98: =IF(I97<1,"",$E$7) -> 0.045 | C98: =IF(I97<1,0,(I97*(B98*30)/360)) -> 1706.1201 | D98: =IF(I97 > 1, IF(I97-D97<1,(I97+C98),$E$9), 0) -> 2533.4265 | E98: =IF(I97<1,"",$E$12) -> 0 | G98: =IF(I97>1,IF(G86>1,IF(I97<$E$13,(I97-D98+C98),G86),0),0) -> 0 | H98: =IF(I97<1,0,IF((D98+E98+G98)-C98>=(I97),(I97),(D98+E98+G98)-C98)) -> 827.30641 | I98: =IF(I97-H98<1,0,I97-H98) -> 454138.06 | O98: =O97-($O$96-$O$108)/12 -> 439357.26 | Q98: =CJ92 -> 454138.06 | S98: =SUM($C$37:C98) -> 111210.51 | U98: =SUM($CE$29:CE92) -> 111210.51 | W98: =MONTHLYANALYSISWORKSHEET!P70 -> 1901.25 | CC98: =SUM(CC97+1) -> 68 | CD98: =IF(CJ97<1,"",$CG$7) -> 0.045 | CE98: =IF(CJ97<1,"",(CJ97*(CD98*30)/360)) -> 1687.3304 | CF98: =IF(CJ97<1,"",$CG$9) -> 2533.4265 | CG98: =IF(CJ97<1,"",$CG$12) -> 0 | CH98: =IF(CJ97<1,0,CH86) -> 0 | CI98: =IF(CJ97<1,0,(CF98+CG98+CH98)-CE98) -> 846.09619 | CJ98: =IF(CJ97-CI98<1,0,CJ97-CI98) -> 449108.67 | CL98: =(CO97*($CL$35*13.85))/360 -> 820.99081 | CM98: =$D$37/2 -> 1266.7133 | CN98: =CM98-CL98 -> 445.72246 | CO98: =IF(CO97-CN98<0,0,CO97-CN98) -> 473772.8 | CP98: =IF(CO97<1,"",CP97+1) -> 62
A99: =IF(I98<1,"",A98+1) -> 63 | B99: =IF(I98<1,"",$E$7) -> 0.045 | C99: =IF(I98<1,0,(I98*(B99*30)/360)) -> 1703.0177 | D99: =IF(I98 > 1, IF(I98-D98<1,(I98+C99),$E$9), 0) -> 2533.4265 | E99: =IF(I98<1,"",$E$12) -> 0 | G99: =IF(I98>1,IF(G87>1,IF(I98<$E$13,(I98-D99+C99),G87),0),0) -> 0 | H99: =IF(I98<1,0,IF((D99+E99+G99)-C99>=(I98),(I98),(D99+E99+G99)-C99)) -> 830.40881 | I99: =IF(I98-H99<1,0,I98-H99) -> 453307.65 | O99: =O98-($O$96-$O$108)/12 -> 438245.22 | Q99: =CJ93 -> 453307.65 | S99: =SUM($C$37:C99) -> 112913.53 | U99: =SUM($CE$29:CE93) -> 112913.53 | W99: =MONTHLYANALYSISWORKSHEET!P71 -> 1950 | CC99: =SUM(CC98+1) -> 69 | CD99: =IF(CJ98<1,"",$CG$7) -> 0.045 | CE99: =IF(CJ98<1,"",(CJ98*(CD99*30)/360)) -> 1684.1575 | CF99: =IF(CJ98<1,"",$CG$9) -> 2533.4265 | CG99: =IF(CJ98<1,"",$CG$12) -> 0 | CH99: =IF(CJ98<1,0,CH87) -> 0 | CI99: =IF(CJ98<1,0,(CF99+CG99+CH99)-CE99) -> 849.26905 | CJ99: =IF(CJ98-CI99<1,0,CJ98-CI99) -> 448259.4 | CL99: =(CO98*($CL$35*13.85))/360 -> 820.21915 | CM99: =$D$37/2 -> 1266.7133 | CN99: =CM99-CL99 -> 446.49412 | CO99: =IF(CO98-CN99<0,0,CO98-CN99) -> 473326.3 | CP99: =IF(CO98<1,"",CP98+1) -> 63
A100: =IF(I99<1,"",A99+1) -> 64 | B100: =IF(I99<1,"",$E$7) -> 0.045 | C100: =IF(I99<1,0,(I99*(B100*30)/360)) -> 1699.9037 | D100: =IF(I99 > 1, IF(I99-D99<1,(I99+C100),$E$9), 0) -> 2533.4265 | E100: =IF(I99<1,"",$E$12) -> 0 | G100: =IF(I99>1,IF(G88>1,IF(I99<$E$13,(I99-D100+C100),G88),0),0) -> 0 | H100: =IF(I99<1,0,IF((D100+E100+G100)-C100>=(I99),(I99),(D100+E100+G100)-C100)) -> 833.52284 | I100: =IF(I99-H100<1,0,I99-H100) -> 452474.13 | O100: =O99-($O$96-$O$108)/12 -> 437133.19 | Q100: =CJ94 -> 452474.13 | S100: =SUM($C$37:C100) -> 114613.43 | U100: =SUM($CE$29:CE94) -> 114613.43 | W100: =MONTHLYANALYSISWORKSHEET!P72 -> 1993.3333 | CC100: =SUM(CC99+1) -> 70 | CD100: =IF(CJ99<1,"",$CG$7) -> 0.045 | CE100: =IF(CJ99<1,"",(CJ99*(CD100*30)/360)) -> 1680.9727 | CF100: =IF(CJ99<1,"",$CG$9) -> 2533.4265 | CG100: =IF(CJ99<1,"",$CG$12) -> 0 | CH100: =IF(CJ99<1,0,CH88) -> 0 | CI100: =IF(CJ99<1,0,(CF100+CG100+CH100)-CE100) -> 852.45381 | CJ100: =IF(CJ99-CI100<1,0,CJ99-CI100) -> 447406.94 | CL100: =(CO99*($CL$35*13.85))/360 -> 819.44616 | CM100: =$D$37/2 -> 1266.7133 | CN100: =CM100-CL100 -> 447.26711 | CO100: =IF(CO99-CN100<0,0,CO99-CN100) -> 472879.04 | CP100: =IF(CO99<1,"",CP99+1) -> 64
A101: =IF(I100<1,"",A100+1) -> 65 | B101: =IF(I100<1,"",$E$7) -> 0.045 | C101: =IF(I100<1,0,(I100*(B101*30)/360)) -> 1696.778 | D101: =IF(I100 > 1, IF(I100-D100<1,(I100+C101),$E$9), 0) -> 2533.4265 | E101: =IF(I100<1,"",$E$12) -> 0 | G101: =IF(I100>1,IF(G89>1,IF(I100<$E$13,(I100-D101+C101),G89),0),0) -> 0 | H101: =IF(I100<1,0,IF((D101+E101+G101)-C101>=(I100),(I100),(D101+E101+G101)-C101)) -> 836.64855 | I101: =IF(I100-H101<1,0,I100-H101) -> 451637.48 | O101: =O100-($O$96-$O$108)/12 -> 436021.16 | Q101: =CJ95 -> 451637.48 | S101: =SUM($C$37:C101) -> 116310.21 | U101: =SUM($CE$29:CE95) -> 116310.21 | W101: =MONTHLYANALYSISWORKSHEET!P73 -> 2031.25 | CC101: =SUM(CC100+1) -> 71 | CD101: =IF(CJ100<1,"",$CG$7) -> 0.045 | CE101: =IF(CJ100<1,"",(CJ100*(CD101*30)/360)) -> 1677.776 | CF101: =IF(CJ100<1,"",$CG$9) -> 2533.4265 | CG101: =IF(CJ100<1,"",$CG$12) -> 0 | CH101: =IF(CJ100<1,0,CH89) -> 0 | CI101: =IF(CJ100<1,0,(CF101+CG101+CH101)-CE101) -> 855.65051 | CJ101: =IF(CJ100-CI101<1,0,CJ100-CI101) -> 446551.29 | CL101: =(CO100*($CL$35*13.85))/360 -> 818.67183 | CM101: =$D$37/2 -> 1266.7133 | CN101: =CM101-CL101 -> 448.04144 | CO101: =IF(CO100-CN101<0,0,CO100-CN101) -> 472430.99 | CP101: =IF(CO100<1,"",CP100+1) -> 65
A102: =IF(I101<1,"",A101+1) -> 66 | B102: =IF(I101<1,"",$E$7) -> 0.045 | C102: =IF(I101<1,0,(I101*(B102*30)/360)) -> 1693.6406 | D102: =IF(I101 > 1, IF(I101-D101<1,(I101+C102),$E$9), 0) -> 2533.4265 | E102: =IF(I101<1,"",$E$12) -> 0 | G102: =IF(I101>1,IF(G90>1,IF(I101<$E$13,(I101-D102+C102),G90),0),0) -> 0 | H102: =IF(I101<1,0,IF((D102+E102+G102)-C102>=(I101),(I101),(D102+E102+G102)-C102)) -> 839.78599 | I102: =IF(I101-H102<1,0,I101-H102) -> 450797.7 | O102: =O101-($O$96-$O$108)/12 -> 434909.12 | Q102: =CJ96 -> 450797.7 | S102: =SUM($C$37:C102) -> 118003.85 | U102: =SUM($CE$29:CE96) -> 118003.85 | W102: =MONTHLYANALYSISWORKSHEET!P74 -> 2063.75 | CC102: =SUM(CC101+1) -> 72 | CD102: =IF(CJ101<1,"",$CG$7) -> 0.045 | CE102: =IF(CJ101<1,"",(CJ101*(CD102*30)/360)) -> 1674.5673 | CF102: =IF(CJ101<1,"",$CG$9) -> 2533.4265 | CG102: =IF(CJ101<1,"",$CG$12) -> 0 | CH102: =IF(CJ101<1,0,CH90) -> 0 | CI102: =IF(CJ101<1,0,(CF102+CG102+CH102)-CE102) -> 858.8592 | CJ102: =IF(CJ101-CI102<1,0,CJ101-CI102) -> 445692.43 | CL102: =(CO101*($CL$35*13.85))/360 -> 817.89616 | CM102: =$D$37/2 -> 1266.7133 | CN102: =CM102-CL102 -> 448.81712 | CO102: =IF(CO101-CN102<0,0,CO101-CN102) -> 471982.18 | CP102: =IF(CO101<1,"",CP101+1) -> 66
A103: =IF(I102<1,"",A102+1) -> 67 | B103: =IF(I102<1,"",$E$7) -> 0.045 | C103: =IF(I102<1,0,(I102*(B103*30)/360)) -> 1690.4914 | D103: =IF(I102 > 1, IF(I102-D102<1,(I102+C103),$E$9), 0) -> 2533.4265 | E103: =IF(I102<1,"",$E$12) -> 0 | G103: =IF(I102>1,IF(G91>1,IF(I102<$E$13,(I102-D103+C103),G91),0),0) -> 0 | H103: =IF(I102<1,0,IF((D103+E103+G103)-C103>=(I102),(I102),(D103+E103+G103)-C103)) -> 842.93518 | I103: =IF(I102-H103<1,0,I102-H103) -> 449954.76 | O103: =O102-($O$96-$O$108)/12 -> 433797.09 | Q103: =CJ97 -> 449954.76 | S103: =SUM($C$37:C103) -> 119694.34 | U103: =SUM($CE$29:CE97) -> 119694.34 | W103: =MONTHLYANALYSISWORKSHEET!P75 -> 2090.8333 | CC103: =SUM(CC102+1) -> 73 | CD103: =IF(CJ102<1,"",$CG$7) -> 0.045 | CE103: =IF(CJ102<1,"",(CJ102*(CD103*30)/360)) -> 1671.3466 | CF103: =IF(CJ102<1,"",$CG$9) -> 2533.4265 | CG103: =IF(CJ102<1,"",$CG$12) -> 0 | CH103: =IF(CJ102<1,0,CH91) -> 0 | CI103: =IF(CJ102<1,0,(CF103+CG103+CH103)-CE103) -> 862.07992 | CJ103: =IF(CJ102-CI103<1,0,CJ102-CI103) -> 444830.35 | CL103: =(CO102*($CL$35*13.85))/360 -> 817.11914 | CM103: =$D$37/2 -> 1266.7133 | CN103: =CM103-CL103 -> 449.59413 | CO103: =IF(CO102-CN103<0,0,CO102-CN103) -> 471532.58 | CP103: =IF(CO102<1,"",CP102+1) -> 67
A104: =IF(I103<1,"",A103+1) -> 68 | B104: =IF(I103<1,"",$E$7) -> 0.045 | C104: =IF(I103<1,0,(I103*(B104*30)/360)) -> 1687.3304 | D104: =IF(I103 > 1, IF(I103-D103<1,(I103+C104),$E$9), 0) -> 2533.4265 | E104: =IF(I103<1,"",$E$12) -> 0 | G104: =IF(I103>1,IF(G92>1,IF(I103<$E$13,(I103-D104+C104),G92),0),0) -> 0 | H104: =IF(I103<1,0,IF((D104+E104+G104)-C104>=(I103),(I103),(D104+E104+G104)-C104)) -> 846.09619 | I104: =IF(I103-H104<1,0,I103-H104) -> 449108.67 | O104: =O103-($O$96-$O$108)/12 -> 432685.06 | Q104: =CJ98 -> 449108.67 | S104: =SUM($C$37:C104) -> 121381.67 | U104: =SUM($CE$29:CE98) -> 121381.67 | W104: =MONTHLYANALYSISWORKSHEET!P76 -> 2112.5 | CC104: =SUM(CC103+1) -> 74 | CD104: =IF(CJ103<1,"",$CG$7) -> 0.045 | CE104: =IF(CJ103<1,"",(CJ103*(CD104*30)/360)) -> 1668.1138 | CF104: =IF(CJ103<1,"",$CG$9) -> 2533.4265 | CG104: =IF(CJ103<1,"",$CG$12) -> 0 | CH104: =IF(CJ103<1,0,CH92) -> 0 | CI104: =IF(CJ103<1,0,(CF104+CG104+CH104)-CE104) -> 865.31272 | CJ104: =IF(CJ103-CI104<1,0,CJ103-CI104) -> 443965.04 | CL104: =(CO103*($CL$35*13.85))/360 -> 816.34078 | CM104: =$D$37/2 -> 1266.7133 | CN104: =CM104-CL104 -> 450.37249 | CO104: =IF(CO103-CN104<0,0,CO103-CN104) -> 471082.21 | CP104: =IF(CO103<1,"",CP103+1) -> 68
A105: =IF(I104<1,"",A104+1) -> 69 | B105: =IF(I104<1,"",$E$7) -> 0.045 | C105: =IF(I104<1,0,(I104*(B105*30)/360)) -> 1684.1575 | D105: =IF(I104 > 1, IF(I104-D104<1,(I104+C105),$E$9), 0) -> 2533.4265 | E105: =IF(I104<1,"",$E$12) -> 0 | G105: =IF(I104>1,IF(G93>1,IF(I104<$E$13,(I104-D105+C105),G93),0),0) -> 0 | H105: =IF(I104<1,0,IF((D105+E105+G105)-C105>=(I104),(I104),(D105+E105+G105)-C105)) -> 849.26905 | I105: =IF(I104-H105<1,0,I104-H105) -> 448259.4 | O105: =O104-($O$96-$O$108)/12 -> 431573.02 | Q105: =CJ99 -> 448259.4 | S105: =SUM($C$37:C105) -> 123065.83 | U105: =SUM($CE$29:CE99) -> 123065.83 | W105: =MONTHLYANALYSISWORKSHEET!P77 -> 2128.75 | CC105: =SUM(CC104+1) -> 75 | CD105: =IF(CJ104<1,"",$CG$7) -> 0.045 | CE105: =IF(CJ104<1,"",(CJ104*(CD105*30)/360)) -> 1664.8689 | CF105: =IF(CJ104<1,"",$CG$9) -> 2533.4265 | CG105: =IF(CJ104<1,"",$CG$12) -> 0 | CH105: =IF(CJ104<1,0,CH93) -> 0 | CI105: =IF(CJ104<1,0,(CF105+CG105+CH105)-CE105) -> 868.55765 | CJ105: =IF(CJ104-CI105<1,0,CJ104-CI105) -> 443096.48 | CL105: =(CO104*($CL$35*13.85))/360 -> 815.56108 | CM105: =$D$37/2 -> 1266.7133 | CN105: =CM105-CL105 -> 451.1522 | CO105: =IF(CO104-CN105<0,0,CO104-CN105) -> 470631.06 | CP105: =IF(CO104<1,"",CP104+1) -> 69
...

Sheet MONTHLYANALYSISWORKSHEET
C2: CASH FLOW MAXIMIZER TRACKING WORKSHEET
F4: Monthly | G4: Total Of
C5: Beginning | D5: LOC | E5: Monthly | F5: Mortgage | G5: Other Monthly | H5: Ending | I5: CFM | K5: Bi-Weekly | M5: Conventional | P5: LOC
C6: LOC | D6: Transfer To | E6: Deposits | F6: Payment | G6: Bills Paid | H6: LOC | I6: Mortgage | K6: Mortgage | M6: Mortgage | P6: COST
A7: Period | B7: Date | C7: Balance | D7: Mortgage | E7: To LOC | F7: From LOC | G7: From LOC | H7: Balance | I7: Balance | K7: Balance | M7: Balance | P7: @
I8: =CFM!E6 -> 500000 | K8: =CFM!E6 -> 500000 | M8: =CFM!E6 -> 500000 | O8: =P8 -> 6.5 | P8: 6.5
A9: 1 | B9: 40360 | C9: 25000 | D9: 12000 | E9: 8000 | F9: 2000.5 | G9: 4999.5 | H9: =IF(C9-D9+E9-F9-G9>$C$9,$C$9,C9-D9+E9-F9-G9) -> 14000 | I9: =CFM!I37 -> 499341.57 | K9: =CFM!O37 -> 499111.91 | M9: =CFM!CJ29 -> 499341.57 | O9: =IF($C$9<H9,0,($C$9-H9)*($O$8*0.01)*30)/360 -> 59.583333 | P9: =O9 -> 59.583333
A10: =A9+1 -> 2 | B10: 40391 | C10: =H9 -> 14000 | E10: 8000 | F10: 2000.5 | G10: 4999.5 | H10: =IF(C10-D10+E10-F10-G10>$C$9,$C$9,C10-D10+E10-F10-G10) -> 15000 | I10: =CFM!I38 -> 498680.68 | K10: =CFM!O38 -> 498223.81 | M10: =CFM!CJ30 -> 498680.68 | O10: =IF($C$9<H10,0,($C$9-H10)*($O$8*0.01)*30)/360 -> 54.166667 | P10: =IF(E10="","",SUM($O$9:O10)) -> 113.75
A11: =A10+1 -> 3 | B11: 40422 | C11: =H10 -> 15000 | E11: 8000 | F11: 2000.5 | G11: 4999.5 | H11: =IF(C11-D11+E11-F11-G11>$C$9,$C$9,C11-D11+E11-F11-G11) -> 16000 | I11: =CFM!I39 -> 498017.3 | K11: =CFM!O39 -> 497335.72 | M11: =CFM!CJ31 -> 498017.3 | O11: =IF($C$9<H11,0,($C$9-H11)*($O$8*0.01)*30)/360 -> 48.75 | P11: =IF(E11="","",SUM($O$9:O11)) -> 162.5
A12: =A11+1 -> 4 | B12: 40452 | C12: =H11 -> 16000 | E12: 8000 | F12: 2000.5 | G12: 4999.5 | H12: =IF(C12-D12+E12-F12-G12>$C$9,$C$9,C12-D12+E12-F12-G12) -> 17000 | I12: =CFM!I40 -> 497351.44 | K12: =CFM!O40 -> 496447.62 | M12: =CFM!CJ34 -> 497351.44 | O12: =IF($C$9<H12,0,($C$9-H12)*($O$8*0.01)*30)/360 -> 43.333333 | P12: =IF(E12="","",SUM($O$9:O12)) -> 205.83333
A13: =A12+1 -> 5 | B13: 40483 | C13: =H12 -> 17000 | E13: 8000 | F13: 2000.5 | G13: 4999.5 | H13: =IF(C13-D13+E13-F13-G13>$C$9,$C$9,C13-D13+E13-F13-G13) -> 18000 | I13: =CFM!I41 -> 496683.08 | K13: =CFM!O41 -> 495559.53 | M13: =CFM!CJ35 -> 496683.08 | O13: =IF($C$9<H13,0,($C$9-H13)*($O$8*0.01)*30)/360 -> 37.916667 | P13: =IF(E13="","",SUM($O$9:O13)) -> 243.75
A14: =A13+1 -> 6 | B14: 40513 | C14: =H13 -> 18000 | E14: 8000 | F14: 2000.5 | G14: 4999.5 | H14: =IF(C14-D14+E14-F14-G14>$C$9,$C$9,C14-D14+E14-F14-G14) -> 19000 | I14: =CFM!I42 -> 496012.22 | K14: =CFM!O42 -> 494671.44 | M14: =CFM!CJ36 -> 496012.22 | O14: =IF($C$9<H14,0,($C$9-H14)*($O$8*0.01)*30)/360 -> 32.5 | P14: =IF(E14="","",SUM($O$9:O14)) -> 276.25
A15: =A14+1 -> 7 | B15: 40544 | C15: =H14 -> 19000 | E15: 8000 | F15: 2000.5 | G15: 4999.5 | H15: =IF(C15-D15+E15-F15-G15>$C$9,$C$9,C15-D15+E15-F15-G15) -> 20000 | I15: =CFM!I43 -> 495338.84 | K15: =CFM!O43 -> 493783.34 | M15: =CFM!CJ37 -> 495338.84 | O15: =IF($C$9<H15,0,($C$9-H15)*($O$8*0.01)*30)/360 -> 27.083333 | P15: =IF(E15="","",SUM($O$9:O15)) -> 303.33333
A16: =A15+1 -> 8 | B16: 40575 | C16: =H15 -> 20000 | E16: 8000 | F16: 2000.5 | G16: 4999.5 | H16: =IF(C16-D16+E16-F16-G16>$C$9,$C$9,C16-D16+E16-F16-G16) -> 21000 | I16: =CFM!I44 -> 494662.93 | K16: =CFM!O44 -> 492895.25 | M16: =CFM!CJ38 -> 494662.93 | O16: =IF($C$9<H16,0,($C$9-H16)*($O$8*0.01)*30)/360 -> 21.666667 | P16: =IF(E16="","",SUM($O$9:O16)) -> 325
A17: =A16+1 -> 9 | B17: 40603 | C17: =H16 -> 21000 | E17: 8000 | F17: 2000.5 | G17: 4999.5 | H17: =IF(C17-D17+E17-F17-G17>$C$9,$C$9,C17-D17+E17-F17-G17) -> 22000 | I17: =CFM!I45 -> 493984.49 | K17: =CFM!O45 -> 492007.15 | M17: =CFM!CJ39 -> 493984.49 | O17: =IF($C$9<H17,0,($C$9-H17)*($O$8*0.01)*30)/360 -> 16.25 | P17: =IF(E17="","",SUM($O$9:O17)) -> 341.25
A18: =A17+1 -> 10 | B18: 40634 | C18: =H17 -> 22000 | E18: 8000 | F18: 2000.5 | G18: 4999.5 | H18: =IF(C18-D18+E18-F18-G18>$C$9,$C$9,C18-D18+E18-F18-G18) -> 23000 | I18: =CFM!I46 -> 493303.51 | K18: =CFM!O46 -> 491119.06 | M18: =CFM!CJ40 -> 493303.51 | O18: =IF($C$9<H18,0,($C$9-H18)*($O$8*0.01)*30)/360 -> 10.833333 | P18: =IF(E18="","",SUM($O$9:O18)) -> 352.08333
A19: =A18+1 -> 11 | B19: 40664 | C19: =H18 -> 23000 | E19: 8000 | F19: 2000.5 | G19: 4999.5 | H19: =IF(C19-D19+E19-F19-G19>$C$9,$C$9,C19-D19+E19-F19-G19) -> 24000 | I19: =CFM!I47 -> 492619.97 | K19: =CFM!O47 -> 490230.97 | M19: =CFM!CJ41 -> 492619.97 | O19: =IF($C$9<H19,0,($C$9-H19)*($O$8*0.01)*30)/360 -> 5.4166667 | P19: =IF(E19="","",SUM($O$9:O19)) -> 357.5
A20: =A19+1 -> 12 | B20: 40695 | C20: =H19 -> 24000 | E20: 8000 | F20: 2000.5 | G20: 4999.5 | H20: =IF(C20-D20+E20-F20-G20>$C$9,$C$9,C20-D20+E20-F20-G20) -> 25000 | I20: =CFM!I48 -> 491933.87 | K20: =CFM!O48 -> 489342.87 | M20: =CFM!CJ42 -> 491933.87 | O20: =IF($C$9<H20,0,($C$9-H20)*($O$8*0.01)*30)/360 -> 0 | P20: =IF(E20="","",SUM($O$9:O20)) -> 357.5
A21: =A20+1 -> 13 | B21: 40725 | C21: =H20 -> 25000 | D21: 12000 | E21: 8000 | F21: 2000.5 | G21: 4999.5 | H21: =IF(C21-D21+E21-F21-G21>$C$9,$C$9,C21-D21+E21-F21-G21) -> 14000 | I21: =CFM!I49 -> 491245.19 | K21: =CFM!O49 -> 488413.93 | M21: =CFM!CJ43 -> 491245.19 | O21: =IF($C$9<H21,0,($C$9-H21)*($O$8*0.01)*30)/360 -> 59.583333 | P21: =IF(E21="","",SUM($O$9:O21)) -> 417.08333
A22: =A21+1 -> 14 | B22: 40756 | C22: =H21 -> 14000 | E22: 8000 | F22: 2000.5 | G22: 4999.5 | H22: =IF(C22-D22+E22-F22-G22>$C$9,$C$9,C22-D22+E22-F22-G22) -> 15000 | I22: =CFM!I50 -> 490553.93 | K22: =CFM!O50 -> 487484.98 | M22: =CFM!CJ44 -> 490553.93 | O22: =IF($C$9<H22,0,($C$9-H22)*($O$8*0.01)*30)/360 -> 54.166667 | P22: =IF(E22="","",SUM($O$9:O22)) -> 471.25
A23: =A22+1 -> 15 | B23: 40787 | C23: =H22 -> 15000 | E23: 8000 | F23: 2000.5 | G23: 4999.5 | H23: =IF(C23-D23+E23-F23-G23>$C$9,$C$9,C23-D23+E23-F23-G23) -> 16000 | I23: =CFM!I51 -> 489860.09 | K23: =CFM!O51 -> 486556.03 | M23: =CFM!CJ45 -> 489860.09 | O23: =IF($C$9<H23,0,($C$9-H23)*($O$8*0.01)*30)/360 -> 48.75 | P23: =IF(E23="","",SUM($O$9:O23)) -> 520
A24: =A23+1 -> 16 | B24: 40817 | C24: =H23 -> 16000 | E24: 8000 | F24: 2000.5 | G24: 4999.5 | H24: =IF(C24-D24+E24-F24-G24>$C$9,$C$9,C24-D24+E24-F24-G24) -> 17000 | I24: =CFM!I52 -> 489163.63 | K24: =CFM!O52 -> 485627.09 | M24: =CFM!CJ46 -> 489163.63 | O24: =IF($C$9<H24,0,($C$9-H24)*($O$8*0.01)*30)/360 -> 43.333333 | P24: =IF(E24="","",SUM($O$9:O24)) -> 563.33333
A25: =A24+1 -> 17 | B25: 40848 | C25: =H24 -> 17000 | E25: 8000 | F25: 2000.5 | G25: 4999.5 | H25: =IF(C25-D25+E25-F25-G25>$C$9,$C$9,C25-D25+E25-F25-G25) -> 18000 | I25: =CFM!I53 -> 488464.57 | K25: =CFM!O53 -> 484698.14 | M25: =CFM!CJ47 -> 488464.57 | O25: =IF($C$9<H25,0,($C$9-H25)*($O$8*0.01)*30)/360 -> 37.916667 | P25: =IF(E25="","",SUM($O$9:O25)) -> 601.25
A26: =A25+1 -> 18 | B26: 40878 | C26: =H25 -> 18000 | E26: 8000 | F26: 2000.5 | G26: 4999.5 | H26: =IF(C26-D26+E26-F26-G26>$C$9,$C$9,C26-D26+E26-F26-G26) -> 19000 | I26: =CFM!I54 -> 487762.89 | K26: =CFM!O54 -> 483769.19 | M26: =CFM!CJ48 -> 487762.89 | O26: =IF($C$9<H26,0,($C$9-H26)*($O$8*0.01)*30)/360 -> 32.5 | P26: =IF(E26="","",SUM($O$9:O26)) -> 633.75
A27: =A26+1 -> 19 | B27: 40909 | C27: =H26 -> 19000 | E27: 8000 | F27: 2000.5 | G27: 4999.5 | H27: =IF(C27-D27+E27-F27-G27>$C$9,$C$9,C27-D27+E27-F27-G27) -> 20000 | I27: =CFM!I55 -> 487058.57 | K27: =CFM!O55 -> 482840.25 | M27: =CFM!CJ49 -> 487058.57 | O27: =IF($C$9<H27,0,($C$9-H27)*($O$8*0.01)*30)/360 -> 27.083333 | P27: =IF(E27="","",SUM($O$9:O27)) -> 660.83333
A28: =A27+1 -> 20 | B28: 40940 | C28: =H27 -> 20000 | E28: 8000 | F28: 2000.5 | G28: 4999.5 | H28: =IF(C28-D28+E28-F28-G28>$C$9,$C$9,C28-D28+E28-F28-G28) -> 21000 | I28: =CFM!I56 -> 486351.61 | K28: =CFM!O56 -> 481911.3 | M28: =CFM!CJ50 -> 486351.61 | O28: =IF($C$9<H28,0,($C$9-H28)*($O$8*0.01)*30)/360 -> 21.666667 | P28: =IF(E28="","",SUM($O$9:O28)) -> 682.5
A29: =A28+1 -> 21 | B29: 40969 | C29: =H28 -> 21000 | E29: 8000 | F29: 2000.5 | G29: 4999.5 | H29: =IF(C29-D29+E29-F29-G29>$C$9,$C$9,C29-D29+E29-F29-G29) -> 22000 | I29: =CFM!I57 -> 485642.01 | K29: =CFM!O57 -> 480982.36 | M29: =CFM!CJ51 -> 485642.01 | O29: =IF($C$9<H29,0,($C$9-H29)*($O$8*0.01)*30)/360 -> 16.25 | P29: =IF(E29="","",SUM($O$9:O29)) -> 698.75
A30: =A29+1 -> 22 | B30: 41000 | C30: =H29 -> 22000 | E30: 8000 | F30: 2000.5 | G30: 4999.5 | H30: =IF(C30-D30+E30-F30-G30>$C$9,$C$9,C30-D30+E30-F30-G30) -> 23000 | I30: =CFM!I58 -> 484929.74 | K30: =CFM!O58 -> 480053.41 | M30: =CFM!CJ52 -> 484929.74 | O30: =IF($C$9<H30,0,($C$9-H30)*($O$8*0.01)*30)/360 -> 10.833333 | P30: =IF(E30="","",SUM($O$9:O30)) -> 709.58333
A31: =A30+1 -> 23 | B31: 41030 | C31: =H30 -> 23000 | E31: 8000 | F31: 2000.5 | G31: 4999.5 | H31: =IF(C31-D31+E31-F31-G31>$C$9,$C$9,C31-D31+E31-F31-G31) -> 24000 | I31: =CFM!I59 -> 484214.8 | K31: =CFM!O59 -> 479124.46 | M31: =CFM!CJ53 -> 484214.8 | O31: =IF($C$9<H31,0,($C$9-H31)*($O$8*0.01)*30)/360 -> 5.4166667 | P31: =IF(E31="","",SUM($O$9:O31)) -> 715
A32: =A31+1 -> 24 | B32: 41061 | C32: =H31 -> 24000 | E32: 8000 | F32: 2000.5 | G32: 4999.5 | H32: =IF(C32-D32+E32-F32-G32>$C$9,$C$9,C32-D32+E32-F32-G32) -> 25000 | I32: =CFM!I60 -> 483497.18 | K32: =CFM!O60 -> 478195.52 | M32: =CFM!CJ54 -> 483497.18 | O32: =IF($C$9<H32,0,($C$9-H32)*($O$8*0.01)*30)/360 -> 0 | P32: =IF(E32="","",SUM($O$9:O32)) -> 715
A33: =A32+1 -> 25 | B33: 41091 | C33: =H32 -> 25000 | D33: 12000 | E33: 8000 | F33: 2000.5 | G33: 4999.5 | H33: =IF(C33-D33+E33-F33-G33>$C$9,$C$9,C33-D33+E33-F33-G33) -> 14000 | I33: =CFM!I61 -> 482776.86 | K33: =CFM!O61 -> 477223.84 | M33: =CFM!CJ55 -> 482776.86 | O33: =IF($C$9<H33,0,($C$9-H33)*($O$8*0.01)*30)/360 -> 59.583333 | P33: =IF(E33="","",SUM($O$9:O33)) -> 774.58333
A34: =A33+1 -> 26 | B34: 41122 | C34: =H33 -> 14000 | E34: 8000 | F34: 2000.5 | G34: 4999.5 | H34: =IF(C34-D34+E34-F34-G34>$C$9,$C$9,C34-D34+E34-F34-G34) -> 15000 | I34: =CFM!I62 -> 482053.85 | K34: =CFM!O62 -> 476252.16 | M34: =CFM!CJ56 -> 482053.85 | O34: =IF($C$9<H34,0,($C$9-H34)*($O$8*0.01)*30)/360 -> 54.166667 | P34: =IF(E34="","",SUM($O$9:O34)) -> 828.75
A35: =A34+1 -> 27 | B35: 41153 | C35: =H34 -> 15000 | E35: 8000 | F35: 2000.5 | G35: 4999.5 | H35: =IF(C35-D35+E35-F35-G35>$C$9,$C$9,C35-D35+E35-F35-G35) -> 16000 | I35: =CFM!I63 -> 481328.13 | K35: =CFM!O63 -> 475280.48 | M35: =CFM!CJ57 -> 481328.13 | O35: =IF($C$9<H35,0,($C$9-H35)*($O$8*0.01)*30)/360 -> 48.75 | P35: =IF(E35="","",SUM($O$9:O35)) -> 877.5
A36: =A35+1 -> 28 | B36: 41183 | C36: =H35 -> 16000 | E36: 8000 | F36: 2000.5 | G36: 4999.5 | H36: =IF(C36-D36+E36-F36-G36>$C$9,$C$9,C36-D36+E36-F36-G36) -> 17000 | I36: =CFM!I64 -> 480599.68 | K36: =CFM!O64 -> 474308.8 | M36: =CFM!CJ58 -> 480599.68 | O36: =IF($C$9<H36,0,($C$9-H36)*($O$8*0.01)*30)/360 -> 43.333333 | P36: =IF(E36="","",SUM($O$9:O36)) -> 920.83333
A37: =A36+1 -> 29 | B37: 41214 | C37: =H36 -> 17000 | E37: 8000 | F37: 2000.5 | G37: 4999.5 | H37: =IF(C37-D37+E37-F37-G37>$C$9,$C$9,C37-D37+E37-F37-G37) -> 18000 | I37: =CFM!I65 -> 479868.5 | K37: =CFM!O65 -> 473337.13 | M37: =CFM!CJ59 -> 479868.5 | O37: =IF($C$9<H37,0,($C$9-H37)*($O$8*0.01)*30)/360 -> 37.916667 | P37: =IF(E37="","",SUM($O$9:O37)) -> 958.75
A38: =A37+1 -> 30 | B38: 41244 | C38: =H37 -> 18000 | E38: 8000 | F38: 2000.5 | G38: 4999.5 | H38: =IF(C38-D38+E38-F38-G38>$C$9,$C$9,C38-D38+E38-F38-G38) -> 19000 | I38: =CFM!I66 -> 479134.58 | K38: =CFM!O66 -> 472365.45 | M38: =CFM!CJ60 -> 479134.58 | O38: =IF($C$9<H38,0,($C$9-H38)*($O$8*0.01)*30)/360 -> 32.5 | P38: =IF(E38="","",SUM($O$9:O38)) -> 991.25
A39: =A38+1 -> 31 | B39: 41275 | C39: =H38 -> 19000 | E39: 8000 | F39: 2000.5 | G39: 4999.5 | H39: =IF(C39-D39+E39-F39-G39>$C$9,$C$9,C39-D39+E39-F39-G39) -> 20000 | I39: =CFM!I67 -> 478397.91 | K39: =CFM!O67 -> 471393.77 | M39: =CFM!CJ61 -> 478397.91 | O39: =IF($C$9<H39,0,($C$9-H39)*($O$8*0.01)*30)/360 -> 27.083333 | P39: =IF(E39="","",SUM($O$9:O39)) -> 1018.3333
A40: =A39+1 -> 32 | B40: 41306 | C40: =H39 -> 20000 | E40: 8000 | F40: 2000.5 | G40: 4999.5 | H40: =IF(C40-D40+E40-F40-G40>$C$9,$C$9,C40-D40+E40-F40-G40) -> 21000 | I40: =CFM!I68 -> 477658.48 | K40: =CFM!O68 -> 470422.09 | M40: =CFM!CJ62 -> 477658.48 | O40: =IF($C$9<H40,0,($C$9-H40)*($O$8*0.01)*30)/360 -> 21.666667 | P40: =IF(E40="","",SUM($O$9:O40)) -> 1040
A41: =A40+1 -> 33 | B41: 41334 | C41: =H40 -> 21000 | E41: 8000 | F41: 2000.5 | G41: 4999.5 | H41: =IF(C41-D41+E41-F41-G41>$C$9,$C$9,C41-D41+E41-F41-G41) -> 22000 | I41: =CFM!I69 -> 476916.27 | K41: =CFM!O69 -> 469450.41 | M41: =CFM!CJ63 -> 476916.27 | O41: =IF($C$9<H41,0,($C$9-H41)*($O$8*0.01)*30)/360 -> 16.25 | P41: =IF(E41="","",SUM($O$9:O41)) -> 1056.25
A42: =A41+1 -> 34 | B42: 41365 | C42: =H41 -> 22000 | E42: 8000 | F42: 2000.5 | G42: 4999.5 | H42: =IF(C42-D42+E42-F42-G42>$C$9,$C$9,C42-D42+E42-F42-G42) -> 23000 | I42: =CFM!I70 -> 476171.28 | K42: =CFM!O70 -> 468478.73 | M42: =CFM!CJ64 -> 476171.28 | O42: =IF($C$9<H42,0,($C$9-H42)*($O$8*0.01)*30)/360 -> 10.833333 | P42: =IF(E42="","",SUM($O$9:O42)) -> 1067.0833
A43: =A42+1 -> 35 | B43: 41395 | C43: =H42 -> 23000 | E43: 8000 | F43: 2000.5 | G43: 4999.5 | H43: =IF(C43-D43+E43-F43-G43>$C$9,$C$9,C43-D43+E43-F43-G43) -> 24000 | I43: =CFM!I71 -> 475423.49 | K43: =CFM!O71 -> 467507.06 | M43: =CFM!CJ65 -> 475423.49 | O43: =IF($C$9<H43,0,($C$9-H43)*($O$8*0.01)*30)/360 -> 5.4166667 | P43: =IF(E43="","",SUM($O$9:O43)) -> 1072.5
A44: =A43+1 -> 36 | B44: 41426 | C44: =H43 -> 24000 | E44: 8000 | F44: 2000.5 | G44: 4999.5 | H44: =IF(C44-D44+E44-F44-G44>$C$9,$C$9,C44-D44+E44-F44-G44) -> 25000 | I44: =CFM!I72 -> 474672.91 | K44: =CFM!O72 -> 466535.38 | M44: =CFM!CJ66 -> 474672.91 | O44: =IF($C$9<H44,0,($C$9-H44)*($O$8*0.01)*30)/360 -> 0 | P44: =IF(E44="","",SUM($O$9:O44)) -> 1072.5
A45: =A44+1 -> 37 | B45: 41456 | C45: =H44 -> 25000 | D45: 12000 | E45: 8000 | F45: 2000.5 | G45: 4999.5 | H45: =IF(C45-D45+E45-F45-G45>$C$9,$C$9,C45-D45+E45-F45-G45) -> 14000 | I45: =CFM!I73 -> 473919.5 | K45: =CFM!O73 -> 465519 | M45: =CFM!CJ67 -> 473919.5 | O45: =IF($C$9<H45,0,($C$9-H45)*($O$8*0.01)*30)/360 -> 59.583333 | P45: =IF(E45="","",SUM($O$9:O45)) -> 1132.0833
A46: =A45+1 -> 38 | B46: 41487 | C46: =H45 -> 14000 | E46: 8000 | F46: 2000.5 | G46: 4999.5 | H46: =IF(C46-D46+E46-F46-G46>$C$9,$C$9,C46-D46+E46-F46-G46) -> 15000 | I46: =CFM!I74 -> 473163.27 | K46: =CFM!O74 -> 464502.63 | M46: =CFM!CJ68 -> 473163.27 | O46: =IF($C$9<H46,0,($C$9-H46)*($O$8*0.01)*30)/360 -> 54.166667 | P46: =IF(E46="","",SUM($O$9:O46)) -> 1186.25
A47: =A46+1 -> 39 | B47: 41518 | C47: =H46 -> 15000 | E47: 8000 | F47: 2000.5 | G47: 4999.5 | H47: =IF(C47-D47+E47-F47-G47>$C$9,$C$9,C47-D47+E47-F47-G47) -> 16000 | I47: =CFM!I75 -> 472404.21 | K47: =CFM!O75 -> 463486.25 | M47: =CFM!CJ69 -> 472404.21 | O47: =IF($C$9<H47,0,($C$9-H47)*($O$8*0.01)*30)/360 -> 48.75 | P47: =IF(E47="","",SUM($O$9:O47)) -> 1235
A48: =A47+1 -> 40 | B48: 41548 | C48: =H47 -> 16000 | E48: 8000 | F48: 2000.5 | G48: 4999.5 | H48: =IF(C48-D48+E48-F48-G48>$C$9,$C$9,C48-D48+E48-F48-G48) -> 17000 | I48: =CFM!I76 -> 471642.3 | K48: =CFM!O76 -> 462469.88 | M48: =CFM!CJ70 -> 471642.3 | O48: =IF($C$9<H48,0,($C$9-H48)*($O$8*0.01)*30)/360 -> 43.333333 | P48: =IF(E48="","",SUM($O$9:O48)) -> 1278.3333
A49: =A48+1 -> 41 | B49: 41579 | C49: =H48 -> 17000 | E49: 8000 | F49: 2000.5 | G49: 4999.5 | H49: =IF(C49-D49+E49-F49-G49>$C$9,$C$9,C49-D49+E49-F49-G49) -> 18000 | I49: =CFM!I77 -> 470877.53 | K49: =CFM!O77 -> 461453.5 | M49: =CFM!CJ71 -> 470877.53 | O49: =IF($C$9<H49,0,($C$9-H49)*($O$8*0.01)*30)/360 -> 37.916667 | P49: =IF(E49="","",SUM($O$9:O49)) -> 1316.25
A50: =A49+1 -> 42 | B50: 41609 | C50: =H49 -> 18000 | E50: 8000 | F50: 2000.5 | G50: 4999.5 | H50: =IF(C50-D50+E50-F50-G50>$C$9,$C$9,C50-D50+E50-F50-G50) -> 19000 | I50: =CFM!I78 -> 470109.9 | K50: =CFM!O78 -> 460437.12 | M50: =CFM!CJ72 -> 470109.9 | O50: =IF($C$9<H50,0,($C$9-H50)*($O$8*0.01)*30)/360 -> 32.5 | P50: =IF(E50="","",SUM($O$9:O50)) -> 1348.75
A51: =A50+1 -> 43 | B51: 41640 | C51: =H50 -> 19000 | E51: 8000 | F51: 2000.5 | G51: 4999.5 | H51: =IF(C51-D51+E51-F51-G51>$C$9,$C$9,C51-D51+E51-F51-G51) -> 20000 | I51: =CFM!I79 -> 469339.38 | K51: =CFM!O79 -> 459420.75 | M51: =CFM!CJ73 -> 469339.38 | O51: =IF($C$9<H51,0,($C$9-H51)*($O$8*0.01)*30)/360 -> 27.083333 | P51: =IF(E51="","",SUM($O$9:O51)) -> 1375.8333
A52: =A51+1 -> 44 | B52: 41671 | C52: =H51 -> 20000 | E52: 8000 | F52: 2000.5 | G52: 4999.5 | H52: =IF(C52-D52+E52-F52-G52>$C$9,$C$9,C52-D52+E52-F52-G52) -> 21000 | I52: =CFM!I80 -> 468565.98 | K52: =CFM!O80 -> 458404.37 | M52: =CFM!CJ74 -> 468565.98 | O52: =IF($C$9<H52,0,($C$9-H52)*($O$8*0.01)*30)/360 -> 21.666667 | P52: =IF(E52="","",SUM($O$9:O52)) -> 1397.5
A53: =A52+1 -> 45 | B53: 41699 | C53: =H52 -> 21000 | E53: 8000 | F53: 2000.5 | G53: 4999.5 | H53: =IF(C53-D53+E53-F53-G53>$C$9,$C$9,C53-D53+E53-F53-G53) -> 22000 | I53: =CFM!I81 -> 467789.67 | K53: =CFM!O81 -> 457388 | M53: =CFM!CJ75 -> 467789.67 | O53: =IF($C$9<H53,0,($C$9-H53)*($O$8*0.01)*30)/360 -> 16.25 | P53: =IF(E53="","",SUM($O$9:O53)) -> 1413.75
A54: =A53+1 -> 46 | B54: 41730 | C54: =H53 -> 22000 | E54: 8000 | F54: 2000.5 | G54: 4999.5 | H54: =IF(C54-D54+E54-F54-G54>$C$9,$C$9,C54-D54+E54-F54-G54) -> 23000 | I54: =CFM!I82 -> 467010.46 | K54: =CFM!O82 -> 456371.62 | M54: =CFM!CJ76 -> 467010.46 | O54: =IF($C$9<H54,0,($C$9-H54)*($O$8*0.01)*30)/360 -> 10.833333 | P54: =IF(E54="","",SUM($O$9:O54)) -> 1424.5833
A55: =A54+1 -> 47 | B55: 41760 | C55: =H54 -> 23000 | E55: 8000 | F55: 2000.5 | G55: 4999.5 | H55: =IF(C55-D55+E55-F55-G55>$C$9,$C$9,C55-D55+E55-F55-G55) -> 24000 | I55: =CFM!I83 -> 466228.32 | K55: =CFM!O83 -> 455355.25 | M55: =CFM!CJ77 -> 466228.32 | O55: =IF($C$9<H55,0,($C$9-H55)*($O$8*0.01)*30)/360 -> 5.4166667 | P55: =IF(E55="","",SUM($O$9:O55)) -> 1430
A56: =A55+1 -> 48 | B56: 41791 | C56: =H55 -> 24000 | E56: 8000 | F56: 2000.5 | G56: 4999.5 | H56: =IF(C56-D56+E56-F56-G56>$C$9,$C$9,C56-D56+E56-F56-G56) -> 25000 | I56: =CFM!I84 -> 465443.25 | K56: =CFM!O84 -> 454338.87 | M56: =CFM!CJ78 -> 465443.25 | O56: =IF($C$9<H56,0,($C$9-H56)*($O$8*0.01)*30)/360 -> 0 | P56: =IF(E56="","",SUM($O$9:O56)) -> 1430
A57: =A56+1 -> 49 | B57: 41821 | C57: =H56 -> 25000 | D57: 12000 | E57: 8000 | F57: 2000.5 | G57: 4999.5 | H57: =IF(C57-D57+E57-F57-G57>$C$9,$C$9,C57-D57+E57-F57-G57) -> 14000 | I57: =CFM!I85 -> 464655.24 | K57: =CFM!O85 -> 453275.74 | M57: =CFM!CJ79 -> 464655.24 | O57: =IF($C$9<H57,0,($C$9-H57)*($O$8*0.01)*30)/360 -> 59.583333 | P57: =IF(E57="","",SUM($O$9:O57)) -> 1489.5833
A58: =A57+1 -> 50 | B58: 41852 | C58: =H57 -> 14000 | E58: 8000 | F58: 2000.5 | G58: 4999.5 | H58: =IF(C58-D58+E58-F58-G58>$C$9,$C$9,C58-D58+E58-F58-G58) -> 15000 | I58: =CFM!I86 -> 463864.27 | K58: =CFM!O86 -> 452212.61 | M58: =CFM!CJ80 -> 463864.27 | O58: =IF($C$9<H58,0,($C$9-H58)*($O$8*0.01)*30)/360 -> 54.166667 | P58: =IF(E58="","",SUM($O$9:O58)) -> 1543.75
A59: =A58+1 -> 51 | B59: 41883 | C59: =H58 -> 15000 | E59: 8000 | F59: 2000.5 | G59: 4999.5 | H59: =IF(C59-D59+E59-F59-G59>$C$9,$C$9,C59-D59+E59-F59-G59) -> 16000 | I59: =CFM!I87 -> 463070.33 | K59: =CFM!O87 -> 451149.48 | M59: =CFM!CJ81 -> 463070.33 | O59: =IF($C$9<H59,0,($C$9-H59)*($O$8*0.01)*30)/360 -> 48.75 | P59: =IF(E59="","",SUM($O$9:O59)) -> 1592.5
A60: =A59+1 -> 52 | B60: 41913 | C60: =H59 -> 16000 | E60: 8000 | F60: 2000.5 | G60: 4999.5 | H60: =IF(C60-D60+E60-F60-G60>$C$9,$C$9,C60-D60+E60-F60-G60) -> 17000 | I60: =CFM!I88 -> 462273.42 | K60: =CFM!O88 -> 450086.35 | M60: =CFM!CJ82 -> 462273.42 | O60: =IF($C$9<H60,0,($C$9-H60)*($O$8*0.01)*30)/360 -> 43.333333 | P60: =IF(E60="","",SUM($O$9:O60)) -> 1635.8333
A61: =A60+1 -> 53 | B61: 41944 | C61: =H60 -> 17000 | E61: 8000 | F61: 2000.5 | G61: 4999.5 | H61: =IF(C61-D61+E61-F61-G61>$C$9,$C$9,C61-D61+E61-F61-G61) -> 18000 | I61: =CFM!I89 -> 461473.52 | K61: =CFM!O89 -> 449023.23 | M61: =CFM!CJ83 -> 461473.52 | O61: =IF($C$9<H61,0,($C$9-H61)*($O$8*0.01)*30)/360 -> 37.916667 | P61: =IF(E61="","",SUM($O$9:O61)) -> 1673.75
A62: =A61+1 -> 54 | B62: 41974 | C62: =H61 -> 18000 | E62: 8000 | F62: 2000.5 | G62: 4999.5 | H62: =IF(C62-D62+E62-F62-G62>$C$9,$C$9,C62-D62+E62-F62-G62) -> 19000 | I62: =CFM!I90 -> 460670.62 | K62: =CFM!O90 -> 447960.1 | M62: =CFM!CJ84 -> 460670.62 | O62: =IF($C$9<H62,0,($C$9-H62)*($O$8*0.01)*30)/360 -> 32.5 | P62: =IF(E62="","",SUM($O$9:O62)) -> 1706.25
A63: =A62+1 -> 55 | B63: 42005 | C63: =H62 -> 19000 | E63: 8000 | F63: 2000.5 | G63: 4999.5 | H63: =IF(C63-D63+E63-F63-G63>$C$9,$C$9,C63-D63+E63-F63-G63) -> 20000 | I63: =CFM!I91 -> 459864.7 | K63: =CFM!O91 -> 446896.97 | M63: =CFM!CJ85 -> 459864.7 | O63: =IF($C$9<H63,0,($C$9-H63)*($O$8*0.01)*30)/360 -> 27.083333 | P63: =IF(E63="","",SUM($O$9:O63)) -> 1733.3333
A64: =A63+1 -> 56 | B64: 42036 | C64: =H63 -> 20000 | E64: 8000 | F64: 2000.5 | G64: 4999.5 | H64: =IF(C64-D64+E64-F64-G64>$C$9,$C$9,C64-D64+E64-F64-G64) -> 21000 | I64: =CFM!I92 -> 459055.77 | K64: =CFM!O92 -> 445833.84 | M64: =CFM!CJ86 -> 459055.77 | O64: =IF($C$9<H64,0,($C$9-H64)*($O$8*0.01)*30)/360 -> 21.666667 | P64: =IF(E64="","",SUM($O$9:O64)) -> 1755
A65: =A64+1 -> 57 | B65: 42064 | C65: =H64 -> 21000 | E65: 8000 | F65: 2000.5 | G65: 4999.5 | H65: =IF(C65-D65+E65-F65-G65>$C$9,$C$9,C65-D65+E65-F65-G65) -> 22000 | I65: =CFM!I93 -> 458243.8 | K65: =CFM!O93 -> 444770.71 | M65: =CFM!CJ87 -> 458243.8 | O65: =IF($C$9<H65,0,($C$9-H65)*($O$8*0.01)*30)/360 -> 16.25 | P65: =IF(E65="","",SUM($O$9:O65)) -> 1771.25
A66: =A65+1 -> 58 | B66: 42095 | C66: =H65 -> 22000 | E66: 8000 | F66: 2000.5 | G66: 4999.5 | H66: =IF(C66-D66+E66-F66-G66>$C$9,$C$9,C66-D66+E66-F66-G66) -> 23000 | I66: =CFM!I94 -> 457428.79 | K66: =CFM!O94 -> 443707.58 | M66: =CFM!CJ88 -> 457428.79 | O66: =IF($C$9<H66,0,($C$9-H66)*($O$8*0.01)*30)/360 -> 10.833333 | P66: =IF(E66="","",SUM($O$9:O66)) -> 1782.0833
A67: =A66+1 -> 59 | B67: 42125 | C67: =H66 -> 23000 | E67: 8000 | F67: 2000.5 | G67: 4999.5 | H67: =IF(C67-D67+E67-F67-G67>$C$9,$C$9,C67-D67+E67-F67-G67) -> 24000 | I67: =CFM!I95 -> 456610.72 | K67: =CFM!O95 -> 442644.45 | M67: =CFM!CJ89 -> 456610.72 | O67: =IF($C$9<H67,0,($C$9-H67)*($O$8*0.01)*30)/360 -> 5.4166667 | P67: =IF(E67="","",SUM($O$9:O67)) -> 1787.5
A68: =A67+1 -> 60 | B68: 42156 | C68: =H67 -> 24000 | E68: 8000 | F68: 2000.5 | G68: 4999.5 | H68: =IF(C68-D68+E68-F68-G68>$C$9,$C$9,C68-D68+E68-F68-G68) -> 25000 | I68: =CFM!I96 -> 455789.59 | K68: =CFM!O96 -> 441581.32 | M68: =CFM!CJ90 -> 455789.59 | O68: =IF($C$9<H68,0,($C$9-H68)*($O$8*0.01)*30)/360 -> 0 | P68: =IF(E68="","",SUM($O$9:O68)) -> 1787.5
A69: =A68+1 -> 61 | B69: 42186 | C69: =H68 -> 25000 | D69: 12000 | E69: 8000 | F69: 2000.5 | G69: 4999.5 | H69: =IF(C69-D69+E69-F69-G69>$C$9,$C$9,C69-D69+E69-F69-G69) -> 14000 | I69: =CFM!I97 -> 454965.37 | K69: =CFM!O97 -> 440469.29 | M69: =CFM!CJ91 -> 454965.37 | O69: =IF($C$9<H69,0,($C$9-H69)*($O$8*0.01)*30)/360 -> 59.583333 | P69: =IF(E69="","",SUM($O$9:O69)) -> 1847.0833
A70: =A69+1 -> 62 | B70: 42217 | C70: =H69 -> 14000 | E70: 8000 | F70: 2000.5 | G70: 4999.5 | H70: =IF(C70-D70+E70-F70-G70>$C$9,$C$9,C70-D70+E70-F70-G70) -> 15000 | I70: =CFM!I98 -> 454138.06 | K70: =CFM!O98 -> 439357.26 | M70: =CFM!CJ92 -> 454138.06 | O70: =IF($C$9<H70,0,($C$9-H70)*($O$8*0.01)*30)/360 -> 54.166667 | P70: =IF(E70="","",SUM($O$9:O70)) -> 1901.25
A71: =A70+1 -> 63 | B71: 42248 | C71: =H70 -> 15000 | E71: 8000 | F71: 2000.5 | G71: 4999.5 | H71: =IF(C71-D71+E71-F71-G71>$C$9,$C$9,C71-D71+E71-F71-G71) -> 16000 | I71: =CFM!I99 -> 453307.65 | K71: =CFM!O99 -> 438245.22 | M71: =CFM!CJ93 -> 453307.65 | O71: =IF($C$9<H71,0,($C$9-H71)*($O$8*0.01)*30)/360 -> 48.75 | P71: =IF(E71="","",SUM($O$9:O71)) -> 1950
A72: =A71+1 -> 64 | B72: 42278 | C72: =H71 -> 16000 | E72: 8000 | F72: 2000.5 | G72: 4999.5 | H72: =IF(C72-D72+E72-F72-G72>$C$9,$C$9,C72-D72+E72-F72-G72) -> 17000 | I72: =CFM!I100 -> 452474.13 | K72: =CFM!O100 -> 437133.19 | M72: =CFM!CJ94 -> 452474.13 | O72: =IF($C$9<H72,0,($C$9-H72)*($O$8*0.01)*30)/360 -> 43.333333 | P72: =IF(E72="","",SUM($O$9:O72)) -> 1993.3333
A73: =A72+1 -> 65 | B73: 42309 | C73: =H72 -> 17000 | E73: 8000 | F73: 2000.5 | G73: 4999.5 | H73: =IF(C73-D73+E73-F73-G73>$C$9,$C$9,C73-D73+E73-F73-G73) -> 18000 | I73: =CFM!I101 -> 451637.48 | K73: =CFM!O101 -> 436021.16 | M73: =CFM!CJ95 -> 451637.48 | O73: =IF($C$9<H73,0,($C$9-H73)*($O$8*0.01)*30)/360 -> 37.916667 | P73: =IF(E73="","",SUM($O$9:O73)) -> 2031.25
A74: =A73+1 -> 66 | B74: 42339 | C74: =H73 -> 18000 | E74: 8000 | F74: 2000.5 | G74: 4999.5 | H74: =IF(C74-D74+E74-F74-G74>$C$9,$C$9,C74-D74+E74-F74-G74) -> 19000 | I74: =CFM!I102 -> 450797.7 | K74: =CFM!O102 -> 434909.12 | M74: =CFM!CJ96 -> 450797.7 | O74: =IF($C$9<H74,0,($C$9-H74)*($O$8*0.01)*30)/360 -> 32.5 | P74: =IF(E74="","",SUM($O$9:O74)) -> 2063.75
A75: =A74+1 -> 67 | B75: 42370 | C75: =H74 -> 19000 | E75: 8000 | F75: 2000.5 | G75: 4999.5 | H75: =IF(C75-D75+E75-F75-G75>$C$9,$C$9,C75-D75+E75-F75-G75) -> 20000 | I75: =CFM!I103 -> 449954.76 | K75: =CFM!O103 -> 433797.09 | M75: =CFM!CJ97 -> 449954.76 | O75: =IF($C$9<H75,0,($C$9-H75)*($O$8*0.01)*30)/360 -> 27.083333 | P75: =IF(E75="","",SUM($O$9:O75)) -> 2090.8333
A76: =A75+1 -> 68 | B76: 42401 | C76: =H75 -> 20000 | E76: 8000 | F76: 2000.5 | G76: 4999.5 | H76: =IF(C76-D76+E76-F76-G76>$C$9,$C$9,C76-D76+E76-F76-G76) -> 21000 | I76: =CFM!I104 -> 449108.67 | K76: =CFM!O104 -> 432685.06 | M76: =CFM!CJ98 -> 449108.67 | O76: =IF($C$9<H76,0,($C$9-H76)*($O$8*0.01)*30)/360 -> 21.666667 | P76: =IF(E76="","",SUM($O$9:O76)) -> 2112.5
A77: =A76+1 -> 69 | B77: 42430 | C77: =H76 -> 21000 | E77: 8000 | F77: 2000.5 | G77: 4999.5 | H77: =IF(C77-D77+E77-F77-G77>$C$9,$C$9,C77-D77+E77-F77-G77) -> 22000 | I77: =CFM!I105 -> 448259.4 | K77: =CFM!O105 -> 431573.02 | M77: =CFM!CJ99 -> 448259.4 | O77: =IF($C$9<H77,0,($C$9-H77)*($O$8*0.01)*30)/360 -> 16.25 | P77: =IF(E77="","",SUM($O$9:O77)) -> 2128.75
A78: =A77+1 -> 70 | B78: 42461 | C78: =H77 -> 22000 | E78: 8000 | F78: 2000.5 | G78: 4999.5 | H78: =IF(C78-D78+E78-F78-G78>$C$9,$C$9,C78-D78+E78-F78-G78) -> 23000 | I78: =CFM!I106 -> 447406.94 | K78: =CFM!O106 -> 430460.99 | M78: =CFM!CJ100 -> 447406.94 | O78: =IF($C$9<H78,0,($C$9-H78)*($O$8*0.01)*30)/360 -> 10.833333 | P78: =IF(E78="","",SUM($O$9:O78)) -> 2139.5833
A79: =A78+1 -> 71 | B79: 42491 | C79: =H78 -> 23000 | E79: 8000 | F79: 2000.5 | G79: 4999.5 | H79: =IF(C79-D79+E79-F79-G79>$C$9,$C$9,C79-D79+E79-F79-G79) -> 24000 | I79: =CFM!I107 -> 446551.29 | K79: =CFM!O107 -> 429348.96 | M79: =CFM!CJ101 -> 446551.29 | O79: =IF($C$9<H79,0,($C$9-H79)*($O$8*0.01)*30)/360 -> 5.4166667 | P79: =IF(E79="","",SUM($O$9:O79)) -> 2145
A80: =A79+1 -> 72 | B80: 42522 | C80: =H79 -> 24000 | E80: 8000 | F80: 2000.5 | G80: 4999.5 | H80: =IF(C80-D80+E80-F80-G80>$C$9,$C$9,C80-D80+E80-F80-G80) -> 25000 | I80: =CFM!I108 -> 445692.43 | K80: =CFM!O108 -> 428236.92 | M80: =CFM!CJ102 -> 445692.43 | O80: =IF($C$9<H80,0,($C$9-H80)*($O$8*0.01)*30)/360 -> 0 | P80: =IF(E80="","",SUM($O$9:O80)) -> 2145
A81: =A80+1 -> 73 | B81: 42552 | C81: =H80 -> 25000 | D81: 12000 | E81: 8000 | F81: 2000.5 | G81: 4999.5 | H81: =IF(C81-D81+E81-F81-G81>$C$9,$C$9,C81-D81+E81-F81-G81) -> 14000 | I81: =CFM!I109 -> 444830.35 | K81: =CFM!O109 -> 427073.74 | M81: =CFM!CJ103 -> 444830.35 | O81: =IF($C$9<H81,0,($C$9-H81)*($O$8*0.01)*30)/360 -> 59.583333 | P81: =IF(E81="","",SUM($O$9:O81)) -> 2204.5833
A82: =A81+1 -> 74 | B82: 42583 | C82: =H81 -> 14000 | E82: 8000 | F82: 2000.5 | G82: 4999.5 | H82: =IF(C82-D82+E82-F82-G82>$C$9,$C$9,C82-D82+E82-F82-G82) -> 15000 | I82: =CFM!I110 -> 443965.04 | K82: =CFM!O110 -> 425910.55 | M82: =CFM!CJ104 -> 443965.04 | O82: =IF($C$9<H82,0,($C$9-H82)*($O$8*0.01)*30)/360 -> 54.166667 | P82: =IF(E82="","",SUM($O$9:O82)) -> 2258.75
A83: =A82+1 -> 75 | B83: 42614 | C83: =H82 -> 15000 | E83: 8000 | F83: 2000.5 | G83: 4999.5 | H83: =IF(C83-D83+E83-F83-G83>$C$9,$C$9,C83-D83+E83-F83-G83) -> 16000 | I83: =CFM!I111 -> 443096.48 | K83: =CFM!O111 -> 424747.36 | M83: =CFM!CJ105 -> 443096.48 | O83: =IF($C$9<H83,0,($C$9-H83)*($O$8*0.01)*30)/360 -> 48.75 | P83: =IF(E83="","",SUM($O$9:O83)) -> 2307.5
A84: =A83+1 -> 76 | B84: 42644 | C84: =H83 -> 16000 | E84: 8000 | F84: 2000.5 | G84: 4999.5 | H84: =IF(C84-D84+E84-F84-G84>$C$9,$C$9,C84-D84+E84-F84-G84) -> 17000 | I84: =CFM!I112 -> 442224.67 | K84: =CFM!O112 -> 423584.17 | M84: =CFM!CJ106 -> 442224.67 | O84: =IF($C$9<H84,0,($C$9-H84)*($O$8*0.01)*30)/360 -> 43.333333 | P84: =IF(E84="","",SUM($O$9:O84)) -> 2350.8333
A85: =A84+1 -> 77 | B85: 42675 | C85: =H84 -> 17000 | E85: 8000 | F85: 2000.5 | G85: 4999.5 | H85: =IF(C85-D85+E85-F85-G85>$C$9,$C$9,C85-D85+E85-F85-G85) -> 18000 | I85: =CFM!I113 -> 441349.58 | K85: =CFM!O113 -> 422420.99 | M85: =CFM!CJ107 -> 441349.58 | O85: =IF($C$9<H85,0,($C$9-H85)*($O$8*0.01)*30)/360 -> 37.916667 | P85: =IF(E85="","",SUM($O$9:O85)) -> 2388.75
A86: =A85+1 -> 78 | B86: 42705 | C86: =H85 -> 18000 | E86: 8000 | F86: 2000.5 | G86: 4999.5 | H86: =IF(C86-D86+E86-F86-G86>$C$9,$C$9,C86-D86+E86-F86-G86) -> 19000 | I86: =CFM!I114 -> 440471.22 | K86: =CFM!O114 -> 421257.8 | M86: =CFM!CJ108 -> 440471.22 | O86: =IF($C$9<H86,0,($C$9-H86)*($O$8*0.01)*30)/360 -> 32.5 | P86: =IF(E86="","",SUM($O$9:O86)) -> 2421.25
A87: =A86+1 -> 79 | B87: 42736 | C87: =H86 -> 19000 | E87: 8000 | F87: 2000.5 | G87: 4999.5 | H87: =IF(C87-D87+E87-F87-G87>$C$9,$C$9,C87-D87+E87-F87-G87) -> 20000 | I87: =CFM!I115 -> 439589.56 | K87: =CFM!O115 -> 420094.61 | M87: =CFM!CJ109 -> 439589.56 | O87: =IF($C$9<H87,0,($C$9-H87)*($O$8*0.01)*30)/360 -> 27.083333 | P87: =IF(E87="","",SUM($O$9:O87)) -> 2448.3333
A88: =A87+1 -> 80 | B88: 42767 | C88: =H87 -> 20000 | E88: 8000 | F88: 2000.5 | G88: 4999.5 | H88: =IF(C88-D88+E88-F88-G88>$C$9,$C$9,C88-D88+E88-F88-G88) -> 21000 | I88: =CFM!I116 -> 438704.59 | K88: =CFM!O116 -> 418931.43 | M88: =CFM!CJ110 -> 438704.59 | O88: =IF($C$9<H88,0,($C$9-H88)*($O$8*0.01)*30)/360 -> 21.666667 | P88: =IF(E88="","",SUM($O$9:O88)) -> 2470
A89: =A88+1 -> 81 | B89: 42795 | C89: =H88 -> 21000 | E89: 8000 | F89: 2000.5 | G89: 4999.5 | H89: =IF(C89-D89+E89-F89-G89>$C$9,$C$9,C89-D89+E89-F89-G89) -> 22000 | I89: =CFM!I117 -> 437816.31 | K89: =CFM!O117 -> 417768.24 | M89: =CFM!CJ111 -> 437816.31 | O89: =IF($C$9<H89,0,($C$9-H89)*($O$8*0.01)*30)/360 -> 16.25 | P89: =IF(E89="","",SUM($O$9:O89)) -> 2486.25
A90: =A89+1 -> 82 | B90: 42826 | C90: =H89 -> 22000 | E90: 8000 | F90: 2000.5 | G90: 4999.5 | H90: =IF(C90-D90+E90-F90-G90>$C$9,$C$9,C90-D90+E90-F90-G90) -> 23000 | I90: =CFM!I118 -> 436924.69 | K90: =CFM!O118 -> 416605.05 | M90: =CFM!CJ112 -> 436924.69 | O90: =IF($C$9<H90,0,($C$9-H90)*($O$8*0.01)*30)/360 -> 10.833333 | P90: =IF(E90="","",SUM($O$9:O90)) -> 2497.0833
A91: =A90+1 -> 83 | B91: 42856 | C91: =H90 -> 23000 | E91: 8000 | F91: 2000.5 | G91: 4999.5 | H91: =IF(C91-D91+E91-F91-G91>$C$9,$C$9,C91-D91+E91-F91-G91) -> 24000 | I91: =CFM!I119 -> 436029.74 | K91: =CFM!O119 -> 415441.86 | M91: =CFM!CJ113 -> 436029.74 | O91: =IF($C$9<H91,0,($C$9-H91)*($O$8*0.01)*30)/360 -> 5.4166667 | P91: =IF(E91="","",SUM($O$9:O91)) -> 2502.5
A92: =A91+1 -> 84 | B92: 42887 | C92: =H91 -> 24000 | E92: 8000 | F92: 2000.5 | G92: 4999.5 | H92: =IF(C92-D92+E92-F92-G92>$C$9,$C$9,C92-D92+E92-F92-G92) -> 25000 | I92: =CFM!I120 -> 435131.42 | K92: =CFM!O120 -> 414278.68 | M92: =CFM!CJ114 -> 435131.42 | O92: =IF($C$9<H92,0,($C$9-H92)*($O$8*0.01)*30)/360 -> 0 | P92: =IF(E92="","",SUM($O$9:O92)) -> 2502.5
A93: =A92+1 -> 85 | B93: 42917 | C93: =H92 -> 25000 | D93: 12000 | E93: 8000 | F93: 2000.5 | G93: 4999.5 | H93: =IF(C93-D93+E93-F93-G93>$C$9,$C$9,C93-D93+E93-F93-G93) -> 14000 | I93: =CFM!I121 -> 434229.74 | K93: =CFM!O121 -> 413061.98 | M93: =CFM!CJ115 -> 434229.74 | O93: =IF($C$9<H93,0,($C$9-H93)*($O$8*0.01)*30)/360 -> 59.583333 | P93: =IF(E93="","",SUM($O$9:O93)) -> 2562.0833
A94: =A93+1 -> 86 | B94: 42948 | C94: =H93 -> 14000 | E94: 8000 | F94: 2000.5 | G94: 4999.5 | H94: =IF(C94-D94+E94-F94-G94>$C$9,$C$9,C94-D94+E94-F94-G94) -> 15000 | I94: =CFM!I122 -> 433324.67 | K94: =CFM!O122 -> 411845.29 | M94: =CFM!CJ116 -> 433324.67 | O94: =IF($C$9<H94,0,($C$9-H94)*($O$8*0.01)*30)/360 -> 54.166667 | P94: =IF(E94="","",SUM($O$9:O94)) -> 2616.25
A95: =A94+1 -> 87 | B95: 42979 | C95: =H94 -> 15000 | E95: 8000 | F95: 2000.5 | G95: 4999.5 | H95: =IF(C95-D95+E95-F95-G95>$C$9,$C$9,C95-D95+E95-F95-G95) -> 16000 | I95: =CFM!I123 -> 432416.21 | K95: =CFM!O123 -> 410628.6 | M95: =CFM!CJ117 -> 432416.21 | O95: =IF($C$9<H95,0,($C$9-H95)*($O$8*0.01)*30)/360 -> 48.75 | P95: =IF(E95="","",SUM($O$9:O95)) -> 2665
A96: =A95+1 -> 88 | B96: 43009 | C96: =H95 -> 16000 | E96: 8000 | F96: 2000.5 | G96: 4999.5 | H96: =IF(C96-D96+E96-F96-G96>$C$9,$C$9,C96-D96+E96-F96-G96) -> 17000 | I96: =CFM!I124 -> 431504.35 | K96: =CFM!O124 -> 409411.9 | M96: =CFM!CJ118 -> 431504.35 | O96: =IF($C$9<H96,0,($C$9-H96)*($O$8*0.01)*30)/360 -> 43.333333 | P96: =IF(E96="","",SUM($O$9:O96)) -> 2708.3333
A97: =A96+1 -> 89 | B97: 43040 | C97: =H96 -> 17000 | E97: 8000 | F97: 2000.5 | G97: 4999.5 | H97: =IF(C97-D97+E97-F97-G97>$C$9,$C$9,C97-D97+E97-F97-G97) -> 18000 | I97: =CFM!I125 -> 430589.06 | K97: =CFM!O125 -> 408195.21 | M97: =CFM!CJ119 -> 430589.06 | O97: =IF($C$9<H97,0,($C$9-H97)*($O$8*0.01)*30)/360 -> 37.916667 | P97: =IF(E97="","",SUM($O$9:O97)) -> 2746.25
A98: =A97+1 -> 90 | B98: 43070 | C98: =H97 -> 18000 | E98: 8000 | F98: 2000.5 | G98: 4999.5 | H98: =IF(C98-D98+E98-F98-G98>$C$9,$C$9,C98-D98+E98-F98-G98) -> 19000 | I98: =CFM!I126 -> 429670.34 | K98: =CFM!O126 -> 406978.51 | M98: =CFM!CJ120 -> 429670.34 | O98: =IF($C$9<H98,0,($C$9-H98)*($O$8*0.01)*30)/360 -> 32.5 | P98: =IF(E98="","",SUM($O$9:O98)) -> 2778.75
A99: =A98+1 -> 91 | B99: 43101 | C99: =H98 -> 19000 | E99: 8000 | F99: 2000.5 | G99: 4999.5 | H99: =IF(C99-D99+E99-F99-G99>$C$9,$C$9,C99-D99+E99-F99-G99) -> 20000 | I99: =CFM!I127 -> 428748.18 | K99: =CFM!O127 -> 405761.82 | M99: =CFM!CJ121 -> 428748.18 | O99: =IF($C$9<H99,0,($C$9-H99)*($O$8*0.01)*30)/360 -> 27.083333 | P99: =IF(E99="","",SUM($O$9:O99)) -> 2805.8333
A100: =A99+1 -> 92 | B100: 43132 | C100: =H99 -> 20000 | E100: 8000 | F100: 2000.5 | G100: 4999.5 | H100: =IF(C100-D100+E100-F100-G100>$C$9,$C$9,C100-D100+E100-F100-G100) -> 21000 | I100: =CFM!I128 -> 427822.56 | K100: =CFM!O128 -> 404545.13 | M100: =CFM!CJ122 -> 427822.56 | O100: =IF($C$9<H100,0,($C$9-H100)*($O$8*0.01)*30)/360 -> 21.666667 | P100: =IF(E100="","",SUM($O$9:O100)) -> 2827.5
A101: =A100+1 -> 93 | B101: 43160 | C101: =H100 -> 21000 | E101: 8000 | F101: 2000.5 | G101: 4999.5 | H101: =IF(C101-D101+E101-F101-G101>$C$9,$C$9,C101-D101+E101-F101-G101) -> 22000 | I101: =CFM!I129 -> 426893.47 | K101: =CFM!O129 -> 403328.43 | M101: =CFM!CJ123 -> 426893.47 | O101: =IF($C$9<H101,0,($C$9-H101)*($O$8*0.01)*30)/360 -> 16.25 | P101: =IF(E101="","",SUM($O$9:O101)) -> 2843.75
A102: =A101+1 -> 94 | B102: 43191 | C102: =H101 -> 22000 | E102: 8000 | F102: 2000.5 | G102: 4999.5 | H102: =IF(C102-D102+E102-F102-G102>$C$9,$C$9,C102-D102+E102-F102-G102) -> 23000 | I102: =CFM!I130 -> 425960.89 | K102: =CFM!O130 -> 402111.74 | M102: =CFM!CJ124 -> 425960.89 | O102: =IF($C$9<H102,0,($C$9-H102)*($O$8*0.01)*30)/360 -> 10.833333 | P102: =IF(E102="","",SUM($O$9:O102)) -> 2854.5833
...
